Workbook

Sheet Итого по видам(с учет нераспр.)
A1: Сведения о предоставлении из бюджета Саратовской области межбюджетных трансфертов местным бюджетам
A2: за 9 месяцев 2021 года
F3: тыс. рублей
A4: № п/п | B4: Наименование | C4: Код бюджетной классификации | D4: Утвержденные бюджетные назначения* | E4: Исполнение | F4: % исполнения
A6: 1 | B6: 2 | C6: 3 | D6: 4 | E6: 5 | F6: 6
A7: 1. | B7: Дотация - всего | D7: =SUM(D8:D12) -> 4333684.1 | E7: =SUM(E8:E12) -> 3317956.5 | F7: =E7/D7*100 -> 76.56203
A8: 1.1. | B8: Дотация бюджетам городских округов области, связанные с особым режимом безопасного функционирования закрытых административно-территориальных образований | C8: 000 1402 6640150100 512 | D8: =Дотации!E52 -> 41928 | E8: =Дотации!F52 -> 31446 | F8: =E8/D8*100 -> 75
A9: 1.2. | B9: Дотация на выравнивание бюджетной обеспеченности муниципальных районов (городских округов) области | C9: 000 1401 6640170200 511 | D9: =Дотации!H52 -> 3430574.3 | E9: =Дотации!I52 -> 2519117.6 | F9: =E9/D9*100 -> 73.431367
A10: 1.3. | B10: Дотация на поддержку мер по обеспечению сбалансированности бюджетов | C10: 000 1402 6640170300 512 | D10: =Дотации!K52 -> 382237.9 | E10: =Дотации!L52 -> 314220.8 | F10: =E10/D10*100 -> 82.205558
A11: 1.4. | B11: Дотации бюджетам муниципальных районов области на обеспечение финансовой устойчивости местных бюджетов в условиях нестабильной ситуации, связанной с пандемией новой коронавирусной инфекции | C11: 000 1402 664017080К 512 | D11: =Дотации!N52 -> 375856.86 | E11: =Дотации!O52 -> 375856.86 | F11: =E11/D11*100 -> 100
A12: 1.5. | B12: Дотации бюджетам муниципальных районов и городских округов области на компенсацию дополнительных расходов на повышение оплаты труда некоторых категорий работников муниципальных учреждений в связи с увеличением минимального размера оплаты труда с 1 января 2021 года | C12: 000 1402 6640170700 512 | D12: =Дотации!Q52 -> 103087 | E12: =Дотации!R52 -> 77315.25 | F12: =E12/D12*100 -> 75
A13: 2. | B13: Субсидии - всего | D13: =SUM(D14:D55) -> 11997923 | E13: =SUM(E14:E55) -> 5887104.9 | F13: =E13/D13*100 -> 49.067702
A14: 2.1. | B14: Субсидия бюджетам муниципальных районов области на создание в общеобразователь-ных организациях, расположенных в сельской местности и малых городах, условий для занятий физической культурой и спортом | C14: 000 0702 5A2E250970 521 | D14: =Субсидии!E400 -> 16624.9 | E14: =Субсидии!F400 -> 15217.769 | F14: =E14/D14*100 -> 91.536003
A15: 2.2. | B15: Субсидия бюджетам муниципальных районов и городских округов области на создание новых мест в общеобразовательных организациях | C15: 000 0702 5A2E155200 523 | D15: =Субсидии!H400 -> 366156.7 | E15: =Субсидии!I400 -> 110657.75 | F15: =E15/D15*100 -> 30.221418
A16: 2.3. | B16: Субсидия бюджетам муниципальных районов и городских округов области на обеспечение жильем молодых семей | C16: 000 1004 5E301R4970 521 | D16: =Субсидии!K400 -> 62391.5 | E16: =Субсидии!L400 -> 61414.83 | F16: =E16/D16*100 -> 98.43461
A17: 2.4. | B17: Субсидия бюджетам городских округов и поселений области на реализацию регионального проекта (программы) в целях выполнения задач федерального проекта «Жилье» (Стимулирование программ развития жилищного строительства) | C17: 000 1403 5E1F150210 523 | D17: =Субсидии!N400 -> 86883.7 | E17: =Субсидии!O400 -> 14709.041 | F17: =E17/D17*100 -> 16.929575
A18: 2.5. | B18: Субсидия бюджетам муниципальных районов и поселений области на поддержку творческой деятельности и укрепление материально-технической базы муниципальных театров в населенных пунктах с численностью населения до 300 тысяч человек | C18: 000 0801 55206R4660 521 | D18: =Субсидии!Q400 -> 10058.4 | E18: =Субсидии!R400 -> 10058.4 | F18: =E18/D18*100 -> 100
A19: 2.6. | B19: Субсидия бюджетам муниципальных районов и поселений области на обеспечение развития и укрепления материально-технической базы домов культуры в населенных пунктах с числом жителей до 50 тысяч человек | C19: 000 0801 55A12R4670 521 | D19: =Субсидии!T400 -> 40836.1 | E19: =Субсидии!U400 -> 37058.122 | F19: =E19/D19*100 -> 90.748437
A20: 2.7. | B20: Субсидия бюджетам муниципальных районов и поселений области на поддержку отрасли культуры на государственную поддержку лучших сельских учреждений культуры | C20: 000 0703 55БA255192 523 000 0801 55БA255192 523 | D20: =Субсидии!W400 -> 2346.9389 | E20: =Субсидии!X400 -> 2346.939 | F20: =E20/D20*100 -> 100.00001
A21: 2.8. | B21: Субсидия бюджетам муниципальных районов и поселений области на поддержку отрасли культуры на государственную поддержку лучших работников сельских учреждений культуры | C21: 000 0801 55БA255194 523 | D21: =Субсидии!Z400 -> 867.347 | E21: =Субсидии!AA400 -> 867.347 | F21: =E21/D21*100 -> 100
A22: 2.9. | B22: Субсидия бюджетам муниципальных районов области на обеспечение деятельности муниципальных бизнес-инкубаторов | C22: 000 0412 5830171100 521 | D22: =Субсидии!AC400 -> 5300 | E22: =Субсидии!AD400 -> 3975 | F22: =E22/D22*100 -> 75
A23: 2.10. | B23: Субсидия бюджетам городских округов, городских и сельских поселений области на реализацию инициативных проектов 4* | C23: 000 0113 6640572100 523 | D23: =Субсидии!AF400 -> 120000 | E23: =Субсидии!AG400 -> 33558.042 | F23: =E23/D23*100 -> 27.965035
A24: 2.11. | B24: Субсидия бюджетам городских округов и поселений области на поддержку муниципальных программ формирования современной городской среды | C24: 000 0503 691F255550 523 | D24: =Субсидии!AI400 -> 707405 | E24: =Субсидии!AJ400 -> 472361.19 | F24: =E24/D24*100 -> 66.773798
A25: 2.12. | B25: Субсидия бюджетам муниципальных районов и городских округов области на обеспечение сохранения достигнутых показателей повышения оплаты труда отдельных категорий работников бюджетной сферы на обеспечение сохранения достигнутых показателей повышения оплаты труда отдельных категорий работников бюджетной сферы | C25: 000 1403 6640172500 521 | D25: =Субсидии!AL400 -> 1052020.6 | E25: =Субсидии!AM400 -> 648426.75 | F25: =E25/D25*100 -> 61.636317
A26: 2.13. | B26: Субсидия бюджетам муниципальных районов и городских округов области на обеспечение сохранения достигнутых показателей повышения оплаты труда отдельных категорий работников бюджетной сферы на повышение оплаты труда отдельным категориям работников бюджетной сферы | C26: 000 1403 664017251Д 521 | D26: =Субсидии!AO400 -> 157762.5 | E26: =Субсидии!AP400 -> 18250.897 | F26: =E26/D26*100 -> 11.56859
A27: 2.14. | B27: Субсидия бюджетам муниципальных районов и городских округов области на создание дополнительных мест для детей в возрасте от 1,5 до 3 лет в образовательных организациях, осуществляющих образовательную деятельность по образовательным программам дошкольного образования | C27: 000 0701 5A1P252320 523 | D27: =Субсидии!AR400 -> 1014156.1 | E27: =Субсидии!AS400 -> 415338.16 | F27: =E27/D27*100 -> 40.954066
A28: 2.15. | B28: Субсидия бюджетам муниципальных районов области на государственную поддержку отрасли культуры (создание и модернизация учреждений культурно-досугового типа в сельской местности) 3* | C28: 000 0801 55AA155197 523 | D28: =Субсидии!AU400 -> 30468 | E28: =Субсидии!AV400 -> 22793.342 | F28: =E28/D28*100 -> 74.81076
A29: 2.16. | B29: Субсидия бюджетам муниципальных районов, городских округов и поселений области на обеспечение мероприятий по переселению граждан из аварийного жилищного фонда, в том числе переселению граждан из аварийного жилищного фонда с учетом необходимости развития малоэтажного жилищного строительства (за счет средств Фонда содействия реформированию жилищно-коммунального хозяйства) | C29: 000 0501 5EAF367483 523 | D29: =Субсидии!AX400 -> 3586080.6 | E29: =Субсидии!AY400 -> 2190685.8 | F29: =E29/D29*100 -> 61.088584
A30: 2.17. | B30: Субсидия бюджетам муниципальных районов, городских округов и поселений области на обеспечение мероприятий по переселению граждан из аварийного жилищного фонда, в том числе переселению граждан из аварийного жилищного фонда с учетом необходимости развития малоэтажного жилищного строительства (за счет средств областного бюджета) | C30: 000 0501 5EAF367484 523 | D30: =Субсидии!BA400 -> 74963.5 | E30: =Субсидии!BB400 -> 46376.149 | F30: =E30/D30*100 -> 61.864972
A31: 2.18. | B31: Субсидия бюджетам муниципальных районов и городских округов области на обеспечение условий для создания центров образования цифрового и гуманитарного профиле | C31: 000 0702 5A2E1U1130 521 | D31: =Субсидии!BD400 -> 181511.6 | E31: =Субсидии!BE400 -> 90841.585 | F31: =E31/D31*100 -> 50.047262
A32: 2.19. | B32: Субсидия бюджетам городских округов и поселений области на реализацию мероприятий по строительству и реконструкции (модернизации) объектов питьевого водоснабжения | C32: 000 0502 5E8F552430 522 | D32: =Субсидии!BG400 -> 427354.35 | E32: =Субсидии!BH400 -> 144815.86 | F32: =E32/D32*100 -> 33.8866
A33: 2.20. | B33: Субсидия бюджетам поселений области на реализацию мероприятий по сокращению доли загрязненных сточных вод | C33: 000 0602 5E8G650130 522 | D33: =Субсидии!BJ400 -> 34078.7 | E33: =Субсидии!BK400 -> 4872.8672 | F33: =E33/D33*100 -> 14.298865
A34: 2.21. | B34: Субсидия бюджетам городских округов и поселений области на обустройство и восстановление воинских захоронений, находящихся в государственной (муниципальной) собственности | C34: 000 0503 66105R2990 521 | D34: =Субсидии!BM400 -> 16769.4 | E34: =Субсидии!BN400 -> 16769.399 | F34: =E34/D34*100 -> 99.999995
A35: 2.22. | B35: Субсидия бюджетам городских округов области на осуществление дорожной деятельности в отношении автомобильных дорог общего пользования местного значения Саратовской агломерации в границах городских округов области в рамках достижения соответствующих задач национального проекта «Безопасные и качественные автомобильные дороги» за счет средств областного дорожного фонда | C35: 000 0409 5Ж2R1U7190 521 | D35: =Субсидии!BP400 -> 592800 | E35: =Субсидии!BQ400 -> 189486.16 | F35: =E35/D35*100 -> 31.964602
A36: 2.23. | B36: Субсидия бюджетам муниципальных районов и поселений области на развитие инженерной инфраструктуры на сельских территориях (развитие водоснабжения (локальные водопроводы) на сельских территориях) | C36: 000 0502 70301R5765 522 | D36: =Субсидии!BS400 -> 74577.7 | E36: =Субсидии!BT400 -> 57264.217 | F36: =E36/D36*100 -> 76.784638
A37: 2.24. | B37: Субсидия бюджетам поселений области на обустройство объектами инженерной инфраструктуры и благоустройство площадок, расположенных на сельских территориях, под компактную жилищную застройку | C37: 000 0505 70101R5762 522 | D37: =Субсидии!BV400 -> 65541.5 | E37: =Субсидии!BW400 -> 21586.495 | F37: =E37/D37*100 -> 32.935613
A38: 2.25. | B38: Субсидия бюджетам муниципальных районов области на реализацию мероприятий по благоустройству сельских территорий 2* | C38: 000 0503 70302R5766 521 | D38: =Субсидии!BY400 -> 24694.1 | E38: =Субсидии!BZ400 -> 21024.681 | F38: =E38/D38*100 -> 85.140504
A39: 2.26. | B39: Субсидия бюджетам муниципальных районов области на благоустройство зданий муниципальных общеобразовательных организаций в целях соблюдения требований к воздушно-тепловому режиму, водоснабжению и канализации | C39: 000 0702 5A220R2550 521 | D39: =Субсидии!CB400 -> 85511.9 | E39: =Субсидии!CC400 -> 43257.987 | F39: =E39/D39*100 -> 50.587096
A40: 2.27. | B40: Субсидия бюджетам муниципальных районов и городских округов области на обеспечение условий для внедрения цифровой образовательной среды в общеобразовательных организациях | C40: 000 0702 5A8E4U1330 521 | D40: =Субсидии!CE400 -> 16585 | E40: =Субсидии!CF400 -> 0 | F40: =E40/D40*100 -> 0
A41: 2.28. | B41: Субсидия бюджетам муниципальных районов и городских округов области на обеспечение образовательных организаций материально-технической базой для внедрения цифровой образовательной среды | C41: 000 0702 5A8E452100 521 | D41: =Субсидии!CH400 -> 250017 | E41: =Субсидии!CI400 -> 146684.34 | F41: =E41/D41*100 -> 58.669746
A42: 2.29. | B42: Субсидия бюджетам муниципальных районов и городских округов области на модернизацию (капитальный ремонт, реконструкция) муниципальных детских школ искусств по видам искусств | C42: 000 0703 55AA155195 523 | D42: =Субсидии!CK400 -> 39582 | E42: =Субсидии!CL400 -> 25832.873 | F42: =E42/D42*100 -> 65.264194
A43: 2.30. | B43: Субсидия бюджетам муниципальных районов области на обеспечение функционирования центров цифрового образования детей «IT-куб» | C43: 000 0703 5A8E4U1240 521 | D43: =Субсидии!CN400 -> 16618.3 | E43: =Субсидии!CO400 -> 6794.6203 | F43: =E43/D43*100 -> 40.886374
A44: 2.31. | B44: Субсидия бюджетам муниципальных районов и городских округов области на организацию бесплатного горячего питания обучающихся, получающих начальное общее образование в муниципальных образовательных организациях | C44: 000 0702 5A212R3040 521 | D44: =Субсидии!CQ400 -> 941870.2 | E44: =Субсидии!CR400 -> 457282.29 | F44: =E44/D44*100 -> 48.550458
A45: 2.32. | B45: Субсидия бюджетам поселений области на выполнение мероприятий по ремонту автомобильных дорог общего пользования местного значения в границах городских поселений области за счет средств областного дорожного фонда | C45: 000 0409 5Ж223D7220 521 | D45: =Субсидии!CT400 -> 200000 | E45: =Субсидии!CU400 -> 144564.13 | F45: =E45/D45*100 -> 72.282063
A46: 2.33. | B46: Субсидия бюджетам городских округов области на выполнение мероприятий по ремонту автомобильных дорог общего пользования местного значения в границах городских округов области за счет средств областного дорожного фонда | C46: 000 0409 5Ж222D7210 521 | D46: =Субсидии!CW400 -> 500000 | E46: =Субсидии!CX400 -> 313879.31 | F46: =E46/D46*100 -> 62.775862
A47: 2.34. | B47: Субсидия бюджетам муниципальных районов области на обеспечение условий для создания дополнительных мест в образовательных организациях, осуществляющих образовательную деятельность по образовательным программам дошкольного образования | C47: 000 0701 5A1P2U1120521 | D47: =Субсидии!CZ400 -> 36685.4 | E47: =Субсидии!DA400 -> 7386.7299 | F47: =E47/D47*100 -> 20.13534
A48: 2.35. | B48: Субсидия бюджетам поселений области на создание, реконструкцию (модернизацию), капитальный ремонт объектов социальной и культурной сферы | C48: 000 1403 70304R5767 523 | D48: =Субсидии!DC400 -> 48007.1 | E48: =Субсидии!DD400 -> 19142.954 | F48: =E48/D48*100 -> 39.875256
A49: 2.36. | B49: Субсидия бюджетам муниципальных районов и городских округов области на обеспечение условий для функционирования центров образования естественно-научной и технологической направленностей в общеобразовательных организациях | C49: 000 0702 5A2E1U1290 521 | D49: =Субсидии!DF400 -> 42920.1 | E49: =Субсидии!DG400 -> 1650.1421 | F49: =E49/D49*100 -> 3.8446838
A50: 2.37. | B50: Субсидии бюджетам муниципальных районов и городских округов области на создание и обеспечение функционирования центров образования естественно-научной и технологической направленностей в общеобразовательных организациях, расположенных в сельской местности и малых городах | C50: 000 0702 5A2E151690 521 | D50: =Субсидии!DI400 -> 106674 | E50: =Субсидии!DJ400 -> 69872.712 | F50: =E50/D50*100 -> 65.501164
A51: 2.38. | B51: Субсидия бюджетам муниципальных районов области на обеспечение мероприятий по переселению граждан из аварийного жилищного фонда | C51: 000 0501 5EA01R8220 523 | D51: =Субсидии!DL400 -> 381434.7 | E51: =Субсидии!DM400 -> 0 | F51: =E51/D51*100 -> 0
A52: 2.39. | B52: Субсидия бюджетам муниципальных районов области на обеспечение мероприятий по переселению граждан из аварийного жилищного фонда | C52: 000 0501 5EA01U8220 523 | D52: =Субсидии!DO400 -> 108988.2 | E52: =Субсидии!DP400 -> 0 | F52: =E52/D52*100 -> 0
A53: 2.40. | B53: Субсидия бюджетам городских округов области на создание новых мест в общеобразовательных организациях в связи с ростом числа обучающихся, вызванным демографическим фактором | C53: 000 0702 5A2E153050 523 | D53: =Субсидии!DR400 -> 341517.14 | F53: =E53/D53*100 -> 0
A54: 2.41. | B54: Субсидия бюджетам городских и сельских поселений области на реализацию мероприятий по благоустройству сельских территорий ведомственного проекта «Благоустройство сельских территорий» за счет средств резервного фонда Правительства Российской Федерации 5* | C54: 000 0503 70302R576F 521 | D54: =Субсидии!DU400 -> 21096.4 | E54: =Субсидии!DV400 -> 0 | F54: =E54/D54*100 -> 0
A55: 2.42. | B55: Субсидия бюджетам муниципальных районов области на реализацию проектов комплексного развития сельских территорий ведомственного проекта «Современный облик сельских территорий» за счет средств резервного фонда Правительства Российской Федерации 6* | C55: 000 1403 70304R6350 523 000 1403 70304W6350 523 | D55: =Субсидии!DX400 -> 108765.92 | E55: =Субсидии!DY400 -> 0 | F55: =E55/D55*100 -> 0
A56: 3. | B56: Субвенции - всего | D56: =SUM(D57:D79) -> 23362879 | E56: =SUM(E57:E79) -> 15767150 | F56: =E56/D56*100 -> 67.488041
A57: 3.1. | B57: Субвенция бюджетам муниципальных районов и городских округов области на осуществление органами местного самоуправления государственных полномочий по частичному финансированию расходов на присмотр и уход за детьми дошкольного возраста в муниципальных образовательных организациях, реализующих основную общеобразовательную программу дошкольного образования | C57: 000 0701 5A10476900 530 | D57: ='Субвенции '!E408 -> 82819.7 | E57: ='Субвенции '!F408 -> 51207.349 | F57: =E57/D57*100 -> 61.829914
A58: 3.2. | B58: Субвенция бюджетам муниципальных районов и городских округов области на осуществление органами местного самоуправления государственных полномочий по организации предоставления компенсации родительской платы и расходы по оплате услуг почтовой связи и банковских услуг, оказываемых банками, по выплате за присмотр и уход за детьми в образовательных организациях, реализующих основную общеобразовательную программу дошкольного образования | C58: 000 0709 5A10477800 530 | D58: ='Субвенции '!H408 -> 23515.6 | E58: ='Субвенции '!I408 -> 15711.773 | F58: =E58/D58*100 -> 66.814256
A59: 3.3. | B59: Субвенция бюджетам муниципальных районов и городских округов области на осуществление органами местного самоуправления государственных полномочий по предоставлению компенсации родительской платы за присмотр и уход за детьми в образовательных организациях, реализующих основную общеобразовательную программу дошкольного образования | C59: 000 1004 5A10477900 530 | D59: ='Субвенции '!K408 -> 583392.7 | E59: ='Субвенции '!L408 -> 348273.46 | F59: =E59/D59*100 -> 59.697947
A60: 3.4. | B60: Субвенция бюджетам муниципальных районов и городских округов области на финансовое обеспечение образовательной деятельности муниципальных дошкольных образовательных организаций | C60: 000 0701 5A10576700 530 | D60: ='Субвенции '!N408 -> 5359719.3 | E60: ='Субвенции '!O408 -> 3941824.9 | F60: =E60/D60*100 -> 73.545361
A61: 3.5. | B61: Субвенция бюджетам муниципальных районов и городских округов области на проведение Всероссийской переписи населения 2020 года | C61: 000 0113 5811554690 530 | D61: ='Субвенции '!Q408 -> 37587.7 | E61: ='Субвенции '!R408 -> 283.41487 | F61: =E61/D61*100 -> 0.75400961
A62: 3.6. | B62: Субвенция бюджетам муниципальных районов и городских округов области на осуществление органами местного самоуправления государственных полномочий по предоставлению питания отдельным категориям обучающихся в муниципальных образовательных организациях, реализующих образовательные программы начального общего, основного общего и среднего общего образования | C62: 000 0702 5A21277200 530 | D62: ='Субвенции '!T408 -> 333126.1 | E62: ='Субвенции '!U408 -> 144475.01 | F62: =E62/D62*100 -> 43.369465
A63: 3.7. | B63: Субвенция бюджетам муниципальных районов и городских округов области на осуществление органами местного самоуправления государственных полномочий по организацию предоставления питания отдельным категориям обучающихся в муниципальных образовательных организациях, реализующих образовательные программы начального общего, основного общего и среднего общего образования, и частичное финансирование расходов на присмотр и уход за детьми дошкольного возраста в муниципальных образовательных организациях, реализующих основную общеобразовательную программу дошкольного образования | C63: 000 0709 5A21277300 530 | D63: ='Субвенции '!W408 -> 16428.3 | E63: ='Субвенции '!X408 -> 11244.207 | F63: =E63/D63*100 -> 68.444129
A64: 3.8. | B64: Субвенция бюджетам муниципальных районов и городских округов области на финансовое обеспечение образовательной деятельности муниципальных общеобразовательных учреждений | C64: 000 0702 5A21177000 530 | D64: ='Субвенции '!Z408 -> 14795693 | E64: ='Субвенции '!AA408 -> 9873671.7 | F64: =E64/D64*100 -> 66.733419
A65: 3.9. | B65: Субвенция бюджетам муниципальных районов и городских округов области на осуществление органами местного самоуправления отдельных государственных полномочий по осуществлению деятельности по опеке и попечительству в отношении несовершеннолетних граждан в части расходов на оплату труда, уплату страховых взносов по обязательному социальному страхованию в государственные внебюджетные фонды Российской Федерации, обеспечение деятельности штатных работников | C65: 000 0709 5A50577120 530 | D65: ='Субвенции '!AC408 -> 72908.1 | E65: ='Субвенции '!AD408 -> 45749.278 | F65: =E65/D65*100 -> 62.749239
A66: 3.10. | B66: Субвенция бюджетам муниципальных районов и городских округов области на осуществление органами местного самоуправления отдельных государственных полномочий по осуществлению деятельности по опеке и попечительству в отношении несовершеннолетних граждан в части расходов на обеспечение деятельности по сохранению, содержанию и ремонту пустующих жилых помещений, закрепленных за детьми-сиротами и детьми, оставшимися без попечения родителей | C66: 000 1004 5A50577И00 530 | D66: ='Субвенции '!AF408 -> 1781.9 | E66: ='Субвенции '!AG408 -> 265.34685 | F66: =E66/D66*100 -> 14.891231
A67: 3.11. | B67: Субвенция бюджетам муниципальных районов и городских округов области на осуществление органами местного самоуправления государственных полномочий по организации предоставления гражданам субсидий на оплату жилого помещения и коммунальных услуг | C67: 000 1003 5212377Б00 530 | D67: ='Субвенции '!AI408 -> 58091.2 | E67: ='Субвенции '!AJ408 -> 38436.44 | F67: =E67/D67*100 -> 66.165684
A68: 3.13. | B68: Субвенция бюджетам муниципальных районов и городских округов области на осуществление органами местного самоуправления государственных полномочий по предоставлению гражданам субсидий на оплату жилого помещения и коммунальных услуг | C68: 000 1003 5212477110 530 | D68: ='Субвенции '!AL408 -> 666602 | E68: ='Субвенции '!AM408 -> 374850.6 | F68: =E68/D68*100 -> 56.233045
A69: 3.12. | B69: Субвенция бюджетам муниципальных районов и городских округов области на осуществление органами местного самоуправления государственных полномочий по созданию и организации деятельности комиссий по делам несовершеннолетних и защите их прав | C69: 000 0113 6511076600 530 | D69: ='Субвенции '!AO408 -> 29484.3 | E69: ='Субвенции '!AP408 -> 19312.477 | F69: =E69/D69*100 -> 65.500882
A70: 3.13. | B70: Субвенция бюджетам муниципальных районов и городских округов области на осуществление органами местного самоуправления государственных полномочий по образованию и обеспечению деятельности административных комиссий, определению перечня должностных лиц, уполномоченных составлять протоколы об административных правонарушениях | C70: 000 0113 6511176500 530 | D70: ='Субвенции '!AR408 -> 17420.7 | E70: ='Субвенции '!AS408 -> 10184.766 | F70: =E70/D70*100 -> 58.463585
A71: 3.14. | B71: Субвенция бюджетам муниципальных районов области на исполнение государственных полномочий по расчету и предоставлению дотаций бюджетам поселениям | C71: 000 1403 6640176100 530 | D71: ='Субвенции '!AU408 -> 80705.02 | E71: ='Субвенции '!AV408 -> 60253.962 | F71: =E71/D71*100 -> 74.659497
A72: 3.15. | B72: Субвенция бюджетам муниципальных районов и городских округов области на осуществление органами местного самоуправления отдельных государственных полномочий по санкционированию финансовыми органами муниципальных образований области оплаты денежных обязательств получателям средств областного бюджета, областным государственным автономным и бюджетным учреждениям, иным юридическим лицам, не являющимся участниками бюджетного процесса, расположенным на территориях муниципальных образований области | C72: 000 0106 6640177150 530 | D72: ='Субвенции '!AX408 -> 15316.7 | E72: ='Субвенции '!AY408 -> 10202.114 | F72: =E72/D72*100 -> 66.607783
A73: 3.16. | B73: Субвенция бюджетам поселений и городских округов области на осуществление органами местного самоуправления поселений и органами местного самоуправления городских округов полномочий по первичному воинскому учету на территориях, где отсутствуют военные комиссариаты | C73: 000 0203 9020051180 530 | D73: ='Субвенции '!BA408 -> 51627 | E73: ='Субвенции '!BB408 -> 31352.45 | F73: =E73/D73*100 -> 60.728786
A74: 3.17. | B74: Субвенция бюджетам муниципальных районов и городских округов области на осуществление органами местного самоуправления отдельных государственных полномочий по государственному управлению охраной труда | C74: 000 0401 9610076300 530 | D74: ='Субвенции '!BD408 -> 15242 | E74: ='Субвенции '!BE408 -> 9715.8669 | F74: =E74/D74*100 -> 63.744042
A75: 3.18. | B75: Субвенция бюджетам муниципальных районов и городских округов области на осуществление органами местного самоуправления отдельных государственных полномочий по осуществлению деятельности по опеке и попечительству в отношении совершеннолетних граждан | C75: 000 1006 9610076400 530 | D75: ='Субвенции '!BG408 -> 21810.3 | E75: ='Субвенции '!BH408 -> 14016.977 | F75: =E75/D75*100 -> 64.267694
A76: 3.19. | B76: Субвенции бюджетам муниципальных районов и городских округов области на ежемесячное денежное вознаграждение за классное руководство педагогическим работникам муниципальных общеобразовательных организаций | C76: 000 0702 5A203R3030 530 | D76: ='Субвенции '!BJ408 -> 1086259.4 | E76: ='Субвенции '!BK408 -> 759490.23 | F76: =E76/D76*100 -> 69.917943
A77: 3.20. | B77: Субвенция бюджетам муниципальных районов и городских округов области на осуществление органами местного самоуправления отдельных государственных полномочий по организации проведения мероприятий при осуществлении деятельности по обращению с животными без владельцев | C77: 000 0405 9610077130 530 | D77: ='Субвенции '!BM408 -> 11168.8 | E77: ='Субвенции '!BN408 -> 5671.0574 | F77: =E77/D77*100 -> 50.775888
A78: 3.21. | B78: Субвенция бюджетам муниципальных районов и городских округов области на осуществление государственных полномочий по составлению (изменению) списков кандидатов в присяжные заседатели федеральных судов общей юрисдикции в Российской Федерации | C78: 000 0105 9020051200 530 | D78: ='Субвенции '!BP408 -> 668.7 | E78: ='Субвенции '!BQ408 -> 202.51786 | F78: =E78/D78*100 -> 30.285309
A79: 3.22. | B79: Субвенция бюджетам городских округов области на осуществление органами местного самоуправления отдельных государственных полномочий по осуществлению регионального государственного жилищного надзора и лицензионного контроля | C79: 000 0113 9610076510 530 | D79: ='Субвенции '!BS408 -> 1511.1 | E79: ='Субвенции '!BT408 -> 753.80323 | F79: =E79/D79*100 -> 49.884404
A80: 4. | B80: Иные межбюджетные трансферты | D80: =SUM(D81:D138) -> 6480076.1 | E80: =SUM(E81:E138) -> 3373560.8 | F80: =E80/D80*100 -> 52.060512
A81: 4.1. | B81: Иные межбюджетные трансферты бюджетам городских округов области на осуществление дорожной деятельности в отношении автомобильных дорог общего пользования местного значения Саратовской агломерации в границах городских поселений области в рамках реализации национального проекта «Безопасные и качественные автомобильные дороги» за счет средств областного дорожного фонда | C81: 000 0409 5Ж2R153930 540 | D81: =Иные!E388 -> 1114100 | E81: =Иные!F388 -> 849658.13 | F81: =E81/D81*100 -> 76.264081
A82: 4.2. | B82: Иные межбюджетные трансферты бюджетам поселений области на осуществление дорожной деятельности в отношении автомобильных дорог общего пользования местного значения Саратовской агломерации в границах городских поселений области в рамках реализации национального проекта «Безопасные и качественные автомобильные дороги» за счет средств областного дорожного фонда | C82: 000 0409 5Ж2R153930 540 | D82: =Иные!H388 -> 299900 | E82: =Иные!I388 -> 297836.93 | F82: =E82/D82*100 -> 99.312081
A83: 4.3. | B83: Иные межбюджетные трансферты бюджетам муниципальных районов и городских округов области на осуществление мероприятий в области энергосбережения и повышения энергетической эффективности | C83: 000 1403 6321179Б00 540 | D83: =Иные!K388 -> 100000 | E83: =Иные!L388 -> 98679.555 | F83: =E83/D83*100 -> 98.679555
A84: 4.4. | B84: Иные межбюджетные трансферты бюджетам поселений области на создание виртуальных концертных залов | C84: 000 0801 55AA354530 540 | D84: =Иные!N388 -> 2500 | E84: =Иные!O388 -> 2500 | F84: =E84/D84*100 -> 100
A85: 4.5. | B85: Иные межбюджетные трансферты бюджетам городских округов области на обновление наземного общественного пассажирского транспорта | C85: 000 0408 5Ж10878900 540 | D85: =Иные!Q388 -> 39828.4 | E85: =Иные!R388 -> 14052.835 | F85: =E85/D85*100 -> 35.283454
A86: 4.6. | B86: Иные межбюджетные трансферты бюджетам бюджетам муниципальных районов и поселений области в целях софинансирования расходных обязательств, возникающих при осуществлении работ по сохранению объектов культурного наследия, расположенных на территории Саратовской области | C86: 000 0801 55А2255780 540 | D86: =Иные!T388 -> 70234.6 | E86: =Иные!U388 -> 26516.77 | F86: =E86/D86*100 -> 37.754568
A87: 4.7. | B87: Иные межбюджетные трансферты бюджетам поселений области на финансовое обеспечение расходов по реализации проектов создания комфортной городской среды в малых городах и исторических поселениях в рамках проведения Всероссийского конкурса лучших проектов создания комфортной городской среды | C87: 000 0503 692F254240 540 | D87: =Иные!W388 -> 340000 | E87: =Иные!X388 -> 192764.42 | F87: =E87/D87*100 -> 56.695417
A88: 4.8. | B88: Иные межбюджетные трансферты бюджетам муниципальных районов и городских округов области на размещение социально значимой информации в печатных средствах массовой информации, учрежденных органами местного самоуправления | C88: 000 1204 6651778600 540 | D88: =Иные!Z388 -> 19811.9 | E88: =Иные!AA388 -> 17646.474 | F88: =E88/D88*100 -> 89.070076
A89: 4.9. | B89: Иные межбюджетные трансферты бюджетам муниципальных районов, городских округов и поселений области за счет средств, выделяемых из резервного фонда Правительства Саратовской области 7* | C89: 000 1403 664037999Э 540 | D89: =Иные!AC388 -> 36042.927 | E89: =Иные!AD388 -> 22989.95 | F89: =E89/D89*100 -> 63.784914
A90: 4.10. | B90: Иные межбюджетные трансферты бюджетам городских округов области на оснащение вновь вводимых общеобразовательных организаций средствами обучения и воспитания 8* | C90: 000 0702 5A22078160 540 | D90: =Иные!AF388 -> 70000 | E90: =Иные!AG388 -> 70000 | F90: =E90/D90*100 -> 100
A91: 4.11. | B91: Иные межбюджетные трансферты бюджетам городских округов области на оснащение и укрепление материально-технической базы в дошкольных образовательных организациях 9* | C91: 000 0701 5A10779Г41 540 000 0701 5A10779Г42 540 000 0701 5A10779Г43 540 | D91: =Иные!AI388 -> 90538 | E91: =Иные!AJ388 -> 89073.071 | F91: =E91/D91*100 -> 98.381973
A92: 4.12. | B92: Иные межбюджетные трансферты бюджетам городских округов области на оснащение и укрепление материально-технической базы в образовательных организациях 9* | C92: 000 0702 5A22079Г41 540 000 0702 5A22079Г42 540 000 0702 5A22079Г43 540 | D92: =Иные!AL388 -> 251389 | E92: =Иные!AM388 -> 245220.21 | F92: =E92/D92*100 -> 97.546118
A93: 4.13. | B93: Иные межбюджетные трансферты бюджетам муниципальных районов и городских округов области на благоустройство территорий общеобразовательных организаций 31* | C93: 000 0702 5A22075500 540 | D93: =Иные!AO388 -> 48500 | E93: =Иные!AP388 -> 42500.97 | F93: =E93/D93*100 -> 87.630867
A94: 4.14. | B94: Иных межбюджетные трансферты бюджетам муниципальных районов области на проведение текущего и капитального ремонта муниципальных дошкольных образовательных организаций 11* | C94: 000 0701 5A10774100 540 | D94: =Иные!AR388 -> 80000 | E94: =Иные!AS388 -> 67031.562 | F94: =E94/D94*100 -> 83.789453
A95: 4.15. | B95: Иные межбюджетные трансферты бюджетам городских округов области на реализацию комплекса мероприятий, связанных с эффективным использованием тренировочных площадок после проведения чемпионата мира по футболу 2018 года в Российской Федерации | C95: 000 1103 56413R4260 540 | D95: =Иные!AU388 -> 26200 | E95: =Иные!AV388 -> 26200 | F95: =E95/D95*100 -> 100
A96: 4.16. | B96: Иные межбюджетные трансферты бюджетам городских округов области на обеспечение бесперебойного функционирования городского наземного электрического транспорта | C96: 000 0408 5Ж11178910 540 | D96: =Иные!AX388 -> 200000 | E96: =Иные!AY388 -> 200000 | F96: =E96/D96*100 -> 100
A97: 4.17. | B97: Иные межбюджетные трансферты бюджетам муниципальных районов области на создание условий для ведения здорового образа жизни | C97: 000 0503 6920478150 540 | D97: =Иные!BA388 -> 136364.4 | E97: =Иные!BB388 -> 108563.34 | F97: =E97/D97*100 -> 79.612667
A98: 4.18. | B98: Иные межбюджетные трансферты бюджетам городских округов области на реализацию мероприятий по строительству объектов физической культуры и спорта | C98: 000 1102 5641072820 540 | D98: =Иные!BD388 -> 64700 | E98: =Иные!BE388 -> 64700 | F98: =E98/D98*100 -> 100
A99: 4.19. | B99: Иные межбюджетные трансферты бюджетам муниципальных районов, городских округов и поселений области на достижение надлежащего уровня оплаты труда в органах местного самоуправления | C99: 000 0113 6610678620 540 | D99: =Иные!BG388 -> 81205.5 | E99: =Иные!BH388 -> 27891.926 | F99: =E99/D99*100 -> 34.347336
A100: 4.20. | B100: Иные межбюджетные трансферты бюджетам муниципальных районов области на подведение объектов водоснабжения и водоотведения к земельным участкам, расположенным в муниципальных районах, имеющих статус особой экономической зоны технико-внедренческого типа | C100: 000 1403 5823878920 540 | D100: =Иные!BJ388 -> 52000 | E100: =Иные!BK388 -> 0 | F100: =E100/D100*100 -> 0
A101: 4.21. | B101: Иные межбюджетные трансферты бюджетам городских округов области на выполнение строительно-монтажных работ по строительству и ремонту пешеходных зон и тротуаров 10* | C101: 000 0503 6920478141 540 | D101: =Иные!BM388 -> 300000 | E101: =Иные!BN388 -> 234266.85 | F101: =E101/D101*100 -> 78.088951
...

Sheet Всего (с выдел. нераспред)
A1: Сведения о предоставленных из бюджета Саратовской области межбюджетных трансфертах бюджетам муниципальных образований за 9 месяцев 2021 года
O2: тыс.рублей
A3: Наименование муниципальных образований | B3: Всего
E4: Дотации | H4: Субсидии | K4: Субвенции | N4: Иные межбюджетные трансферты
B6: утвержденные бюджетные назначения 2* | C6: исполнено | D6: % исполнения | E6: утвержденные бюджетные назначения* | F6: исполнено | G6: % исполнения | H6: утвержденные бюджетные назначения 2* | I6: исполнено | J6: % исполнения | K6: утвержденные бюджетные назначения* | L6: исполнено | M6: % исполнения | N6: утвержденные бюджетные назначения 2* | O6: исполнено | P6: % исполнения
A7: Муниципальные районы области (консолидированный) | B7: =E7+H7+K7+N7 -> 28514836 | C7: =F7+I7+L7+O7 -> 17978688 | D7: =C7/B7*100 -> 63.050295 | E7: =E10+E14+E23+E37+E52+E57+E75+E81+E98+E103+E115+E124+E138+E151+E162+E175+E188+E202+E206+E218+E227+E234+E247+E260+E274+E282+E292+E303+E313+E322+E331+E341+E355+E366+E375+E384+E397+E406 -> 4085621.3 | F7: =F10+F14+F23+F37+F52+F57+F75+F81+F98+F103+F115+F124+F138+F151+F162+F175+F188+F202+F206+F218+F227+F234+F247+F260+F274+F282+F292+F303+F313+F322+F331+F341+F355+F366+F375+F384+F397+F406 -> 3143123.9 | G7: =F7/E7*100 -> 76.931357 | H7: =H10+H14+H23+H37+H52+H57+H75+H81+H98+H103+H115+H124+H138+H151+H162+H175+H188+H202+H206+H218+H227+H234+H247+H260+H274+H282+H292+H303+H313+H322+H331+H341+H355+H366+H375+H384+H397+H406 -> 4866679.8 | I7: =I10+I14+I23+I37+I52+I57+I75+I81+I98+I103+I115+I124+I138+I151+I162+I175+I188+I202+I206+I218+I227+I234+I247+I260+I274+I282+I292+I303+I313+I322+I331+I341+I355+I366+I375+I384+I397+I406 -> 2315252.1 | J7: =I7/H7*100 -> 47.573544 | K7: =K10+K14+K23+K37+K52+K57+K75+K81+K98+K103+K115+K124+K138+K151+K162+K175+K188+K202+K206+K218+K227+K234+K247+K260+K274+K282+K292+K303+K313+K322+K331+K341+K355+K366+K375+K384+K397+K406 -> 16242678 | L7: =L10+L14+L23+L37+L52+L57+L75+L81+L98+L103+L115+L124+L138+L151+L162+L175+L188+L202+L206+L218+L227+L234+L247+L260+L274+L282+L292+L303+L313+L322+L331+L341+L355+L366+L375+L384+L397+L406 -> 10885849 | M7: =L7/K7*100 -> 67.02004 | N7: =N10+N14+N23+N37+N52+N57+N75+N81+N98+N103+N115+N124+N138+N151+N162+N175+N188+N202+N206+N218+N227+N234+N247+N260+N274+N282+N292+N303+N313+N322+N331+N341+N355+N366+N375+N384+N397+N406 -> 3319856.6 | O7: =O10+O14+O23+O37+O52+O57+O75+O81+O98+O103+O115+O124+O138+O151+O162+O175+O188+O202+O206+O218+O227+O234+O247+O260+O274+O282+O292+O303+O313+O322+O331+O341+O355+O366+O375+O384+O397+O406 -> 1634462.9 | P7: =O7/N7*100 -> 49.232937
A8: Муниципальные районы области (собственный): | B8: =E8+H8+K8+N8 -> 25375751 | C8: =F8+I8+L8+O8 -> 16460416 | D8: =C8/B8*100 -> 64.866714 | E8: =E11+E15+E24+E38+E53+E58+E76+E82+E99+E104+E116+E125+E139+E152+E163+E176+E189+E203+E207+E219+E228+E235+E248+E261+E275+E283+E293+E304+E314+E323+E332+E342+E356+E367+E376+E385+E398+E407 -> 4085621.3 | F8: =F11+F15+F24+F38+F53+F58+F76+F82+F99+F104+F116+F125+F139+F152+F163+F176+F189+F203+F207+F219+F228+F235+F248+F261+F275+F283+F293+F304+F314+F323+F332+F342+F356+F367+F376+F385+F398+F407 -> 3143123.9 | G8: =F8/E8*100 -> 76.931357 | H8: =H11+H15+H24+H38+H53+H58+H76+H82+H99+H104+H116+H125+H139+H152+H163+H176+H189+H203+H207+H219+H228+H235+H248+H261+H275+H283+H293+H304+H314+H323+H332+H342+H356+H367+H376+H385+H398+H407 -> 3657702.6 | I8: =I11+I15+I24+I38+I53+I58+I76+I82+I99+I104+I116+I125+I139+I152+I163+I176+I189+I203+I207+I219+I228+I235+I248+I261+I275+I283+I293+I304+I314+I323+I332+I342+I356+I367+I376+I385+I398+I407 -> 1657068.7 | J8: =I8/H8*100 -> 45.30354 | K8: =K11+K15+K24+K38+K53+K58+K76+K82+K99+K104+K116+K125+K139+K152+K163+K176+K189+K203+K207+K219+K228+K235+K248+K261+K275+K283+K293+K304+K314+K323+K332+K342+K356+K367+K376+K385+K398+K407 -> 16191613 | L8: =L11+L15+L24+L38+L53+L58+L76+L82+L99+L104+L116+L125+L139+L152+L163+L176+L189+L203+L207+L219+L228+L235+L248+L261+L275+L283+L293+L304+L314+L323+L332+L342+L356+L367+L376+L385+L398+L407 -> 10854912 | M8: =L8/K8*100 -> 67.040337 | N8: =N11+N15+N24+N38+N53+N58+N76+N82+N99+N104+N116+N125+N139+N152+N163+N176+N189+N203+N207+N219+N228+N235+N248+N261+N275+N283+N293+N304+N314+N323+N332+N342+N356+N367+N376+N385+N398+N407 -> 1440813.8 | O8: =O11+O15+O24+O38+O53+O58+O76+O82+O99+O104+O116+O125+O139+O152+O163+O176+O189+O203+O207+O219+O228+O235+O248+O261+O275+O283+O293+O304+O314+O323+O332+O342+O356+O367+O376+O385+O398+O407 -> 805311.03 | P8: =O8/N8*100 -> 55.892789
A9: Поселения: | B9: =E9+H9+K9+N9 -> 3139084.9 | C9: =F9+I9+L9+O9 -> 1518272.4 | D9: =C9/B9*100 -> 48.366719 | E9: =SUM(E12:E13)+SUM(E16:E22)+SUM(E25:E36)+SUM(E39:E51)+SUM(E54:E56)+SUM(E59:E74)+SUM(E77:E80)+SUM(E83:E97)+SUM(E100:E102)+SUM(E105:E114)+SUM(E117:E123)+SUM(E126:E137)+SUM(E140:E150)+SUM(E153:E161)+SUM(E164:E174)+SUM(E177:E187)+SUM(E190:E201)+SUM(E204:E205)+SUM(E208:E217)+SUM(E220:E226)+SUM(E229:E233)+SUM(E236:E246)+SUM(E249:E259)+SUM(E262:E273)+SUM(E276:E281)+SUM(E284:E291)+SUM(E294:E302)+SUM(E305:E312)+SUM(E315:E321)+SUM(E324:E330)+SUM(E333:E340)+SUM(E343:E354)+SUM(E357:E365)+SUM(E368:E374)+SUM(E377:E383)+SUM(E386:E396)+SUM(E399:E405)+SUM(E408:E412) -> 0 | F9: =SUM(F12:F13)+SUM(F16:F22)+SUM(F25:F36)+SUM(F39:F51)+SUM(F54:F56)+SUM(F59:F74)+SUM(F77:F80)+SUM(F83:F97)+SUM(F100:F102)+SUM(F105:F114)+SUM(F117:F123)+SUM(F126:F137)+SUM(F140:F150)+SUM(F153:F161)+SUM(F164:F174)+SUM(F177:F187)+SUM(F190:F201)+SUM(F204:F205)+SUM(F208:F217)+SUM(F220:F226)+SUM(F229:F233)+SUM(F236:F246)+SUM(F249:F259)+SUM(F262:F273)+SUM(F276:F281)+SUM(F284:F291)+SUM(F294:F302)+SUM(F305:F312)+SUM(F315:F321)+SUM(F324:F330)+SUM(F333:F340)+SUM(F343:F354)+SUM(F357:F365)+SUM(F368:F374)+SUM(F377:F383)+SUM(F386:F396)+SUM(F399:F405)+SUM(F408:F412) -> 0 | H9: =SUM(H12:H13)+SUM(H16:H22)+SUM(H25:H36)+SUM(H39:H51)+SUM(H54:H56)+SUM(H59:H74)+SUM(H77:H80)+SUM(H83:H97)+SUM(H100:H102)+SUM(H105:H114)+SUM(H117:H123)+SUM(H126:H137)+SUM(H140:H150)+SUM(H153:H161)+SUM(H164:H174)+SUM(H177:H187)+SUM(H190:H201)+SUM(H204:H205)+SUM(H208:H217)+SUM(H220:H226)+SUM(H229:H233)+SUM(H236:H246)+SUM(H249:H259)+SUM(H262:H273)+SUM(H276:H281)+SUM(H284:H291)+SUM(H294:H302)+SUM(H305:H312)+SUM(H315:H321)+SUM(H324:H330)+SUM(H333:H340)+SUM(H343:H354)+SUM(H357:H365)+SUM(H368:H374)+SUM(H377:H383)+SUM(H386:H396)+SUM(H399:H405)+SUM(H408:H412) -> 1208977.2 | I9: =SUM(I12:I13)+SUM(I16:I22)+SUM(I25:I36)+SUM(I39:I51)+SUM(I54:I56)+SUM(I59:I74)+SUM(I77:I80)+SUM(I83:I97)+SUM(I100:I102)+SUM(I105:I114)+SUM(I117:I123)+SUM(I126:I137)+SUM(I140:I150)+SUM(I153:I161)+SUM(I164:I174)+SUM(I177:I187)+SUM(I190:I201)+SUM(I204:I205)+SUM(I208:I217)+SUM(I220:I226)+SUM(I229:I233)+SUM(I236:I246)+SUM(I249:I259)+SUM(I262:I273)+SUM(I276:I281)+SUM(I284:I291)+SUM(I294:I302)+SUM(I305:I312)+SUM(I315:I321)+SUM(I324:I330)+SUM(I333:I340)+SUM(I343:I354)+SUM(I357:I365)+SUM(I368:I374)+SUM(I377:I383)+SUM(I386:I396)+SUM(I399:I405)+SUM(I408:I412) -> 658183.33 | J9: =I9/H9*100 -> 54.441333 | K9: =SUM(K12:K13)+SUM(K16:K22)+SUM(K25:K36)+SUM(K39:K51)+SUM(K54:K56)+SUM(K59:K74)+SUM(K77:K80)+SUM(K83:K97)+SUM(K100:K102)+SUM(K105:K114)+SUM(K117:K123)+SUM(K126:K137)+SUM(K140:K150)+SUM(K153:K161)+SUM(K164:K174)+SUM(K177:K187)+SUM(K190:K201)+SUM(K204:K205)+SUM(K208:K217)+SUM(K220:K226)+SUM(K229:K233)+SUM(K236:K246)+SUM(K249:K259)+SUM(K262:K273)+SUM(K276:K281)+SUM(K284:K291)+SUM(K294:K302)+SUM(K305:K312)+SUM(K315:K321)+SUM(K324:K330)+SUM(K333:K340)+SUM(K343:K354)+SUM(K357:K365)+SUM(K368:K374)+SUM(K377:K383)+SUM(K386:K396)+SUM(K399:K405)+SUM(K408:K412) -> 51064.9 | L9: =SUM(L12:L13)+SUM(L16:L22)+SUM(L25:L36)+SUM(L39:L51)+SUM(L54:L56)+SUM(L59:L74)+SUM(L77:L80)+SUM(L83:L97)+SUM(L100:L102)+SUM(L105:L114)+SUM(L117:L123)+SUM(L126:L137)+SUM(L140:L150)+SUM(L153:L161)+SUM(L164:L174)+SUM(L177:L187)+SUM(L190:L201)+SUM(L204:L205)+SUM(L208:L217)+SUM(L220:L226)+SUM(L229:L233)+SUM(L236:L246)+SUM(L249:L259)+SUM(L262:L273)+SUM(L276:L281)+SUM(L284:L291)+SUM(L294:L302)+SUM(L305:L312)+SUM(L315:L321)+SUM(L324:L330)+SUM(L333:L340)+SUM(L343:L354)+SUM(L357:L365)+SUM(L368:L374)+SUM(L377:L383)+SUM(L386:L396)+SUM(L399:L405)+SUM(L408:L412) -> 30937.179 | M9: =L9/K9*100 -> 60.584039 | N9: =SUM(N12:N13)+SUM(N16:N22)+SUM(N25:N36)+SUM(N39:N51)+SUM(N54:N56)+SUM(N59:N74)+SUM(N77:N80)+SUM(N83:N97)+SUM(N100:N102)+SUM(N105:N114)+SUM(N117:N123)+SUM(N126:N137)+SUM(N140:N150)+SUM(N153:N161)+SUM(N164:N174)+SUM(N177:N187)+SUM(N190:N201)+SUM(N204:N205)+SUM(N208:N217)+SUM(N220:N226)+SUM(N229:N233)+SUM(N236:N246)+SUM(N249:N259)+SUM(N262:N273)+SUM(N276:N281)+SUM(N284:N291)+SUM(N294:N302)+SUM(N305:N312)+SUM(N315:N321)+SUM(N324:N330)+SUM(N333:N340)+SUM(N343:N354)+SUM(N357:N365)+SUM(N368:N374)+SUM(N377:N383)+SUM(N386:N396)+SUM(N399:N405)+SUM(N408:N412) -> 1879042.7 | O9: =SUM(O12:O13)+SUM(O16:O22)+SUM(O25:O36)+SUM(O39:O51)+SUM(O54:O56)+SUM(O59:O74)+SUM(O77:O80)+SUM(O83:O97)+SUM(O100:O102)+SUM(O105:O114)+SUM(O117:O123)+SUM(O126:O137)+SUM(O140:O150)+SUM(O153:O161)+SUM(O164:O174)+SUM(O177:O187)+SUM(O190:O201)+SUM(O204:O205)+SUM(O208:O217)+SUM(O220:O226)+SUM(O229:O233)+SUM(O236:O246)+SUM(O249:O259)+SUM(O262:O273)+SUM(O276:O281)+SUM(O284:O291)+SUM(O294:O302)+SUM(O305:O312)+SUM(O315:O321)+SUM(O324:O330)+SUM(O333:O340)+SUM(O343:O354)+SUM(O357:O365)+SUM(O368:O374)+SUM(O377:O383)+SUM(O386:O396)+SUM(O399:O405)+SUM(O408:O412) -> 829151.86 | P9: =O9/N9*100 -> 44.126291
A10: Александрово-Гайский район (консолидированный) | B10: =E10+H10+K10+N10 -> 535527.21 | C10: =F10+I10+L10+O10 -> 365791.16 | D10: =C10/B10*100 -> 68.304869 | E10: =E11+E12+E13 -> 119518.17 | F10: =F11+F12+F13 -> 88661.795 | G10: =F10/E10*100 -> 74.182691 | H10: =H11+H12+H13 -> 165210.96 | I10: =I11+I12+I13 -> 116628.26 | J10: =I10/H10*100 -> 70.593537 | K10: =K11+K12+K13 -> 222843.8 | L10: =L11+L12+L13 -> 143287.75 | M10: =L10/K10*100 -> 64.299634 | N10: =N11+N12+N13 -> 27954.282 | O10: =O11+O12+O13 -> 17213.359 | P10: =O10/N10*100 -> 61.576824
A11: Александрово-Гайский район (собственный) | B11: =E11+H11+K11+N11 -> 529385.79 | C11: =F11+I11+L11+O11 -> 363128.67 | D11: =C11/B11*100 -> 68.594335 | E11: =Дотации!B8 -> 119518.17 | F11: =Дотации!C8 -> 88661.795 | G11: =F11/E11*100 -> 74.182691 | H11: =Субсидии!B12 -> 160146.04 | I11: =Субсидии!C12 -> 114466.63 | J11: =I11/H11*100 -> 71.476401 | K11: ='Субвенции '!B14 -> 221948.1 | L11: ='Субвенции '!C14 -> 142786.89 | M11: =L11/K11*100 -> 64.333457 | N11: =Иные!B12 -> 27773.482 | O11: =Иные!C12 -> 17213.359 | P11: =O11/N11*100 -> 61.977677
A12: Александрово-Гайское МО | B12: =E12+H12+K12+N12 -> 3879.087 | C12: =F12+I12+L12+O12 -> 2605.2362 | D12: =C12/B12*100 -> 67.161067 | H12: =Субсидии!B13 -> 3088.787 | I12: =Субсидии!C13 -> 2161.6324 | J12: =I12/H12*100 -> 69.983213 | K12: ='Субвенции '!B15 -> 790.3 | L12: ='Субвенции '!C15 -> 443.6038 | M12: =L12/K12*100 -> 56.131064
A13: Новоалександровское МО | B13: =E13+H13+K13+N13 -> 2262.33 | C13: =F13+I13+L13+O13 -> 57.25869 | D13: =C13/B13*100 -> 2.530961 | H13: =Субсидии!B14 -> 1976.13 | I13: =Субсидии!C14 -> 0 | K13: ='Субвенции '!B16 -> 105.4 | L13: ='Субвенции '!C16 -> 57.25869 | M13: =L13/K13*100 -> 54.325133 | N13: =Иные!B14 -> 180.8 | O13: =Иные!C14 -> 0 | P13: =O13/N13*100 -> 0
A14: Аркадакский район (консолидированный) | B14: =E14+H14+K14+N14 -> 617241.12 | C14: =F14+I14+L14+O14 -> 288783.76 | D14: =C14/B14*100 -> 46.786216 | E14: =SUM(E15:E22) -> 83149.1 | F14: =SUM(F15:F22) -> 59950.5 | G14: =F14/E14*100 -> 72.099999 | H14: =SUM(H15:H22) -> 39523.92 | I14: =SUM(I15:I22) -> 23169.822 | J14: =I14/H14*100 -> 58.622277 | K14: =SUM(K15:K22) -> 288346.4 | L14: =SUM(L15:L22) -> 194630.58 | M14: =L14/K14*100 -> 67.498876 | N14: =SUM(N15:N22) -> 206221.7 | O14: =SUM(O15:O22) -> 11032.863 | P14: =O14/N14*100 -> 5.3500008
A15: Аркадакский район (собственный) | B15: =E15+H15+K15+N15 -> 577785.42 | C15: =F15+I15+L15+O15 -> 278691.65 | D15: =C15/B15*100 -> 48.234456 | E15: =Дотации!B9 -> 83149.1 | F15: =Дотации!C9 -> 59950.5 | G15: =F15/E15*100 -> 72.099999 | H15: =Субсидии!B16 -> 36081.72 | I15: =Субсидии!C16 -> 19838.922 | J15: =I15/H15*100 -> 54.983304 | K15: ='Субвенции '!B18 -> 287081.6 | L15: ='Субвенции '!C18 -> 193787.5 | M15: =L15/K15*100 -> 67.502584 | N15: =Иные!B16 -> 171473 | O15: =Иные!C16 -> 5114.7331 | P15: =O15/N15*100 -> 2.9828212
A16: город Аркадак | B16: =E16+H16+K16+N16 -> 37085.8 | C16: =F16+I16+L16+O16 -> 8556.8776 | D16: =C16/B16*100 -> 23.073191 | H16: =Субсидии!B17 -> 2383.2 | I16: =Субсидии!C17 -> 2383.2 | J16: =I16/H16*100 -> 100 | K16: ='Субвенции '!B19 -> 702.6 | L16: ='Субвенции '!C19 -> 472.44702 | M16: =L16/K16*100 -> 67.242673 | N16: =Иные!B17 -> 34000 | O16: =Иные!C17 -> 5701.2306 | P16: =O16/N16*100 -> 16.768325
A17: Большежуравское МО | B17: =E17+H17+K17+N17 -> 166.1 | C17: =F17+I17+L17+O17 -> 82.68209 | D17: =C17/B17*100 -> 49.778501 | H17: =Субсидии!B18 -> 0 | I17: =Субсидии!C18 -> 0 | K17: ='Субвенции '!B20 -> 93.7 | L17: ='Субвенции '!C20 -> 67.09101 | M17: =L17/K17*100 -> 71.601932 | N17: =Иные!B18 -> 72.4 | O17: =Иные!C18 -> 15.59108 | P17: =O17/N17*100 -> 21.534641
A18: Краснознаменское МО | B18: =E18+H18+K18+N18 -> 911 | C18: =F18+I18+L18+O18 -> 793.47214 | D18: =C18/B18*100 -> 87.099027 | H18: =Субсидии!B19 -> 700 | I18: =Субсидии!C19 -> 700 | J18: =I18/H18*100 -> 100 | K18: ='Субвенции '!B21 -> 93.7 | L18: ='Субвенции '!C21 -> 59.95865 | M18: =L18/K18*100 -> 63.990021 | N18: =Иные!B19 -> 117.3 | O18: =Иные!C19 -> 33.51349 | P18: =O18/N18*100 -> 28.57075
A19: Львовское МО | B19: =E19+H19+K19+N19 -> 411 | C19: =F19+I19+L19+O19 -> 292.57211 | D19: =C19/B19*100 -> 71.185428 | H19: =Субсидии!B20 -> 200 | I19: =Субсидии!C20 -> 200 | J19: =I19/H19*100 -> 100 | K19: ='Субвенции '!B22 -> 93.7 | L19: ='Субвенции '!C22 -> 59.95863 | M19: =L19/K19*100 -> 63.99 | N19: =Иные!B20 -> 117.3 | O19: =Иные!C20 -> 32.61348 | P19: =O19/N19*100 -> 27.803478
A20: Малиновское МО | B20: =E20+H20+K20+N20 -> 370 | C20: =F20+I20+L20+O20 -> 154.3756 | D20: =C20/B20*100 -> 41.723135 | H20: =Субсидии!B21 -> 159 | I20: =Субсидии!C21 -> 47.7 | J20: =I20/H20*100 -> 30 | K20: ='Субвенции '!B23 -> 93.7 | L20: ='Субвенции '!C23 -> 64.17886 | M20: =L20/K20*100 -> 68.493981 | N20: =Иные!B21 -> 117.3 | O20: =Иные!C21 -> 42.49674 | P20: =O20/N20*100 -> 36.229105
A21: Росташовское МО | B21: =E21+H21+K21+N21 -> 300.8 | C21: =F21+I21+L21+O21 -> 121.09305 | D21: =C21/B21*100 -> 40.256998 | H21: =Субсидии!B22 -> 0 | I21: =Субсидии!C22 -> 0 | K21: ='Субвенции '!B24 -> 93.7 | L21: ='Субвенции '!C24 -> 61.92237 | M21: =L21/K21*100 -> 66.085774 | N21: =Иные!B22 -> 207.1 | O21: =Иные!C22 -> 59.17068 | P21: =O21/N21*100 -> 28.571067
A22: Семеновское МО | B22: =E22+H22+K22+N22 -> 211 | C22: =F22+I22+L22+O22 -> 91.03938 | D22: =C22/B22*100 -> 43.146626 | H22: =Субсидии!B23 -> 0 | I22: =Субсидии!C23 -> 0 | K22: ='Субвенции '!B25 -> 93.7 | L22: ='Субвенции '!C25 -> 57.5259 | M22: =L22/K22*100 -> 61.393703 | N22: =Иные!B23 -> 117.3 | O22: =Иные!C23 -> 33.51348 | P22: =O22/N22*100 -> 28.570742
A23: Аткарский район (консолидированный) | B23: =E23+H23+K23+N23 -> 693445.44 | C23: =F23+I23+L23+O23 -> 435084.06 | D23: =C23/B23*100 -> 62.742363 | E23: =SUM(E24:E36) -> 128177.2 | F23: =SUM(F24:F36) -> 92959.5 | G23: =F23/E23*100 -> 72.524209 | H23: =SUM(H24:H36) -> 57747.091 | I23: =SUM(I24:I36) -> 33881.648 | J23: =I23/H23*100 -> 58.672476 | K23: =SUM(K24:K36) -> 441911.4 | L23: =SUM(L24:L36) -> 297854.47 | M23: =L23/K23*100 -> 67.401399 | N23: =SUM(N24:N36) -> 65609.752 | O23: =SUM(O24:O36) -> 10388.444 | P23: =O23/N23*100 -> 15.833689
A24: Аткарский район (собственный) | B24: =E24+H24+K24+N24 -> 631016.2 | C24: =F24+I24+L24+O24 -> 426570.23 | D24: =C24/B24*100 -> 67.60052 | E24: =Дотации!B10 -> 128177.2 | F24: =Дотации!C10 -> 92959.5 | G24: =F24/E24*100 -> 72.524209 | H24: =Субсидии!B25 -> 50452.141 | I24: =Субсидии!C25 -> 29327.698 | J24: =I24/H24*100 -> 58.129739 | K24: ='Субвенции '!B27 -> 439897.1 | L24: ='Субвенции '!C27 -> 296952.87 | M24: =L24/K24*100 -> 67.505075 | N24: =Иные!B25 -> 12489.76 | O24: =Иные!C25 -> 7330.1661 | P24: =O24/N24*100 -> 58.689407
A25: город Аткарск | B25: =E25+H25+K25+N25 -> 56670.192 | C25: =F25+I25+L25+O25 -> 6570.2126 | D25: =C25/B25*100 -> 11.593771 | H25: =Субсидии!B26 -> 3345.7 | I25: =Субсидии!C26 -> 3345.65 | J25: =I25/H25*100 -> 99.998506 | K25: ='Субвенции '!B28 -> 1171.1 | L25: ='Субвенции '!C28 -> 371.17019 | N25: =Иные!B26 -> 52153.392 | O25: =Иные!C26 -> 2853.3924
A26: Барановское МО | B26: =E26+H26+K26+N26 -> 586.2 | C26: =F26+I26+L26+O26 -> 412.01796 | D26: =C26/B26*100 -> 70.286244 | H26: =Субсидии!B27 -> 331.4 | I26: =Субсидии!C27 -> 331.4192 | J26: =I26/H26*100 -> 100.00579 | K26: ='Субвенции '!B29 -> 93.7 | L26: ='Субвенции '!C29 -> 60.59876 | M26: =L26/K26*100 -> 64.67317 | N26: =Иные!B27 -> 161.1 | O26: =Иные!C27 -> 20 | P26: =O26/N26*100 -> 12.414649
A27: Большеекатериновское МО | B27: =E27+H27+K27+N27 -> 0 | C27: =F27+I27+L27+O27 -> 0 | H27: =Субсидии!B28 -> 0 | I27: =Субсидии!C28 -> 0 | K27: ='Субвенции '!B30 -> 0 | L27: ='Субвенции '!C30 -> 0
A28: Даниловское МО | B28: =E28+H28+K28+N28 -> 1395.3 | C28: =F28+I28+L28+O28 -> 167.21567 | D28: =C28/B28*100 -> 11.984209 | H28: =Субсидии!B29 -> 1000 | I28: =Субсидии!C29 -> 0 | K28: ='Субвенции '!B31 -> 234.2 | L28: ='Субвенции '!C31 -> 147.21567 | M28: =L28/K28*100 -> 62.858954 | N28: =Иные!B28 -> 161.1 | O28: =Иные!C28 -> 20 | P28: =O28/N28*100 -> 12.414649
A29: Ершовское МО | B29: =E29+H29+K29+N29 -> 1131.7 | C29: =F29+I29+L29+O29 -> 952.93739 | D29: =C29/B29*100 -> 84.204064 | H29: =Субсидии!B30 -> 876.9 | I29: =Субсидии!C30 -> 876.8808 | J29: =I29/H29*100 -> 99.99781 | K29: ='Субвенции '!B32 -> 93.7 | L29: ='Субвенции '!C32 -> 56.05659 | M29: =L29/K29*100 -> 59.825603 | N29: =Иные!B29 -> 161.1 | O29: =Иные!C29 -> 20 | P29: =O29/N29*100 -> 12.414649
A30: Кочетовское МО | B30: =E30+H30+K30+N30 -> 1338.824 | C30: =F30+I30+L30+O30 -> 246.36063 | D30: =C30/B30*100 -> 18.401271 | H30: =Субсидии!B31 -> 943.524 | I30: =Субсидии!C31 -> 0 | K30: ='Субвенции '!B33 -> 234.2 | L30: ='Субвенции '!C33 -> 141.47478 | M30: =L30/K30*100 -> 60.407677 | N30: =Иные!B30 -> 161.1 | O30: =Иные!C30 -> 104.88585 | P30: =O30/N30*100 -> 65.106052
A31: Лопуховское МО | B31: =E31+H31+K31+N31 -> 254.8 | C31: =F31+I31+L31+O31 -> 83.398 | D31: =C31/B31*100 -> 32.730769 | H31: =Субсидии!B32 -> 0 | I31: =Субсидии!C32 -> 0 | K31: ='Субвенции '!B34 -> 93.7 | L31: ='Субвенции '!C34 -> 63.398 | M31: =L31/K31*100 -> 67.660619 | N31: =Иные!B31 -> 161.1 | O31: =Иные!C31 -> 20 | P31: =O31/N31*100 -> 12.414649
A32: Озерное МО | B32: =E32+H32+K32+N32 -> 1052.226 | C32: =F32+I32+L32+O32 -> 81.68306 | D32: =C32/B32*100 -> 7.7628817 | H32: =Субсидии!B33 -> 797.426 | I32: =Субсидии!C33 -> 0 | K32: ='Субвенции '!B35 -> 93.7 | L32: ='Субвенции '!C35 -> 61.68306 | M32: =L32/K32*100 -> 65.830374 | N32: =Иные!B32 -> 161.1 | O32: =Иные!C32 -> 20 | P32: =O32/N32*100 -> 12.414649
A33: Песчанское МО | B33: =E33+H33+K33+N33 -> 0 | C33: =F33+I33+L33+O33 -> 0 | H33: =Субсидии!B34 -> 0 | I33: =Субсидии!C34 -> 0 | K33: ='Субвенции '!B36 -> 0 | L33: ='Субвенции '!C36 -> 0
A34: Петровское МО | B34: =E34+H34+K34+N34 -> 0 | C34: =F34+I34+L34+O34 -> 0 | H34: =Субсидии!B35 -> 0 | I34: =Субсидии!C35 -> 0 | K34: ='Субвенции '!B37 -> 0 | L34: ='Субвенции '!C37 -> 0
A35: Тургеневское МО | B35: =E35+H35+K35+N35 -> 0 | C35: =F35+I35+L35+O35 -> 0 | H35: =Субсидии!B36 -> 0 | I35: =Субсидии!C36 -> 0 | K35: ='Субвенции '!B38 -> 0 | L35: ='Субвенции '!C38 -> 0
A36: Языковское МО | B36: =E36+H36+K36+N36 -> 0 | C36: =F36+I36+L36+O36 -> 0 | H36: =Субсидии!B37 -> 0 | I36: =Субсидии!C37 -> 0 | K36: ='Субвенции '!B39 -> 0 | L36: ='Субвенции '!C39 -> 0
A37: Базарно-Карабулакский район (консолидированный) | B37: =E37+H37+K37+N37 -> 530481.46 | C37: =F37+I37+L37+O37 -> 361386.04 | D37: =C37/B37*100 -> 68.124161 | E37: =SUM(E38:E51) -> 113762.2 | F37: =SUM(F38:F51) -> 82025.425 | G37: =F37/E37*100 -> 72.102531 | H37: =SUM(H38:H51) -> 49763.537 | I37: =SUM(I38:I51) -> 27419.639 | J37: =I37/H37*100 -> 55.099859 | K37: =SUM(K38:K51) -> 316513.1 | L37: =SUM(L38:L51) -> 215331.72 | M37: =L37/K37*100 -> 68.032483 | N37: =SUM(N38:N51) -> 50442.62 | O37: =SUM(O38:O51) -> 36609.258 | P37: =O37/N37*100 -> 72.576044
A38: Базарно-Карабулакский район (собственный) | B38: =E38+H38+K38+N38 -> 499466.16 | C38: =F38+I38+L38+O38 -> 343956.66 | D38: =C38/B38*100 -> 68.864857 | E38: =Дотации!B11 -> 113762.2 | F38: =Дотации!C11 -> 82025.425 | G38: =F38/E38*100 -> 72.102531 | H38: =Субсидии!B39 -> 41990.441 | I38: =Субсидии!C39 -> 21489.879 | J38: =I38/H38*100 -> 51.178028 | K38: ='Субвенции '!B41 -> 314826.8 | L38: ='Субвенции '!C41 -> 214263 | M38: =L38/K38*100 -> 68.057422 | N38: =Иные!B34 -> 28886.72 | O38: =Иные!C34 -> 26178.35 | P38: =O38/N38*100 -> 90.624168
A39: Алексеевское МО | B39: =E39+H39+K39+N39 -> 1113.8323 | C39: =F39+I39+L39+O39 -> 225.19593 | D39: =C39/B39*100 -> 20.218118 | H39: =Субсидии!B40 -> 644.63232 | I39: =Субсидии!C40 -> 0 | K39: ='Субвенции '!B42 -> 234.2 | L39: ='Субвенции '!C42 -> 152.39904 | M39: =L39/K39*100 -> 65.072178 | N39: =Иные!B35 -> 235 | O39: =Иные!C35 -> 72.79689 | P39: =O39/N39*100 -> 30.9774
A40: Базарно-Карабулакское МО | B40: =E40+H40+K40+N40 -> 21993.6 | C40: =F40+I40+L40+O40 -> 11993.64 | D40: =C40/B40*100 -> 54.532409 | H40: =Субсидии!B41 -> 1993.6 | I40: =Субсидии!C41 -> 1993.64 | J40: =I40/H40*100 -> 100.00201 | N40: =Иные!B36 -> 20000 | O40: =Иные!C36 -> 10000 | P40: =O40/N40*100 -> 50
A41: Большечечуйское МО | B41: =E41+H41+K41+N41 -> 894.3 | C41: =F41+I41+L41+O41 -> 801.03731 | D41: =C41/B41*100 -> 89.571431 | H41: =Субсидии!B42 -> 705.2 | I41: =Субсидии!C42 -> 705.2 | J41: =I41/H41*100 -> 100 | K41: ='Субвенции '!B43 -> 93.7 | L41: ='Субвенции '!C43 -> 59.4411 | M41: =L41/K41*100 -> 63.437673 | N41: =Иные!B37 -> 95.4 | O41: =Иные!C37 -> 36.39621 | P41: =O41/N41*100 -> 38.151164
A42: Вязовское МО | B42: =E42+H42+K42+N42 -> 0 | C42: =F42+I42+L42+O42 -> 0 | K42: ='Субвенции '!B44 -> 0 | L42: ='Субвенции '!C44 -> 0
A43: Липовское МО | B43: =E43+H43+K43+N43 -> 3933 | C43: =F43+I43+L43+O43 -> 3128.6956 | D43: =C43/B43*100 -> 79.54985 | H43: =Субсидии!B43 -> 3473.6 | I43: =Субсидии!C43 -> 2944.1 | J43: =I43/H43*100 -> 84.756449 | K43: ='Субвенции '!B45 -> 234.2 | L43: ='Субвенции '!C45 -> 152.89371 | M43: =L43/K43*100 -> 65.283395 | N43: =Иные!B38 -> 225.2 | O43: =Иные!C38 -> 31.70188 | P43: =O43/N43*100 -> 14.077211
A44: Максимовское МО | B44: =E44+H44+K44+N44 -> 1319.2637 | C44: =F44+I44+L44+O44 -> 472.59774 | D44: =C44/B44*100 -> 35.822841 | H44: =Субсидии!B44 -> 956.0637 | I44: =Субсидии!C44 -> 286.81911 | J44: =I44/H44*100 -> 30 | K44: ='Субвенции '!B46 -> 234.2 | L44: ='Субвенции '!C46 -> 148.20603 | M44: =L44/K44*100 -> 63.281823 | N44: =Иные!B39 -> 129 | O44: =Иные!C39 -> 37.5726 | P44: =O44/N44*100 -> 29.126047
A45: Свободинское МО | B45: =E45+H45+K45+N45 -> 542.8 | C45: =F45+I45+L45+O45 -> 224.82793 | D45: =C45/B45*100 -> 41.420031 | H45: =Субсидии!B45 -> 0 | I45: =Субсидии!C45 -> 0 | K45: ='Субвенции '!B47 -> 234.2 | L45: ='Субвенции '!C47 -> 139.11545 | M45: =L45/K45*100 -> 59.400278 | N45: =Иные!B40 -> 308.6 | O45: =Иные!C40 -> 85.71248 | P45: =O45/N45*100 -> 27.774621
A46: Старобурасское МО | B46: =E46+H46+K46+N46 -> 192.3 | C46: =F46+I46+L46+O46 -> 90.02315 | D46: =C46/B46*100 -> 46.813911 | H46: =Субсидии!B46 -> 0 | I46: =Субсидии!C46 -> 0 | K46: ='Субвенции '!B48 -> 93.7 | L46: ='Субвенции '!C48 -> 64.192 | M46: =L46/K46*100 -> 68.508004 | N46: =Иные!B41 -> 98.6 | O46: =Иные!C41 -> 25.83115 | P46: =O46/N46*100 -> 26.197921
A47: Старожуковское МО | B47: =E47+H47+K47+N47 -> 467.5 | C47: =F47+I47+L47+O47 -> 221.0129 | D47: =C47/B47*100 -> 47.275487 | H47: =Субсидии!B47 -> 0 | I47: =Субсидии!C47 -> 0 | K47: ='Субвенции '!B49 -> 234.2 | L47: ='Субвенции '!C49 -> 148.21601 | M47: =L47/K47*100 -> 63.286085 | N47: =Иные!B42 -> 233.3 | O47: =Иные!C42 -> 72.79689 | P47: =O47/N47*100 -> 31.203125
A48: Тепляковское МО | B48: =E48+H48+K48+N48 -> 0 | C48: =F48+I48+L48+O48 -> 0 | K48: ='Субвенции '!B50 -> 0 | L48: ='Субвенции '!C50 -> 0
A49: Хватовское МО | B49: =E49+H49+K49+N49 -> 0 | C49: =F49+I49+L49+O49 -> 0 | K49: ='Субвенции '!B51 -> 0 | L49: ='Субвенции '!C51 -> 0
A50: Шняевское МО | B50: =E50+H50+K50+N50 -> 184.2 | C50: =F50+I50+L50+O50 -> 78.7509 | D50: =C50/B50*100 -> 42.752932 | K50: ='Субвенции '!B52 -> 93.7 | L50: ='Субвенции '!C52 -> 55.26802 | M50: =L50/K50*100 -> 58.984013 | N50: =Иные!B43 -> 90.5 | O50: =Иные!C43 -> 23.48288 | P50: =O50/N50*100 -> 25.947934
A51: Яковлевское МО | B51: =E51+H51+K51+N51 -> 374.5 | C51: =F51+I51+L51+O51 -> 193.6027 | D51: =C51/B51*100 -> 51.696315 | H51: =Субсидии!B48 -> 0 | I51: =Субсидии!C48 -> 0 | K51: ='Субвенции '!B53 -> 234.2 | L51: ='Субвенции '!C53 -> 148.98524 | M51: =L51/K51*100 -> 63.614535 | N51: =Иные!B44 -> 140.3 | O51: =Иные!C44 -> 44.61746 | P51: =O51/N51*100 -> 31.801468
A52: Балаковский район (консолидированный) | B52: =E52+H52+K52+N52 -> 3069512.8 | C52: =F52+I52+L52+O52 -> 1690158.5 | D52: =C52/B52*100 -> 55.062763 | E52: =SUM(E53:E56) -> 3449 | F52: =SUM(F53:F56) -> 2586.75 | H52: =SUM(H53:H56) -> 617230.36 | I52: =SUM(I53:I56) -> 288112.83 | J52: =I52/H52*100 -> 46.678332 | K52: =SUM(K53:K56) -> 1869498.8 | L52: =SUM(L53:L56) -> 1249798.4 | M52: =L52/K52*100 -> 66.852056 | N52: =SUM(N53:N56) -> 579334.61 | O52: =SUM(O53:O56) -> 149660.58 | P52: =O52/N52*100 -> 25.833184
A53: Балаковский район (собственный) | B53: =E53+H53+K53+N53 -> 2392058.2 | C53: =F53+I53+L53+O53 -> 1416265.3 | D53: =C53/B53*100 -> 59.206975 | E53: =Дотации!B12 -> 3449 | F53: =Дотации!C12 -> 2586.75 | H53: =Субсидии!B50 -> 278477.06 | I53: =Субсидии!C50 -> 125873.15 | J53: =I53/H53*100 -> 45.200545 | K53: ='Субвенции '!B55 -> 1868796.2 | L53: ='Субвенции '!C55 -> 1249360.3 | M53: =L53/K53*100 -> 66.853749 | N53: =Иные!B46 -> 241335.98 | O53: =Иные!C46 -> 38445.104 | P53: =O53/N53*100 -> 15.930117
A54: город Балаково | B54: =E54+H54+K54+N54 -> 492286.83 | C54: =F54+I54+L54+O54 -> 203242.46 | D54: =C54/B54*100 -> 41.285374 | H54: =Субсидии!B51 -> 154288.2 | I54: =Субсидии!C51 -> 92026.987 | J54: =I54/H54*100 -> 59.64616 | N54: =Иные!B47 -> 337998.63 | O54: =Иные!C47 -> 111215.47 | P54: =O54/N54*100 -> 32.904119
A55: Быково-Отрогское МО | B55: =E55+H55+K55+N55 -> 5617.1 | C55: =F55+I55+L55+O55 -> 326.61212 | D55: =C55/B55*100 -> 5.814604 | H55: =Субсидии!B53 -> 5148.7 | I55: =Субсидии!C53 -> 35.75657 | J55: =I55/H55*100 -> 0.69447764 | K55: ='Субвенции '!B56 -> 468.4 | L55: ='Субвенции '!C56 -> 290.85555 | M55: =L55/K55*100 -> 62.095549
A56: Натальинское МО | B56: =E56+H56+K56+N56 -> 179550.6 | C56: =F56+I56+L56+O56 -> 70324.145 | D56: =C56/B56*100 -> 39.166757 | H56: =Субсидии!B52 -> 179316.4 | I56: =Субсидии!C52 -> 70176.944 | J56: =I56/H56*100 -> 39.135821 | K56: ='Субвенции '!B57 -> 234.2 | L56: ='Субвенции '!C57 -> 147.20155 | M56: =L56/K56*100 -> 62.852925 | N56: =Иные!B48 -> 0
A57: Балашовский район (консолидированный) | B57: =E57+H57+K57+N57 -> 1676512.7 | C57: =F57+I57+L57+O57 -> 981283 | D57: =C57/B57*100 -> 58.531201 | E57: =SUM(E58:E74) -> 166405.7 | F57: =SUM(F58:F74) -> 120760.82 | G57: =F57/E57*100 -> 72.570125 | H57: =SUM(H58:H74) -> 337549.86 | I57: =SUM(I58:I74) -> 150988.46 | J57: =I57/H57*100 -> 44.730713 | K57: =SUM(K58:K74) -> 933556.8 | L57: =SUM(L58:L74) -> 610818.23 | M57: =L57/K57*100 -> 65.429145 | N57: =SUM(N58:N74) -> 239000.3 | O57: =SUM(O58:O74) -> 98715.483 | P57: =O57/N57*100 -> 41.303498
A58: Балашовский район (собственный) | B58: =E58+H58+K58+N58 -> 1489541.5 | C58: =F58+I58+L58+O58 -> 864712.59 | D58: =C58/B58*100 -> 58.052267 | E58: =Дотации!B13 -> 166405.7 | F58: =Дотации!C13 -> 120760.82 | G58: =F58/E58*100 -> 72.570125 | H58: =Субсидии!B55 -> 265256.96 | I58: =Субсидии!C55 -> 111959.73 | J58: =I58/H58*100 -> 42.208027 | K58: ='Субвенции '!B59 -> 931167.8 | L58: ='Субвенции '!C59 -> 609392.12 | M58: =L58/K58*100 -> 65.443857 | N58: =Иные!B50 -> 126711 | O58: =Иные!C50 -> 22599.908 | P58: =O58/N58*100 -> 17.83579
A59: город Балашов | B59: =E59+H59+K59+N59 -> 131001.9 | C59: =F59+I59+L59+O59 -> 93839.882 | D59: =C59/B59*100 -> 71.632459 | H59: =Субсидии!B56 -> 21001.9 | I59: =Субсидии!C56 -> 18001.877 | J59: =I59/H59*100 -> 85.71547 | N59: =Иные!B51 -> 110000 | O59: =Иные!C51 -> 75838.005 | P59: =O59/N59*100 -> 68.943641
A60: Барковское МО | B60: =E60+H60+K60+N60 -> 191.5 | C60: =F60+I60+L60+O60 -> 65.78767 | D60: =C60/B60*100 -> 34.353875 | H60: =Субсидии!B57 -> 0 | I60: =Субсидии!C57 -> 0 | K60: ='Субвенции '!B60 -> 93.7 | L60: ='Субвенции '!C60 -> 65.78767 | M60: =L60/K60*100 -> 70.210961 | N60: =Иные!B52 -> 97.8 | O60: =Иные!C52 -> 0 | P60: =O60/N60*100 -> 0
A61: Большемеликское МО | B61: =E61+H61+K61+N61 -> 444.2 | C61: =F61+I61+L61+O61 -> 127.51312 | D61: =C61/B61*100 -> 28.70624 | H61: =Субсидии!B58 -> 0 | I61: =Субсидии!C58 -> 0 | K61: ='Субвенции '!B61 -> 234.2 | L61: ='Субвенции '!C61 -> 127.51312 | M61: =L61/K61*100 -> 54.446251 | N61: =Иные!B53 -> 210 | O61: =Иные!C53 -> 0 | P61: =O61/N61*100 -> 0
A62: Лесновское МО | B62: =E62+H62+K62+N62 -> 182 | C62: =F62+I62+L62+O62 -> 76.55644 | D62: =C62/B62*100 -> 42.063978 | H62: =Субсидии!B59 -> 0 | I62: =Субсидии!C59 -> 0 | K62: ='Субвенции '!B62 -> 93.7 | L62: ='Субвенции '!C62 -> 57.75644 | M62: =L62/K62*100 -> 61.639744 | N62: =Иные!B54 -> 88.3 | O62: =Иные!C54 -> 18.8 | P62: =O62/N62*100 -> 21.291053
A63: Малосеменовское МО | B63: =E63+H63+K63+N63 -> 226.9 | C63: =F63+I63+L63+O63 -> 76.8859 | D63: =C63/B63*100 -> 33.885368 | K63: ='Субвенции '!B63 -> 93.7 | L63: ='Субвенции '!C63 -> 56.0859 | M63: =L63/K63*100 -> 59.856884 | N63: =Иные!B55 -> 133.2 | O63: =Иные!C55 -> 20.8 | P63: =O63/N63*100 -> 15.615616
A64: Новопокровское МО | B64: =E64+H64+K64+N64 -> 226.9 | C64: =F64+I64+L64+O64 -> 86.56918 | D64: =C64/B64*100 -> 38.15301 | H64: =Субсидии!B60 -> 0 | I64: =Субсидии!C60 -> 0 | K64: ='Субвенции '!B64 -> 93.7 | L64: ='Субвенции '!C64 -> 56.74099 | M64: =L64/K64*100 -> 60.556019 | N64: =Иные!B56 -> 133.2 | O64: =Иные!C56 -> 29.82819 | P64: =O64/N64*100 -> 22.393536
A65: Октябрьское МО | B65: =E65+H65+K65+N65 -> 235.1 | C65: =F65+I65+L65+O65 -> 48.4478 | D65: =C65/B65*100 -> 20.607316 | H65: =Субсидии!B61 -> 0 | I65: =Субсидии!C61 -> 0 | K65: ='Субвенции '!B65 -> 93.7 | L65: ='Субвенции '!C65 -> 48.4478 | M65: =L65/K65*100 -> 51.705229 | N65: =Иные!B66 -> 141.4 | O65: =Иные!C66 -> 0 | P65: =O65/N65*100 -> 0
A66: Пинеровское МО | B66: =E66+H66+K66+N66 -> 294.5 | C66: =F66+I66+L66+O66 -> 176.55305 | D66: =C66/B66*100 -> 59.950102 | H66: =Субсидии!B63 -> 0 | I66: =Субсидии!C63 -> 0 | K66: ='Субвенции '!B67 -> 234.2 | L66: ='Субвенции '!C67 -> 159.29742 | M66: =L66/K66*100 -> 68.017686 | N66: =Иные!B59 -> 60.3 | O66: =Иные!C59 -> 17.25563 | P66: =O66/N66*100 -> 28.616302
A67: Первомайское МО | B67: =E67+H67+K67+N67 -> 367.4 | C67: =F67+I67+L67+O67 -> 148.13072 | D67: =C67/B67*100 -> 40.31865 | H67: =Субсидии!B62 -> 0 | I67: =Субсидии!C62 -> 0 | K67: ='Субвенции '!B66 -> 234.2 | L67: ='Субвенции '!C66 -> 148.13072 | M67: =L67/K67*100 -> 63.249667 | N67: =Иные!B57 -> 133.2 | O67: =Иные!C57 -> 0 | P67: =O67/N67*100 -> 0
A68: Репинское МО | B68: =E68+H68+K68+N68 -> 49671.7 | C68: =F68+I68+L68+O68 -> 20562.347 | D68: =C68/B68*100 -> 41.396504 | H68: =Субсидии!B64 -> 49291 | I68: =Субсидии!C64 -> 20426.854 | J68: =I68/H68*100 -> 41.441346 | K68: ='Субвенции '!B68 -> 234.2 | L68: ='Субвенции '!C68 -> 135.49351 | M68: =L68/K68*100 -> 57.853762 | N68: =Иные!B58 -> 146.5 | O68: =Иные!C58 -> 0 | P68: =O68/N68*100 -> 0
A69: Родничковское МО | B69: =E69+H69+K69+N69 -> 243.2 | C69: =F69+I69+L69+O69 -> 63.60516 | D69: =C69/B69*100 -> 26.153438 | H69: =Субсидии!B65 -> 0 | I69: =Субсидии!C65 -> 0 | K69: ='Субвенции '!B69 -> 93.7 | L69: ='Субвенции '!C69 -> 63.60516 | M69: =L69/K69*100 -> 67.881708 | N69: =Иные!B60 -> 149.5 | O69: =Иные!C60 -> 0 | P69: =O69/N69*100 -> 0
A70: Соцземледельское МО | B70: =E70+H70+K70+N70 -> 226.9 | C70: =F70+I70+L70+O70 -> 158.63118 | D70: =C70/B70*100 -> 69.912375 | H70: =Субсидии!B66 -> 0 | I70: =Субсидии!C66 -> 0 | K70: ='Субвенции '!B70 -> 93.7 | L70: ='Субвенции '!C70 -> 57.81592 | M70: =L70/K70*100 -> 61.703223 | N70: =Иные!B61 -> 133.2 | O70: =Иные!C61 -> 100.81526 | P70: =O70/N70*100 -> 75.687132
A71: Старохоперское МО | B71: =E71+H71+K71+N71 -> 334.5 | C71: =F71+I71+L71+O71 -> 119.92133 | D71: =C71/B71*100 -> 35.850921 | H71: =Субсидии!B67 -> 0 | I71: =Субсидии!C67 -> 0 | K71: ='Субвенции '!B71 -> 93.7 | L71: ='Субвенции '!C71 -> 64.05033 | M71: =L71/K71*100 -> 68.356809 | N71: =Иные!B62 -> 240.8 | O71: =Иные!C62 -> 55.871 | P71: =O71/N71*100 -> 23.202243
A72: Терновское МО | B72: =E72+H72+K72+N72 -> 1442.6 | C72: =F72+I72+L72+O72 -> 389.05909 | D72: =C72/B72*100 -> 26.969298 | H72: =Субсидии!B68 -> 1000 | I72: =Субсидии!C68 -> 300 | J72: =I72/H72*100 -> 30 | K72: ='Субвенции '!B72 -> 234.2 | L72: ='Субвенции '!C72 -> 79.95909 | M72: =L72/K72*100 -> 34.141371 | N72: =Иные!B63 -> 208.4 | O72: =Иные!C63 -> 9.1 | P72: =O72/N72*100 -> 4.3666027
A73: Тростянское МО | B73: =E73+H73+K73+N73 -> 480 | C73: =F73+I73+L73+O73 -> 151.99221 | D73: =C73/B73*100 -> 31.665044 | H73: =Субсидии!B69 -> 0 | I73: =Субсидии!C69 -> 0 | K73: ='Субвенции '!B73 -> 234.2 | L73: ='Субвенции '!C73 -> 151.99221 | M73: =L73/K73*100 -> 64.898467 | N73: =Иные!B64 -> 245.8 | O73: =Иные!C64 -> 0 | P73: =O73/N73*100 -> 0
A74: Хоперское МО | B74: =E74+H74+K74+N74 -> 1401.9 | C74: =F74+I74+L74+O74 -> 478.52868 | D74: =C74/B74*100 -> 34.134295 | H74: =Субсидии!B70 -> 1000 | I74: =Субсидии!C70 -> 300 | J74: =I74/H74*100 -> 30 | K74: ='Субвенции '!B74 -> 234.2 | L74: ='Субвенции '!C74 -> 153.42868 | M74: =L74/K74*100 -> 65.511819 | N74: =Иные!B65 -> 167.7 | O74: =Иные!C65 -> 25.1 | P74: =O74/N74*100 -> 14.967203
A75: Балтайский район (консолидированный) | B75: =E75+H75+K75+N75 -> 261892.65 | C75: =F75+I75+L75+O75 -> 186727.04 | D75: =C75/B75*100 -> 71.299077 | E75: =SUM(E76:E80) -> 64081.5 | F75: =SUM(F76:F80) -> 47320.125 | G75: =F75/E75*100 -> 73.84366 | H75: =SUM(H76:H80) -> 27228.453 | I75: =SUM(I76:I80) -> 15820.222 | J75: =I75/H75*100 -> 58.101803 | K75: =SUM(K76:K80) -> 146095 | L75: =SUM(L76:L80) -> 99378.451 | M75: =L75/K75*100 -> 68.023171 | N75: =SUM(N76:N80) -> 24487.7 | O75: =SUM(O76:O80) -> 24208.246 | P75: =O75/N75*100 -> 98.8588
A76: Балтайский район (собственный) | B76: =E76+H76+K76+N76 -> 248729.9 | C76: =F76+I76+L76+O76 -> 175116.86 | D76: =C76/B76*100 -> 70.404425 | E76: =Дотации!B14 -> 64081.5 | F76: =Дотации!C14 -> 47320.125 | G76: =F76/E76*100 -> 73.84366 | H76: =Субсидии!B72 -> 25100.5 | I76: =Субсидии!C72 -> 14782.752 | J76: =I76/H76*100 -> 58.894254 | K76: ='Субвенции '!B76 -> 145439.2 | L76: ='Субвенции '!C76 -> 98952.408 | M76: =L76/K76*100 -> 68.036959 | N76: =Иные!B68 -> 14108.7 | O76: =Иные!C68 -> 14061.57 | P76: =O76/N76*100 -> 99.665954
A77: Балтайское МО | B77: =E77+H77+K77+N77 -> 12362.153 | C77: =F77+I77+L77+O77 -> 11195.039 | D77: =C77/B77*100 -> 90.558981 | H77: =Субсидии!B73 -> 2127.9525 | I77: =Субсидии!C73 -> 1037.4694 | J77: =I77/H77*100 -> 48.754351 | K77: ='Субвенции '!B77 -> 234.2 | L77: ='Субвенции '!C77 -> 157.56989 | M77: =L77/K77*100 -> 67.280056 | N77: =Иные!B69 -> 10000 | O77: =Иные!C69 -> 10000 | P77: =O77/N77*100 -> 100
A78: Барнуковское МО | B78: =E78+H78+K78+N78 -> 190.1 | C78: =F78+I78+L78+O78 -> 78.9123 | D78: =C78/B78*100 -> 41.510942 | H78: =Субсидии!B74 -> 0 | I78: =Субсидии!C74 -> 0 | K78: ='Субвенции '!B78 -> 93.7 | L78: ='Субвенции '!C78 -> 57.7335 | M78: =L78/K78*100 -> 61.615261 | N78: =Иные!B70 -> 96.4 | O78: =Иные!C70 -> 21.1788 | P78: =O78/N78*100 -> 21.96971
A79: Большеозерское МО | B79: =E79+H79+K79+N79 -> 190.1 | C79: =F79+I79+L79+O79 -> 94.94497 | D79: =C79/B79*100 -> 49.94475 | H79: =Субсидии!B75 -> 0 | I79: =Субсидии!C75 -> 0 | K79: ='Субвенции '!B79 -> 93.7 | L79: ='Субвенции '!C79 -> 57.45161 | M79: =L79/K79*100 -> 61.314418 | N79: =Иные!B71 -> 96.4 | O79: =Иные!C71 -> 37.49336 | P79: =O79/N79*100 -> 38.893527
A80: Царевщинское МО | B80: =E80+H80+K80+N80 -> 420.4 | C80: =F80+I80+L80+O80 -> 241.29163 | D80: =C80/B80*100 -> 57.395725 | H80: =Субсидии!B76 -> 0 | I80: =Субсидии!C76 -> 0 | K80: ='Субвенции '!B80 -> 234.2 | L80: ='Субвенции '!C80 -> 153.28796 | M80: =L80/K80*100 -> 65.451734 | N80: =Иные!B72 -> 186.2 | O80: =Иные!C72 -> 88.00367 | P80: =O80/N80*100 -> 47.262981
A81: Вольский район (консолидированный) | B81: =E81+H81+K81+N81 -> 1389529.3 | C81: =F81+I81+L81+O81 -> 926189.32 | D81: =C81/B81*100 -> 66.654895 | E81: =SUM(E82:E97) -> 135212 | F81: =SUM(F82:F97) -> 108804.4 | G81: =F81/E81*100 -> 80.469485 | H81: =SUM(H82:H97) -> 208841.54 | I81: =SUM(I82:I97) -> 127658.96 | J81: =I81/H81*100 -> 61.127188 | K81: =SUM(K82:K97) -> 837095.9 | L81: =SUM(L82:L97) -> 580166.24 | M81: =L81/K81*100 -> 69.307021 | N81: =SUM(N82:N97) -> 208379.9 | O81: =SUM(O82:O97) -> 109559.72 | P81: =O81/N81*100 -> 52.576916
A82: Вольский район (собственный) | B82: =E82+H82+K82+N82 -> 1117804.2 | C82: =F82+I82+L82+O82 -> 785814.41 | D82: =C82/B82*100 -> 70.299828 | E82: =Дотации!B15 -> 135212 | F82: =Дотации!C15 -> 108804.4 | G82: =F82/E82*100 -> 80.469485 | H82: =Субсидии!B78 -> 92349.061 | I82: =Субсидии!C78 -> 47701.296 | J82: =I82/H82*100 -> 51.653255 | K82: ='Субвенции '!B82 -> 835222.1 | L82: ='Субвенции '!C82 -> 579067.04 | M82: =L82/K82*100 -> 69.330905 | N82: =Иные!B74 -> 55021 | O82: =Иные!C74 -> 50241.668 | P82: =O82/N82*100 -> 91.313623
A83: город Вольск | B83: =E83+H83+K83+N83 -> 230822.3 | C83: =F83+I83+L83+O83 -> 135985.39 | D83: =C83/B83*100 -> 58.913456 | H83: =Субсидии!B79 -> 78792.5 | I83: =Субсидии!C79 -> 77053.822 | J83: =I83/H83*100 -> 97.793346 | N83: =Иные!B75 -> 152029.8 | O83: =Иные!C75 -> 58931.573 | P83: =O83/N83*100 -> 38.763172
A84: Барановское МО | B84: =E84+H84+K84+N84 -> 1077.685 | C84: =F84+I84+L84+O84 -> 72.2785 | D84: =C84/B84*100 -> 6.7068299 | H84: =Субсидии!B80 -> 886.785 | I84: =Субсидии!C80 -> 0 | J84: =I84/H84*100 -> 0 | K84: ='Субвенции '!B83 -> 93.7 | L84: ='Субвенции '!C83 -> 53.07449 | M84: =L84/K84*100 -> 56.642999 | N84: =Иные!B76 -> 97.2 | O84: =Иные!C76 -> 19.20401 | P84: =O84/N84*100 -> 19.757212
A85: Белогорновское МО | B85: =E85+H85+K85+N85 -> 146 | C85: =F85+I85+L85+O85 -> 72.76049 | D85: =C85/B85*100 -> 49.835952 | H85: =Субсидии!B81 -> 0 | I85: =Субсидии!C81 -> 0 | K85: ='Субвенции '!B84 -> 93.7 | L85: ='Субвенции '!C84 -> 55.32931 | M85: =L85/K85*100 -> 59.049424 | N85: =Иные!B77 -> 52.3 | O85: =Иные!C77 -> 17.43118 | P85: =O85/N85*100 -> 33.329216
A86: Верхнечернавское МО | B86: =E86+H86+K86+N86 -> 190.9 | C86: =F86+I86+L86+O86 -> 81.10989 | D86: =C86/B86*100 -> 42.488156 | H86: =Субсидии!B82 -> 0 | I86: =Субсидии!C82 -> 0 | K86: ='Субвенции '!B85 -> 93.7 | L86: ='Субвенции '!C85 -> 55.50533 | M86: =L86/K86*100 -> 59.237279 | N86: =Иные!B78 -> 97.2 | O86: =Иные!C78 -> 25.60456 | P86: =O86/N86*100 -> 26.34214
A87: Колоярское МО | B87: =E87+H87+K87+N87 -> 1016 | C87: =F87+I87+L87+O87 -> 327.90357 | D87: =C87/B87*100 -> 32.273973 | H87: =Субсидии!B84 -> 870 | I87: =Субсидии!C84 -> 261 | J87: =I87/H87*100 -> 30 | K87: ='Субвенции '!B86 -> 93.7 | L87: ='Субвенции '!C86 -> 58.12992 | M87: =L87/K87*100 -> 62.038335 | N87: =Иные!B80 -> 52.3 | O87: =Иные!C80 -> 8.77365 | P87: =O87/N87*100 -> 16.775621
A88: Кряжимское МО | B88: =E88+H88+K88+N88 -> 969.102 | C88: =F88+I88+L88+O88 -> 77.16455 | D88: =C88/B88*100 -> 7.9624797 | H88: =Субсидии!B83 -> 823.102 | I88: =Субсидии!C83 -> 0 | J88: =I88/H88*100 -> 0 | K88: ='Субвенции '!B87 -> 93.7 | L88: ='Субвенции '!C87 -> 55.77173 | M88: =L88/K88*100 -> 59.52159 | N88: =Иные!B79 -> 52.3 | O88: =Иные!C79 -> 21.39282 | P88: =O88/N88*100 -> 40.904054
A89: Куриловское МО | B89: =E89+H89+K89+N89 -> 647.6 | C89: =F89+I89+L89+O89 -> 540.88746 | D89: =C89/B89*100 -> 83.521844 | H89: =Субсидии!B85 -> 456.7 | I89: =Субсидии!C85 -> 456.6576 | J89: =I89/H89*100 -> 99.990716 | K89: ='Субвенции '!B88 -> 93.7 | L89: ='Субвенции '!C88 -> 51.8309 | M89: =L89/K89*100 -> 55.315795 | N89: =Иные!B81 -> 97.2 | O89: =Иные!C81 -> 32.39896 | P89: =O89/N89*100 -> 33.332263
A90: Междуреченское МО | B90: =E90+H90+K90+N90 -> 1145.578 | C90: =F90+I90+L90+O90 -> 1072.4427 | D90: =C90/B90*100 -> 93.615861 | H90: =Субсидии!B86 -> 999.578 | I90: =Субсидии!C86 -> 999.578 | J90: =I90/H90*100 -> 100 | K90: ='Субвенции '!B89 -> 93.7 | L90: ='Субвенции '!C89 -> 55.43353 | M90: =L90/K90*100 -> 59.160651 | N90: =Иные!B82 -> 52.3 | O90: =Иные!C82 -> 17.43118 | P90: =O90/N90*100 -> 33.329216
A91: Нижнечернавское МО | B91: =E91+H91+K91+N91 -> 897.4134 | C91: =F91+I91+L91+O91 -> 84.43474 | D91: =C91/B91*100 -> 9.4086783 | H91: =Субсидии!B87 -> 751.4134 | I91: =Субсидии!C87 -> 0 | J91: =I91/H91*100 -> 0 | K91: ='Субвенции '!B90 -> 93.7 | L91: ='Субвенции '!C90 -> 60.30876 | M91: =L91/K91*100 -> 64.363671 | N91: =Иные!B83 -> 52.3 | O91: =Иные!C83 -> 24.12598 | P91: =O91/N91*100 -> 46.129981
A92: Покровское МО | B92: =E92+H92+K92+N92 -> 146 | C92: =F92+I92+L92+O92 -> 68.81934 | D92: =C92/B92*100 -> 47.136534 | H92: =Субсидии!B88 -> 0 | I92: =Субсидии!C88 -> 0 | K92: ='Субвенции '!B91 -> 93.7 | L92: ='Субвенции '!C91 -> 51.38816 | M92: =L92/K92*100 -> 54.843287 | N92: =Иные!B84 -> 52.3 | O92: =Иные!C84 -> 17.43118 | P92: =O92/N92*100 -> 33.329216
A93: Сенное МО | B93: =E93+H93+K93+N93 -> 1482.2 | C93: =F93+I93+L93+O93 -> 233.95679 | D93: =C93/B93*100 -> 15.784428 | H93: =Субсидии!B89 -> 970 | I93: =Субсидии!C89 -> 0 | J93: =I93/H93*100 -> 0 | K93: ='Субвенции '!B92 -> 234.2 | L93: ='Субвенции '!C92 -> 137.76711 | M93: =L93/K93*100 -> 58.824556 | N93: =Иные!B85 -> 278 | O93: =Иные!C85 -> 96.18968 | P93: =O93/N93*100 -> 34.600604
A94: Талалихинское МО | B94: =E94+H94+K94+N94 -> 1568.2 | C94: =F94+I94+L94+O94 -> 79.65901 | D94: =C94/B94*100 -> 5.0796461 | H94: =Субсидии!B90 -> 1422.2 | I94: =Субсидии!C90 -> 0 | J94: =I94/H94*100 -> 0 | K94: ='Субвенции '!B93 -> 93.7 | L94: ='Субвенции '!C93 -> 55.53303 | M94: =L94/K94*100 -> 59.266841 | N94: =Иные!B86 -> 52.3 | O94: =Иные!C86 -> 24.12598 | P94: =O94/N94*100 -> 46.129981
A95: Терсинское МО | B95: =E95+H95+K95+N95 -> 30189.8 | C95: =F95+I95+L95+O95 -> 568.20581 | D95: =C95/B95*100 -> 1.8821119 | H95: =Субсидии!B91 -> 29768.6 | I95: =Субсидии!C91 -> 434.96435 | J95: =I95/H95*100 -> 1.4611515 | K95: ='Субвенции '!B94 -> 234.2 | L95: ='Субвенции '!C94 -> 133.24146 | M95: =L95/K95*100 -> 56.892169 | N95: =Иные!B87 -> 187 | O95: =Иные!C87 -> 0 | P95: =O95/N95*100 -> 0
A96: Черкасское МО | B96: =E96+H96+K96+N96 -> 1095 | C96: =F96+I96+L96+O96 -> 927.54236 | D96: =C96/B96*100 -> 84.707065 | H96: =Субсидии!B92 -> 751.6 | I96: =Субсидии!C92 -> 751.64235 | J96: =I96/H96*100 -> 100.00563 | K96: ='Субвенции '!B95 -> 234.2 | L96: ='Субвенции '!C95 -> 137.27117 | M96: =L96/K96*100 -> 58.612797 | N96: =Иные!B88 -> 109.2 | O96: =Иные!C88 -> 38.62884 | P96: =O96/N96*100 -> 35.374396
A97: Широкобуеракское МО | B97: =E97+H97+K97+N97 -> 331.4 | C97: =F97+I97+L97+O97 -> 182.35423 | D97: =C97/B97*100 -> 55.025416 | H97: =Субсидии!B93 -> 0 | I97: =Субсидии!C93 -> 0 | K97: ='Субвенции '!B96 -> 234.2 | L97: ='Субвенции '!C96 -> 138.60856 | M97: =L97/K97*100 -> 59.183843 | N97: =Иные!B89 -> 97.2 | O97: =Иные!C89 -> 43.74567 | P97: =O97/N97*100 -> 45.005833
A98: Воскресенский район (консолидированный) | B98: =E98+H98+K98+N98 -> 245835.65 | C98: =F98+I98+L98+O98 -> 167383.42 | D98: =C98/B98*100 -> 68.087529 | E98: =SUM(E99:E102) -> 52984.2 | F98: =SUM(F99:F102) -> 41250.95 | G98: =F98/E98*100 -> 77.855191 | H98: =SUM(H99:H102) -> 23747.647 | I98: =SUM(I99:I102) -> 12376.37 | J98: =I98/H98*100 -> 52.116197 | K98: =SUM(K99:K102) -> 162171.3 | L98: =SUM(L99:L102) -> 108836.27 | M98: =L98/K98*100 -> 67.111919 | N98: =SUM(N99:N102) -> 6932.5 | O98: =SUM(O99:O102) -> 4919.825 | P98: =O98/N98*100 -> 70.967544
A99: Воскресенский район (собственный) | B99: =E99+H99+K99+N99 -> 240530.7 | C99: =F99+I99+L99+O99 -> 164882.18 | D99: =C99/B99*100 -> 68.54933 | E99: =Дотации!B16 -> 52984.2 | F99: =Дотации!C16 -> 41250.95 | G99: =F99/E99*100 -> 77.855191 | H99: =Субсидии!B95 -> 19609.3 | I99: =Субсидии!C95 -> 10396.102 | J99: =I99/H99*100 -> 53.016181 | K99: ='Субвенции '!B98 -> 161468.7 | L99: ='Субвенции '!C98 -> 108430.84 | M99: =L99/K99*100 -> 67.152855 | N99: =Иные!B91 -> 6468.5 | O99: =Иные!C91 -> 4804.291 | P99: =O99/N99*100 -> 74.272104
A100: Воскресенское МО | B100: =E100+H100+K100+N100 -> 1998.4 | C100: =F100+I100+L100+O100 -> 840.36763 | D100: =C100/B100*100 -> 42.052023 | H100: =Субсидии!B96 -> 1764.2 | I100: =Субсидии!C96 -> 764.20912 | J100: =I100/H100*100 -> 43.317601 | K100: ='Субвенции '!B99 -> 234.2 | L100: ='Субвенции '!C99 -> 76.15851 | M100: =L100/K100*100 -> 32.518578
A101: Елшанское МО | B101: =E101+H101+K101+N101 -> 2158.9 | C101: =F101+I101+L101+O101 -> 1255.1107 | D101: =C101/B101*100 -> 58.136582 | H101: =Субсидии!B97 -> 1724.5 | I101: =Субсидии!C97 -> 1024.5 | J101: =I101/H101*100 -> 59.408524 | K101: ='Субвенции '!B100 -> 234.2 | L101: ='Субвенции '!C100 -> 163.99974 | M101: =L101/K101*100 -> 70.025508 | N101: =Иные!B93 -> 200.2 | O101: =Иные!C93 -> 66.61092 | P101: =O101/N101*100 -> 33.272188
...

Sheet Дотации
A1: Сведения о предоставлении из бюджета Саратовской области межбюджетных трансфертов местным бюджетам за 9 месяцев 2021 года
S3: тыс.рублей
A4: Наименование муниципальных образований | B4: Дотации, всего | E4: в том числе
E5: бюджетам городских округов области, связанные с особым режимом безопасного функционирования закрытых административно-территориальных образований | H5: на выравнивание бюджетной обеспеченности муниципальных районов (городских округов) области | K5: на поддержку мер по обеспечению сбалансированности бюджетов | N5: бюджетам муниципальных районов области на обеспечение финансовой устойчивости местных бюджетов в условиях нестабильной ситуации, связанной с пандемией новой коронавирусной инфекции | Q5: бюджетам муниципальных районов и городских округов области на компенсацию дополнительных расходов на повышение оплаты труда некоторых категорий работников муниципальных учреждений в связи с увеличением минимального размера оплаты труда с 1 января 2021 года
B6: утвержденные бюджетные назначения * | C6: исполнено | D6: % исполнения | E6: утвержденные бюджетные назначения * | F6: исполнено | G6: % исполнения | H6: утвержденные бюджетные назначения * | I6: исполнено | J6: % исполнения | K6: утвержденные бюджетные назначения * | L6: исполнено | M6: % исполнения | N6: утвержденные бюджетные назначения * | O6: исполнено | P6: % исполнения | Q6: утвержденные бюджетные назначения * | R6: исполнено | S6: % исполнения
A7: Муниципальные районы области: | B7: =SUM(B8:B45) -> 4085621.3 | C7: =SUM(C8:C45) -> 3143123.9 | D7: =C7/B7*100 -> 76.931357 | H7: =SUM(H8:H45) -> 3291115.5 | I7: =SUM(I8:I45) -> 2418009.9 | J7: =I7/H7*100 -> 73.470831 | K7: =SUM(K8:K45) -> 352094.2 | L7: =SUM(L8:L45) -> 299341.1 | M7: =L7/K7*100 -> 85.017333 | N7: =SUM(N8:N45) -> 375856.86 | O7: =SUM(O8:O45) -> 375856.86 | P7: =O7/N7*100 -> 100 | Q7: =SUM(Q8:Q45) -> 66554.7 | R7: =SUM(R8:R45) -> 49916.025 | S7: =R7/Q7*100 -> 75
A8: Александрово-Гайский | B8: =E8+H8+K8+N8+Q8 -> 119518.17 | C8: =F8+I8+L8+O8+R8 -> 88661.795 | D8: =C8/B8*100 -> 74.182691 | H8: 61074.5 | I8: 44279.1 | J8: =I8/H8*100 -> 72.500143 | K8: 49583.6 | L8: 35638.6 | M8: =L8/K8*100 -> 71.875782 | N8: 8396.17 | O8: 8396.17 | P8: =O8/N8*100 -> 100 | Q8: 463.9 | R8: 347.925 | S8: =R8/Q8*100 -> 75
A9: Аркадакский | B9: =E9+H9+K9+N9+Q9 -> 83149.1 | C9: =F9+I9+L9+O9+R9 -> 59950.5 | D9: =C9/B9*100 -> 72.099999 | H9: 77073.4 | I9: 55878.3 | J9: =I9/H9*100 -> 72.50011 | K9: 4844.9 | L9: 3149.1 | M9: =L9/K9*100 -> 64.998246 | Q9: 1230.8 | R9: 923.1 | S9: =R9/Q9*100 -> 75
A10: Аткарский | B10: =E10+H10+K10+N10+Q10 -> 128177.2 | C10: =F10+I10+L10+O10+R10 -> 92959.5 | D10: =C10/B10*100 -> 72.524209 | H10: 126936 | I10: 92028.6 | J10: =I10/H10*100 -> 72.5 | Q10: 1241.2 | R10: 930.9 | S10: =R10/Q10*100 -> 75
A11: Базарно-Карабулакский | B11: =E11+H11+K11+N11+Q11 -> 113762.2 | C11: =F11+I11+L11+O11+R11 -> 82025.425 | D11: =C11/B11*100 -> 72.102531 | H11: 107702.3 | I11: 78084.3 | J11: =I11/H11*100 -> 72.500123 | K11: 6039.2 | L11: 3925.6 | M11: =L11/K11*100 -> 65.001987 | Q11: 20.7 | R11: 15.525 | S11: =R11/Q11*100 -> 75
A12: Балаковский | B12: =E12+H12+K12+N12+Q12 -> 3449 | C12: =F12+I12+L12+O12+R12 -> 2586.75 | D12: =C12/B12*100 -> 75 | Q12: 3449 | R12: 2586.75 | S12: =R12/Q12*100 -> 75
A13: Балашовский | B13: =E13+H13+K13+N13+Q13 -> 166405.7 | C13: =F13+I13+L13+O13+R13 -> 120760.82 | D13: =C13/B13*100 -> 72.570125 | H13: 161741 | I13: 117262.3 | J13: =I13/H13*100 -> 72.500046 | Q13: 4664.7 | R13: 3498.525 | S13: =R13/Q13*100 -> 75
A14: Балтайский | B14: =E14+H14+K14+N14+Q14 -> 64081.5 | C14: =F14+I14+L14+O14+R14 -> 47320.125 | D14: =C14/B14*100 -> 73.84366 | H14: 38803.1 | I14: 28132.2 | J14: =I14/H14*100 -> 72.499878 | K14: 24484.1 | L14: 18592.2 | M14: =L14/K14*100 -> 75.935811 | Q14: 794.3 | R14: 595.725 | S14: =R14/Q14*100 -> 75
A15: Вольский | B15: =E15+H15+K15+N15+Q15 -> 135212 | C15: =F15+I15+L15+O15+R15 -> 108804.4 | D15: =C15/B15*100 -> 80.469485 | H15: 92184 | I15: 66833.4 | J15: =I15/H15*100 -> 72.5 | N15: 38800 | O15: 38800 | P15: =O15/N15*100 -> 100 | Q15: 4228 | R15: 3171 | S15: =R15/Q15*100 -> 75
A16: Воскресенский | B16: =E16+H16+K16+N16+Q16 -> 52984.2 | C16: =F16+I16+L16+O16+R16 -> 41250.95 | D16: =C16/B16*100 -> 77.855191 | H16: 42234.4 | I16: 30620.1 | J16: =I16/H16*100 -> 72.500379 | K16: 5274 | L16: 5274 | M16: =L16/K16*100 -> 100 | N16: 5000 | O16: 5000 | P16: =O16/N16*100 -> 100 | Q16: 475.8 | R16: 356.85 | S16: =R16/Q16*100 -> 75
A17: Дергачевский | B17: =E17+H17+K17+N17+Q17 -> 119416.4 | C17: =F17+I17+L17+O17+R17 -> 89252.575 | D17: =C17/B17*100 -> 74.740634 | H17: 108718.5 | I17: 78821 | J17: =I17/H17*100 -> 72.50008 | K17: 7632.6 | L17: 7632.6 | M17: =L17/K17*100 -> 100 | N17: 2000 | O17: 2000 | P17: =O17/N17*100 -> 100 | Q17: 1065.3 | R17: 798.975 | S17: =R17/Q17*100 -> 75
A18: Духовницкий | B18: =E18+H18+K18+N18+Q18 -> 46086.2 | C18: =F18+I18+L18+O18+R18 -> 41100.225 | D18: =C18/B18*100 -> 89.181197 | H18: 27277.9 | I18: 22576.5 | J18: =I18/H18*100 -> 82.764802 | K18: 8670 | L18: 8670 | M18: =L18/K18*100 -> 100 | N18: 9000 | O18: 9000 | P18: =O18/N18*100 -> 100 | Q18: 1138.3 | R18: 853.725 | S18: =R18/Q18*100 -> 75
A19: Екатериновский | B19: =E19+H19+K19+N19+Q19 -> 53048.6 | C19: =F19+I19+L19+O19+R19 -> 46086.975 | D19: =C19/B19*100 -> 86.876892 | H19: 24736.9 | I19: 17934.3 | J19: =I19/H19*100 -> 72.500192 | K19: 14175.6 | L19: 14175.6 | M19: =L19/K19*100 -> 100 | N19: 13500 | O19: 13500 | P19: =O19/N19*100 -> 100 | Q19: 636.1 | R19: 477.075 | S19: =R19/Q19*100 -> 75
A20: Ершовский | B20: =E20+H20+K20+N20+Q20 -> 128236.16 | C20: =F20+I20+L20+O20+R20 -> 103060.51 | D20: =C20/B20*100 -> 80.367745 | H20: 86679.4 | I20: 62842.8 | J20: =I20/H20*100 -> 72.500271 | K20: 25073.5 | L20: 24067.5 | M20: =L20/K20*100 -> 95.987796 | N20: 15151.06 | O20: 15151.06 | P20: =O20/N20*100 -> 100 | Q20: 1332.2 | R20: 999.15 | S20: =R20/Q20*100 -> 75
A21: Ивантеевский | B21: =E21+H21+K21+N21+Q21 -> 64197.6 | C21: =F21+I21+L21+O21+R21 -> 51612.9 | D21: =C21/B21*100 -> 80.396931 | H21: 8687 | I21: 6298 | J21: =I21/H21*100 -> 72.499137 | K21: 49371.4 | L21: 39460.5 | M21: =L21/K21*100 -> 79.925828 | N21: 5000 | O21: 5000 | P21: =O21/N21*100 -> 100 | Q21: 1139.2 | R21: 854.4 | S21: =R21/Q21*100 -> 75
A22: Калининский | B22: =E22+H22+K22+N22+Q22 -> 89478.3 | C22: =F22+I22+L22+O22+R22 -> 67816.325 | D22: =C22/B22*100 -> 75.790806 | H22: 70295.9 | I22: 50964.6 | J22: =I22/H22*100 -> 72.500103 | K22: 5351.7 | L22: 3478.7 | M22: =L22/K22*100 -> 65.001775 | N22: 12000 | O22: 12000 | P22: =O22/N22*100 -> 100 | Q22: 1830.7 | R22: 1373.025 | S22: =R22/Q22*100 -> 75
A23: Красноармейский | B23: =E23+H23+K23+N23+Q23 -> 185287.8 | C23: =F23+I23+L23+O23+R23 -> 164486.75 | D23: =C23/B23*100 -> 88.773654 | H23: 164533.8 | I23: 144136.9 | J23: =I23/H23*100 -> 87.603216 | K23: 1637.4 | L23: 1637.4 | M23: =L23/K23*100 -> 100 | N23: 17500 | O23: 17500 | P23: =O23/N23*100 -> 100 | Q23: 1616.6 | R23: 1212.45 | S23: =R23/Q23*100 -> 75
A24: Краснокутский | B24: =E24+H24+K24+N24+Q24 -> 107984.2 | C24: =F24+I24+L24+O24+R24 -> 81592.225 | D24: =C24/B24*100 -> 75.559411 | H24: 93921.1 | I24: 68092.8 | J24: =I24/H24*100 -> 72.500003 | K24: 7808.4 | L24: 7808.4 | M24: =L24/K24*100 -> 100 | N24: 4000 | O24: 4000 | P24: =O24/N24*100 -> 100 | Q24: 2254.7 | R24: 1691.025 | S24: =R24/Q24*100 -> 75
A25: Краснопартизанский | B25: =E25+H25+K25+N25+Q25 -> 71051.9 | C25: =F25+I25+L25+O25+R25 -> 54079.725 | D25: =C25/B25*100 -> 76.112989 | H25: 60569.6 | I25: 43912.9 | J25: =I25/H25*100 -> 72.499901 | K25: 5111.4 | L25: 5111.4 | M25: =L25/K25*100 -> 100 | N25: 4109 | O25: 4109 | P25: =O25/N25*100 -> 100 | Q25: 1261.9 | R25: 946.425 | S25: =R25/Q25*100 -> 75
A26: Лысогорский | B26: =E26+H26+K26+N26+Q26 -> 99905.5 | C26: =F26+I26+L26+O26+R26 -> 76712.4 | D26: =C26/B26*100 -> 76.784962 | H26: 83351.5 | I26: 60429.9 | J26: =I26/H26*100 -> 72.500075 | K26: 6468 | L26: 6468 | M26: =L26/K26*100 -> 100 | N26: 9000 | O26: 9000 | P26: =O26/N26*100 -> 100 | Q26: 1086 | R26: 814.5 | S26: =R26/Q26*100 -> 75
A27: Марксовский | B27: =E27+H27+K27+N27+Q27 -> 202909.6 | C27: =F27+I27+L27+O27+R27 -> 147144.55 | D27: =C27/B27*100 -> 72.517293 | H27: 201511.4 | I27: 146095.9 | J27: =I27/H27*100 -> 72.500067 | Q27: 1398.2 | R27: 1048.65 | S27: =R27/Q27*100 -> 75
A28: Новобурасский | B28: =E28+H28+K28+N28+Q28 -> 98033.9 | C28: =F28+I28+L28+O28+R28 -> 77066.175 | D28: =C28/B28*100 -> 78.611761 | H28: 81437.8 | I28: 63342.3 | J28: =I28/H28*100 -> 77.779974 | K28: 7230.8 | L28: 4699.9 | M28: =L28/K28*100 -> 64.99834 | N28: 8000 | O28: 8000 | P28: =O28/N28*100 -> 100 | Q28: 1365.3 | R28: 1023.975 | S28: =R28/Q28*100 -> 75
A29: Новоузенский | B29: =E29+H29+K29+N29+Q29 -> 199204.99 | C29: =F29+I29+L29+O29+R29 -> 149901.56 | D29: =C29/B29*100 -> 75.249905 | H29: 177089.2 | I29: 128389.8 | J29: =I29/H29*100 -> 72.500073 | K29: 6255 | L29: 6255 | M29: =L29/K29*100 -> 100 | N29: 13444.689 | O29: 13444.689 | P29: =O29/N29*100 -> 100 | Q29: 2416.1 | R29: 1812.075 | S29: =R29/Q29*100 -> 75
A30: Озинский | B30: =E30+H30+K30+N30+Q30 -> 120033.4 | C30: =F30+I30+L30+O30+R30 -> 92157.8 | D30: =C30/B30*100 -> 76.776797 | H30: 99776.4 | I30: 72337.8 | J30: =I30/H30*100 -> 72.49991 | K30: 16509 | L30: 16509 | M30: =L30/K30*100 -> 100 | N30: 2000 | O30: 2000 | P30: =O30/N30*100 -> 100 | Q30: 1748 | R30: 1311 | S30: =R30/Q30*100 -> 75
A31: Перелюбский | B31: =E31+H31+K31+N31+Q31 -> 63529.8 | C31: =F31+I31+L31+O31+R31 -> 51228.575 | D31: =C31/B31*100 -> 80.637079 | H31: 43886.1 | I31: 31817.6 | J31: =I31/H31*100 -> 72.500404 | K31: 10063.8 | L31: 10063.8 | M31: =L31/K31*100 -> 100 | N31: 8649 | O31: 8649 | P31: =O31/N31*100 -> 100 | Q31: 930.9 | R31: 698.175 | S31: =R31/Q31*100 -> 75
A32: Петровский | B32: =E32+H32+K32+N32+Q32 -> 207078.3 | C32: =F32+I32+L32+O32+R32 -> 158595.9 | D32: =C32/B32*100 -> 76.587407 | H32: 174513.1 | I32: 126522 | J32: =I32/H32*100 -> 72.500001 | N32: 30600 | O32: 30600 | P32: =O32/N32*100 -> 100 | Q32: 1965.2 | R32: 1473.9 | S32: =R32/Q32*100 -> 75
A33: Питерский | B33: =E33+H33+K33+N33+Q33 -> 96125.6 | C33: =F33+I33+L33+O33+R33 -> 74659.275 | D33: =C33/B33*100 -> 77.668462 | H33: 71097.1 | I33: 51545.4 | J33: =I33/H33*100 -> 72.500004 | K33: 19163.2 | L33: 17589.9 | M33: =L33/K33*100 -> 91.789993 | N33: 4500 | O33: 4500 | P33: =O33/N33*100 -> 100 | Q33: 1365.3 | R33: 1023.975 | S33: =R33/Q33*100 -> 75
A34: Пугачевский | B34: =E34+H34+K34+N34+Q34 -> 216403.3 | C34: =F34+I34+L34+O34+R34 -> 165209.12 | D34: =C34/B34*100 -> 76.343163 | H34: 183734.6 | I34: 133207.6 | J34: =I34/H34*100 -> 72.500008 | N34: 30000 | O34: 30000 | P34: =O34/N34*100 -> 100 | Q34: 2668.7 | R34: 2001.525 | S34: =R34/Q34*100 -> 75
A35: Ровенский | B35: =E35+H35+K35+N35+Q35 -> 100344.3 | C35: =F35+I35+L35+O35+R35 -> 72768.325 | D35: =C35/B35*100 -> 72.518643 | H35: 99599.6 | I35: 72209.8 | J35: =I35/H35*100 -> 72.50009 | Q35: 744.7 | R35: 558.525 | S35: =R35/Q35*100 -> 75
A36: Романовский | B36: =E36+H36+K36+N36+Q36 -> 62662.282 | C36: =F36+I36+L36+O36+R36 -> 47562.757 | D36: =C36/B36*100 -> 75.903327 | H36: 54719.2 | I36: 39671.4 | J36: =I36/H36*100 -> 72.499963 | K36: 3973.2 | L36: 3973.2 | M36: =L36/K36*100 -> 100 | N36: 3762.982 | O36: 3762.982 | P36: =O36/N36*100 -> 100 | Q36: 206.9 | R36: 155.175 | S36: =R36/Q36*100 -> 75
A37: Ртищевский | B37: =E37+H37+K37+N37+Q37 -> 126130.7 | C37: =F37+I37+L37+O37+R37 -> 91634.5 | D37: =C37/B37*100 -> 72.650433 | H37: 107612.3 | I37: 78018.9 | J37: =I37/H37*100 -> 72.499984 | K37: 15248 | L37: 11162.8 | M37: =L37/K37*100 -> 73.20829 | Q37: 3270.4 | R37: 2452.8 | S37: =R37/Q37*100 -> 75
A38: Самойловский | B38: =E38+H38+K38+N38+Q38 -> 52613.46 | C38: =F38+I38+L38+O38+R38 -> 38605.86 | D38: =C38/B38*100 -> 73.376395 | H38: 35688.5 | I38: 25874.1 | J38: =I38/H38*100 -> 72.499825 | K38: 11981 | L38: 7787.8 | M38: =L38/K38*100 -> 65.001252 | N38: 4943.96 | O38: 4943.96 | P38: =O38/N38*100 -> 100
A39: Саратовский | B39: =E39+H39+K39+N39+Q39 -> 0 | C39: =F39+I39+L39+O39+R39 -> 0
A40: Советский | B40: =E40+H40+K40+N40+Q40 -> 59995.4 | C40: =F40+I40+L40+O40+R40 -> 46223.075 | D40: =C40/B40*100 -> 77.044365 | H40: 49497.7 | I40: 35885.7 | J40: =I40/H40*100 -> 72.499732 | K40: 4856.4 | L40: 4856.4 | M40: =L40/K40*100 -> 100 | N40: 5000 | O40: 5000 | P40: =O40/N40*100 -> 100 | Q40: 641.3 | R40: 480.975 | S40: =R40/Q40*100 -> 75
A41: Татищевский | B41: =E41+H41+K41+N41+Q41 -> 59360 | C41: =F41+I41+L41+O41+R41 -> 49814.225 | D41: =C41/B41*100 -> 83.918843 | H41: 33524.3 | I41: 24305.1 | J41: =I41/H41*100 -> 72.499948 | K41: 12029.4 | L41: 12029.4 | M41: =L41/K41*100 -> 100 | N41: 12500 | O41: 12500 | P41: =O41/N41*100 -> 100 | Q41: 1306.3 | R41: 979.725 | S41: =R41/Q41*100 -> 75
A42: Турковский | B42: =E42+H42+K42+N42+Q42 -> 64120.5 | C42: =F42+I42+L42+O42+R42 -> 46216.4 | D42: =C42/B42*100 -> 72.077417 | H42: 50000.1 | I42: 36250.1 | J42: =I42/H42*100 -> 72.500055 | K42: 11241.2 | L42: 7306.9 | M42: =L42/K42*100 -> 65.001068 | N42: 2000 | O42: 2000 | P42: =O42/N42*100 -> 100 | Q42: 879.2 | R42: 659.4 | S42: =R42/Q42*100 -> 75
A43: Федоровский | B43: =E43+H43+K43+N43+Q43 -> 95234 | C43: =F43+I43+L43+O43+R43 -> 74290.125 | D43: =C43/B43*100 -> 78.007986 | H43: 75585.9 | I43: 54799.7 | J43: =I43/H43*100 -> 72.499897 | K43: 12017.4 | L43: 12017.4 | M43: =L43/K43*100 -> 100 | N43: 7000 | O43: 7000 | P43: =O43/N43*100 -> 100 | Q43: 630.7 | R43: 473.025 | S43: =R43/Q43*100 -> 75
A44: Хвалынский | B44: =E44+H44+K44+N44+Q44 -> 193536.6 | C44: =F44+I44+L44+O44+R44 -> 167842.75 | D44: =C44/B44*100 -> 86.724036 | H44: 92396.8 | I44: 66987.9 | J44: =I44/H44*100 -> 72.500238 | N44: 100000 | O44: 100000 | P44: =O44/N44*100 -> 100 | Q44: 1139.8 | R44: 854.85 | S44: =R44/Q44*100 -> 75
A45: Энгельсский | B45: =E45+H45+K45+N45+Q45 -> 236873.4 | C45: =F45+I45+L45+O45+R45 -> 172082.02 | D45: =C45/B45*100 -> 72.647256 | H45: 222925.1 | I45: 161620.8 | J45: =I45/H45*100 -> 72.500046 | Q45: 13948.3 | R45: 10461.225 | S45: =R45/Q45*100 -> 75
A46: Городские округа области: | B46: =SUM(B47:B50) -> 248062.8 | C46: =SUM(C47:C50) -> 174832.62 | D46: =C46/B46*100 -> 70.479179 | E46: =SUM(E47:E50) -> 41928 | F46: =SUM(F47:F50) -> 31446 | G46: =F46/E46*100 -> 75 | H46: =SUM(H47:H50) -> 139458.8 | I46: =SUM(I47:I50) -> 101107.7 | J46: =I46/H46*100 -> 72.50005 | K46: =SUM(K47:K50) -> 30143.7 | L46: =SUM(L47:L50) -> 14879.7 | M46: =L46/K46*100 -> 49.362553 | N46: =SUM(N47:N50) -> 0 | O46: =SUM(O47:O50) -> 0 | Q46: =SUM(Q47:Q50) -> 36532.3 | R46: =SUM(R47:R50) -> 27399.225 | S46: =R46/Q46*100 -> 75
A47: г. Саратов | B47: =E47+H47+K47+N47+Q47 -> 35489.2 | C47: =F47+I47+L47+O47+R47 -> 26616.9 | D47: =C47/B47*100 -> 75 | I47: 0 | L47: 0 | Q47: 35489.2 | R47: 26616.9 | S47: =R47/Q47*100 -> 75
A48: п. Михайловский | B48: =E48+H48+K48+N48+Q48 -> 36228.3 | C48: =F48+I48+L48+O48+R48 -> 24267.2 | D48: =C48/B48*100 -> 66.984098 | H48: 21437.7 | I48: 15542.3 | J48: =I48/H48*100 -> 72.499848 | K48: 14659.8 | L48: 8626.8 | M48: =L48/K48*100 -> 58.846642 | Q48: 130.8 | R48: 98.1 | S48: =R48/Q48*100 -> 75
A49: ЗАТО Светлый | B49: =E49+H49+K49+N49+Q49 -> 129990.7 | C49: =F49+I49+L49+O49+R49 -> 94579.525 | D49: =C49/B49*100 -> 72.758686 | E49: 41928 | F49: 31446 | G49: =F49/E49*100 -> 75 | H49: 78072.8 | I49: 56602.9 | J49: =I49/H49*100 -> 72.500154 | K49: 9619.6 | L49: 6252.9 | M49: =L49/K49*100 -> 65.001663 | Q49: 370.3 | R49: 277.725 | S49: =R49/Q49*100 -> 75
A50: г. Шиханы | B50: =E50+H50+K50+N50+Q50 -> 46354.6 | C50: =F50+I50+L50+O50+R50 -> 29369 | D50: =C50/B50*100 -> 63.35725 | H50: 39948.3 | I50: 28962.5 | J50: =I50/H50*100 -> 72.499956 | K50: 5864.3 | Q50: 542 | R50: 406.5 | S50: =R50/Q50*100 -> 75
A51: Остаток средств к распределению * | B51: =E51+H51+K51+N51+Q51 -> 0 | C51: =F51+I51+L51+O51+R51 -> 0
A52: ИТОГО | B52: =E52+H52+K52+N52+Q52 -> 4333684.1 | C52: =F52+I52+L52+O52+R52 -> 3317956.5 | D52: =C52/B52*100 -> 76.56203 | E52: =E7+E46+E51 -> 41928 | F52: =F7+F46+F51 -> 31446 | G52: =F52/E52*100 -> 75 | H52: =H46+H7+H51 -> 3430574.3 | I52: =I46+I7+I51 -> 2519117.6 | J52: =I52/H52*100 -> 73.431367 | K52: =K46+K7+K51 -> 382237.9 | L52: =L46+L7+L51 -> 314220.8 | M52: =L52/K52*100 -> 82.205558 | N52: =N7+N46+N51 -> 375856.86 | O52: =O7+O46+O51 -> 375856.86 | P52: =O52/N52*100 -> 100 | Q52: =Q7+Q46+Q51 -> 103087 | R52: =R7+R46+R51 -> 77315.25 | S52: =R52/Q52*100 -> 75
A54: * в соответствии с Законом Саратовской области «Об областном бюджете на 2021 год и на плановый период 2022 и 2023 годов» в редакции от 29.09.2021 года
A55: 2* заполняется, если в законе о бюджете утверждена общая сумма межбюджетного трансферта, но отсутствует распределение по муниципальным образованиям

Sheet Субсидии
BE1: Продолжение таблицы | CI1: Продолжение таблицы | DM1: Продолжение таблицы | DY1: Продолжение таблицы
B2: Сведения о предоставлении из бюджета Саратовской области межбюджетных трансфертов местным бюджетам за 9 месяцев 2021 года | AC2: Сведения о предоставлении из бюджета Саратовской области межбюджетных трансфертов местным бюджетам за 9 месяцев 2021 года | BG2: Сведения о предоставлении из бюджета Саратовской области межбюджетных трансфертов местным бюджетам за 9 месяцев 2021 года | CK2: Сведения о предоставлении из бюджета Саратовской области межбюджетных трансфертов местным бюджетам за 9 месяцев 2021 года | DO2: Сведения о предоставлении из бюджета Саратовской области межбюджетных трансфертов местным бюджетам за 9 месяцев 2021 года
AA4: тыс.рублей | BE4: тыс.рублей | CI4: тыс.рублей | DL4: тыс.рублей | DX4: тыс.рублей
A5: Наименование муниципальных образований | B5: Субсидии, всего | E5: в том числе | AC5: в том числе | BG5: в том числе | CK5: в том числе | DR5: в том числе
E6: бюджетам муниципальных районов области на создание в общеобразователь-ных организациях, расположенных в сельской местности и малых городах, условий для занятий физической культурой и спортом | H6: бюджетам муниципальных районов и городских округов области на создание новых мест в общеобразовательных организациях | K6: бюджетам муниципальных районов и городских округов области на обеспечение жильем молодых семей | N6: бюджетам городских округов и поселений области на реализацию регионального проекта (программы) в целях выполнения задач федерального проекта «Жилье» (Стимулирование программ развития жилищного строительства) | Q6: бюджетам муниципальных районов и поселений области на поддержку творческой деятельности и укрепление материально-технической базы муниципальных театров в населенных пунктах с численностью населения до 300 тысяч человек | T6: бюджетам муниципальных районов и поселений области на обеспечение развития и укрепления материально-технической базы домов культуры в населенных пунктах с числом жителей до 50 тысяч человек | W6: бюджетам муниципальных районов и поселений области на поддержку отрасли культуры на государственную поддержку лучших сельских учреждений культуры | Z6: бюджетам муниципальных районов и поселений области на поддержку отрасли культуры на государственную поддержку лучших работников сельских учреждений культуры | AC6: бюджетам муниципальных районов области на обеспечение деятельности муниципальных бизнес-инкубаторов | AF6: бюджетам городских округов, городских и сельских поселений области на реализацию инициативных проектов | AI6: бюджетам городских округов и поселений области на поддержку муниципальных программ формирования современной городской среды | AL6: бюджетам муниципальных районов и городских округов области на обеспечение сохранения достигнутых показателей повышения оплаты труда отдельных категорий работников бюджетной сферы на обеспечение сохранения достигнутых показателей повышения оплаты труда отдельных категорий работников бюджетной сферы | AO6: бюджетам муниципальных районов и городских округов области на обеспечение сохранения достигнутых показателей повышения оплаты труда отдельных категорий работников бюджетной сферы на повышение оплаты труда отдельным категориям работников бюджетной сферы | AR6: бюджетам муниципальных районов и городских округов области на создание дополнительных мест для детей в возрасте от 1,5 до 3 лет в образовательных организациях, осуществляющих образовательную деятельность по образовательным программам дошкольного образования | AU6: бюджетам муниципальных районов области на государственную поддержку отрасли культуры (создание и модернизация учреждений культурно-досугового типа в сельской местности) | AX6: бюджетам муниципальных районов, городских округов и поселений области на обеспечение мероприятий по переселению граждан из аварийного жилищного фонда, в том числе переселению граждан из аварийного жилищного фонда с учетом необходимости развития малоэтажного жилищного строительства (за счет средств Фонда содействия реформированию жилищно-коммунального хозяйства) | BA6: бюджетам муниципальных районов, городских округов и поселений области на обеспечение мероприятий по переселению граждан из аварийного жилищного фонда, в том числе переселению граждан из аварийного жилищного фонда с учетом необходимости развития малоэтажного жилищного строительства (за счет средств областного бюджета) | BD6: бюджетам муниципальных районов и городских округов области на обеспечение условий для создания центров образования цифрового и гуманитарного профиле | BG6: бюджетам городских округов и поселений области на реализацию мероприятий по строительству и реконструкции (модернизации) объектов питьевого водоснабжения | BJ6: бюджетам поселений области на реализацию мероприятий по сокращению доли загрязненных сточных вод | BM6: бюджетам городских округов и поселений области на обустройство и восстановление воинских захоронений, находящихся в государственной (муниципальной) собственности | BP6: бюджетам городских округов области на осуществление дорожной деятельности в отношении автомобильных дорог общего пользования местного значения Саратовской агломерации в границах городских округов области в рамках достижения соответствующих задач национального проекта «Безопасные и качественные автомобильные дороги» за счет средств областного дорожного фонда | BS6: бюджетам муниципальных районов и поселений области на развитие инженерной инфраструктуры на сельских территориях (развитие водоснабжения (локальные водопроводы) на сельских территориях) | BV6: бюджетам поселений области на обустройство объектами инженерной инфраструктуры и благоустройство площадок, расположенных на сельских территориях, под компактную жилищную застройку | BY6: бюджетам муниципальных районов области на реализацию мероприятий по благоустройству сельских территорий | CB6: бюджетам муниципальных районов области на благоустройство зданий муниципальных общеобразовательных организаций в целях соблюдения требований к воздушно-тепловому режиму, водоснабжению и канализации | CE6: бюджетам муниципальных районов и городских округов области на обеспечение условий для внедрения цифровой образовательной среды в общеобразовательных организациях | CH6: бюджетам муниципальных районов и городских округов области на обеспечение образовательных организаций материально-технической базой для внедрения цифровой образовательной среды | CK6: бюджетам муниципальных районов и городских округов области на модернизацию (капитальный ремонт, реконструкция) муниципальных детских школ искусств по видам искусств | CN6: бюджетам муниципальных районов области на обеспечение функционирования центров цифрового образования детей «IT-куб» | CQ6: бюджетам муниципальных районов и городских округов области на организацию бесплатного горячего питания обучающихся, получающих начальное общее образование в муниципальных образовательных организациях | CT6: бюджетам поселений области на выполнение мероприятий по ремонту автомобильных дорог общего пользования местного значения в границах городских поселений области за счет средств областного дорожного фонда | CW6: бюджетам городских округов области на выполнение мероприятий по ремонту автомобильных дорог общего пользования местного значения в границах городских округов области за счет средств областного дорожного фонда | CZ6: бюджетам муниципальных районов области на обеспечение условий для создания дополнительных мест в образовательных организациях, осуществляющих образовательную деятельность по образовательным программам дошкольного образования | DC6: бюджетам поселений области на создание, реконструкцию (модернизацию), капитальный ремонт объектов социальной и культурной сферы | DF6: бюджетам муниципальных районов и городских округов области на обеспечение условий для функционирования центров образования естественно-научной и технологической направленностей в общеобразовательных организациях | DI6: бюджетам муниципальных районов и городских округов области на создание и обеспечение функционирования центров образования естественно-научной и технологической направленностей в общеобразовательных организациях, расположенных в сельской местности и малых городах | DL6: бюджетам муниципальных районов области на обеспечение мероприятий по переселению граждан из аварийного жилищного фонда | DO6: бюджетам муниципальных районов области на обеспечение мероприятий по переселению граждан из аварийного жилищного фонда | DR6: бюджетам городских округов области на создание новых мест в общеобразовательных организациях в связи с ростом числа обучающихся, вызванным демографическим фактором | DU6: бюджетам городских и сельских поселений области на реализацию мероприятий по благоустройству сельских территорий ведомственного проекта «Благоустройство сельских территорий» за счет средств резервного фонда Правительства Российской Федерации | DX6: бюджетам муниципальных районов области на реализацию проектов комплексного развития сельских территорий ведомственного проекта «Современный облик сельских территорий» за счет средств резервного фонда Правительства Российской Федерации
B7: утвержденные бюджетные назначения | C7: исполнено | D7: % исполнения | E7: утвержденные бюджетные назначения* | F7: исполнено | G7: % исполнения | H7: утвержденные бюджетные назначения* | I7: исполнено | J7: % исполнения | K7: утвержденные бюджетные назначения* | L7: исполнено | M7: % исполнения | N7: утвержденные бюджетные назначения* | O7: исполнено | P7: % исполнения | Q7: утвержденные бюджетные назначения* | R7: исполнено | S7: % исполнения | T7: утвержденные бюджетные назначения* | U7: исполнено | V7: % исполнения | W7: утвержденные бюджетные назначения* | X7: исполнено | Y7: % исполнения | Z7: утвержденные бюджетные назначения* | AA7: исполнено | AB7: % исполнения | AC7: утвержденные бюджетные назначения* | AD7: исполнено | AE7: % исполнения | AF7: утвержденные бюджетные назначения 4* | AG7: исполнено | AH7: % исполнения | AI7: утвержденные бюджетные назначения* | AJ7: исполнено | AK7: % исполнения | AL7: утвержденные бюджетные назначения* | AM7: исполнено | AN7: % исполнения | AO7: утвержденные бюджетные назначения* | AP7: исполнено | AQ7: % исполнения | AR7: утвержденные бюджетные назначения* | AS7: исполнено | AT7: % исполнения | AU7: утвержденные бюджетные назначения 3* | AV7: исполнено | AW7: % исполнения | AX7: утвержденные бюджетные назначения* | AY7: исполнено | AZ7: % исполнения | BA7: утвержденные бюджетные назначения* | BB7: исполнено | BC7: % исполнения | BD7: утвержденные бюджетные назначения* | BE7: исполнено | BF7: % исполнения | BG7: утвержденные бюджетные назначения * | BH7: исполнено | BI7: % исполнения | BJ7: утвержденные бюджетные назначения* | BK7: исполнено | BL7: % исполнения | BM7: утвержденные бюджетные назначения* | BN7: исполнено | BO7: % исполнения | BP7: утвержденные бюджетные назначения* | BQ7: исполнено | BR7: % исполнения | BS7: утвержденные бюджетные назначения* | BT7: исполнено | BU7: % исполнения | BV7: утвержденные бюджетные назначения* | BW7: исполнено | BX7: % исполнения | BY7: утвержденные бюджетные назначения 2* | BZ7: исполнено | CA7: % исполнения | CB7: утвержденные бюджетные назначения* | CC7: исполнено | CD7: % исполнения | CE7: утвержденные бюджетные назначения* | CF7: исполнено | CG7: % исполнения | CH7: утвержденные бюджетные назначения* | CI7: исполнено | CJ7: % исполнения | CK7: утвержденные бюджетные назначения* | CL7: исполнено | CM7: % исполнения | CN7: утвержденные бюджетные назначения* | CO7: исполнено | CP7: % исполнения | CQ7: утвержденные бюджетные назначения* | CR7: исполнено | CS7: % исполнения | CT7: утвержденные бюджетные назначения* | CU7: исполнено | CV7: % исполнения | CW7: утвержденные бюджетные назначения* | CX7: исполнено | CY7: % исполнения | CZ7: утвержденные бюджетные назначения* | DA7: исполнено | DB7: % исполнения | DC7: утвержденные бюджетные назначения* | DD7: исполнено | DE7: % исполнения | DF7: утвержденные бюджетные назначения* | DG7: исполнено | DH7: % исполнения | DI7: утвержденные бюджетные назначения* | DJ7: исполнено | DK7: % исполнения | DL7: утвержденные бюджетные назначения* | DM7: исполнено | DN7: % исполнения | DO7: утвержденные бюджетные назначения* | DP7: исполнено | DQ7: % исполнения | DR7: утвержденные бюджетные назначения* | DS7: исполнено | DT7: % исполнения | DU7: утвержденные бюджетные назначения 5* | DV7: исполнено | DW7: % исполнения | DX7: утвержденные бюджетные назначения 6* | DY7: исполнено | DZ7: % исполнения
A8: Муниципальные районы области (консолидированный) | B8: =E8+H8+K8+N8+Q8+T8+W8+Z8+AC8+AF8+AI8+AL8+AO8+AR8+AU8+AX8+BA8+BD8+BG8+BJ8+BM8+BP8+BS8+BV8+BY8+CB8+CE8+CH8+CK8+CN8+CQ8+CT8+CW8+CZ8+DC8+DF8+DI8+DL8+DO8+DR8+DU8+DX8 -> 4866679.8 | C8: =F8+I8+L8+O8+R8+U8+X8+AA8+AD8+AG8+AJ8+AM8+AP8+AS8+AV8+AY8+BB8+BE8+BH8+BK8+BN8+BQ8+BT8+BW8+BZ8+CC8+CF8+CI8+CL8+CO8+CR8+CU8+CX8+DA8+DD8+DG8+DJ8+DM8+DP8+DS8+DV8+DY8 -> 2315252.1 | D8: =C8/B8*100 -> 47.573544 | E8: =E11+E15+E24+E38+E49+E54+E71+E77+E94+E99+E111+E120+E133+E144+E155+E167+E179+E193+E197+E209+E218+E225+E238+E251+E263+E271+E280+E291+E301+E308+E317+E327+E341+E350+E359+E366+E378+E387 -> 16624.9 | F8: =F11+F15+F24+F38+F49+F54+F71+F77+F94+F99+F111+F120+F133+F144+F155+F167+F179+F193+F197+F209+F218+F225+F238+F251+F263+F271+F280+F291+F301+F308+F317+F327+F341+F350+F359+F366+F378+F387 -> 15217.769 | G8: =F8/E8*100 -> 91.536003 | H8: =H11+H15+H24+H38+H49+H54+H71+H77+H94+H99+H111+H120+H133+H144+H155+H167+H179+H193+H197+H209+H218+H225+H238+H251+H263+H271+H280+H291+H301+H308+H317+H327+H341+H350+H359+H366+H378+H387 -> 99643 | I8: =I11+I15+I24+I38+I49+I54+I71+I77+I94+I99+I111+I120+I133+I144+I155+I167+I179+I193+I197+I209+I218+I225+I238+I251+I263+I271+I280+I291+I301+I308+I317+I327+I341+I350+I359+I366+I378+I387 -> 40783.598 | J8: =I8/H8*100 -> 40.929717 | K8: =K11+K15+K24+K38+K49+K54+K71+K77+K94+K99+K111+K120+K133+K144+K155+K167+K179+K193+K197+K209+K218+K225+K238+K251+K263+K271+K280+K291+K301+K308+K317+K327+K341+K350+K359+K366+K378+K387 -> 54023.1 | L8: =L11+L15+L24+L38+L49+L54+L71+L77+L94+L99+L111+L120+L133+L144+L155+L167+L179+L193+L197+L209+L218+L225+L238+L251+L263+L271+L280+L291+L301+L308+L317+L327+L341+L350+L359+L366+L378+L387 -> 53046.401 | M8: =L8/K8*100 -> 98.192071 | N8: =N11+N15+N24+N38+N49+N54+N71+N77+N94+N99+N111+N120+N133+N144+N155+N167+N179+N193+N197+N209+N218+N225+N238+N251+N263+N271+N280+N291+N301+N308+N317+N327+N341+N350+N359+N366+N378+N387 -> 0 | O8: =O11+O15+O24+O38+O49+O54+O71+O77+O94+O99+O111+O120+O133+O144+O155+O167+O179+O193+O197+O209+O218+O225+O238+O251+O263+O271+O280+O291+O301+O308+O317+O327+O341+O350+O359+O366+O378+O387 -> 0 | Q8: =Q11+Q15+Q24+Q38+Q49+Q54+Q71+Q77+Q94+Q99+Q111+Q120+Q133+Q144+Q155+Q167+Q179+Q193+Q197+Q209+Q218+Q225+Q238+Q251+Q263+Q271+Q280+Q291+Q301+Q308+Q317+Q327+Q341+Q350+Q359+Q366+Q378+Q387 -> 10058.4 | R8: =R11+R15+R24+R38+R49+R54+R71+R77+R94+R99+R111+R120+R133+R144+R155+R167+R179+R193+R197+R209+R218+R225+R238+R251+R263+R271+R280+R291+R301+R308+R317+R327+R341+R350+R359+R366+R378+R387 -> 10058.4 | S8: =R8/Q8*100 -> 100 | T8: =T11+T15+T24+T38+T49+T54+T71+T77+T94+T99+T111+T120+T133+T144+T155+T167+T179+T193+T197+T209+T218+T225+T238+T251+T263+T271+T280+T291+T301+T308+T317+T327+T341+T350+T359+T366+T378+T387 -> 40836.1 | U8: =U11+U15+U24+U38+U49+U54+U71+U77+U94+U99+U111+U120+U133+U144+U155+U167+U179+U193+U197+U209+U218+U225+U238+U251+U263+U271+U280+U291+U301+U308+U317+U327+U341+U350+U359+U366+U378+U387 -> 37058.122 | V8: =U8/T8*100 -> 90.748437 | W8: =W11+W15+W24+W38+W49+W54+W71+W77+W94+W99+W111+W120+W133+W144+W155+W167+W179+W193+W197+W209+W218+W225+W238+W251+W263+W271+W280+W291+W301+W308+W317+W327+W341+W350+W359+W366+W378+W387 -> 2346.9389 | X8: =X11+X15+X24+X38+X49+X54+X71+X77+X94+X99+X111+X120+X133+X144+X155+X167+X179+X193+X197+X209+X218+X225+X238+X251+X263+X271+X280+X291+X301+X308+X317+X327+X341+X350+X359+X366+X378+X387 -> 2346.939 | Y8: =X8/W8*100 -> 100.00001 | Z8: =Z11+Z15+Z24+Z38+Z49+Z54+Z71+Z77+Z94+Z99+Z111+Z120+Z133+Z144+Z155+Z167+Z179+Z193+Z197+Z209+Z218+Z225+Z238+Z251+Z263+Z271+Z280+Z291+Z301+Z308+Z317+Z327+Z341+Z350+Z359+Z366+Z378+Z387 -> 867.347 | AA8: =AA11+AA15+AA24+AA38+AA49+AA54+AA71+AA77+AA94+AA99+AA111+AA120+AA133+AA144+AA155+AA167+AA179+AA193+AA197+AA209+AA218+AA225+AA238+AA251+AA263+AA271+AA280+AA291+AA301+AA308+AA317+AA327+AA341+AA350+AA359+AA366+AA378+AA387 -> 867.347 | AB8: =AA8/Z8*100 -> 100 | AC8: =AC11+AC15+AC24+AC38+AC49+AC54+AC71+AC77+AC94+AC99+AC111+AC120+AC133+AC144+AC155+AC167+AC179+AC193+AC197+AC209+AC218+AC225+AC238+AC251+AC263+AC271+AC280+AC291+AC301+AC308+AC317+AC327+AC341+AC350+AC359+AC366+AC378+AC387 -> 5300 | AD8: =AD11+AD15+AD24+AD38+AD49+AD54+AD71+AD77+AD94+AD99+AD111+AD120+AD133+AD144+AD155+AD167+AD179+AD193+AD197+AD209+AD218+AD225+AD238+AD251+AD263+AD271+AD280+AD291+AD301+AD308+AD317+AD327+AD341+AD350+AD359+AD366+AD378+AD387 -> 3975 | AE8: =AD8/AC8*100 -> 75 | AF8: =AF11+AF15+AF24+AF38+AF49+AF54+AF71+AF77+AF94+AF99+AF111+AF120+AF133+AF144+AF155+AF167+AF179+AF193+AF197+AF209+AF218+AF225+AF238+AF251+AF263+AF271+AF280+AF291+AF301+AF308+AF317+AF327+AF341+AF350+AF359+AF366+AF378+AF387 -> 116801.23 | AG8: =AG11+AG15+AG24+AG38+AG49+AG54+AG71+AG77+AG94+AG99+AG111+AG120+AG133+AG144+AG155+AG167+AG179+AG193+AG197+AG209+AG218+AG225+AG238+AG251+AG263+AG271+AG280+AG291+AG301+AG308+AG317+AG327+AG341+AG350+AG359+AG366+AG378+AG387 -> 33262.64 | AH8: =AG8/AF8*100 -> 28.477988 | AI8: =AI11+AI15+AI24+AI38+AI49+AI54+AI71+AI77+AI94+AI99+AI111+AI120+AI133+AI144+AI155+AI167+AI179+AI193+AI197+AI209+AI218+AI225+AI238+AI251+AI263+AI271+AI280+AI291+AI301+AI308+AI317+AI327+AI341+AI350+AI359+AI366+AI378+AI387 -> 165975.1 | AJ8: =AJ11+AJ15+AJ24+AJ38+AJ49+AJ54+AJ71+AJ77+AJ94+AJ99+AJ111+AJ120+AJ133+AJ144+AJ155+AJ167+AJ179+AJ193+AJ197+AJ209+AJ218+AJ225+AJ238+AJ251+AJ263+AJ271+AJ280+AJ291+AJ301+AJ308+AJ317+AJ327+AJ341+AJ350+AJ359+AJ366+AJ378+AJ387 -> 142032.86 | AK8: =AJ8/AI8*100 -> 85.574802 | AL8: =AL11+AL15+AL24+AL38+AL49+AL54+AL71+AL77+AL94+AL99+AL111+AL120+AL133+AL144+AL155+AL167+AL179+AL193+AL197+AL209+AL218+AL225+AL238+AL251+AL263+AL271+AL280+AL291+AL301+AL308+AL317+AL327+AL341+AL350+AL359+AL366+AL378+AL387 -> 818539.7 | AM8: =AM11+AM15+AM24+AM38+AM49+AM54+AM71+AM77+AM94+AM99+AM111+AM120+AM133+AM144+AM155+AM167+AM179+AM193+AM197+AM209+AM218+AM225+AM238+AM251+AM263+AM271+AM280+AM291+AM301+AM308+AM317+AM327+AM341+AM350+AM359+AM366+AM378+AM387 -> 501380.4 | AN8: =AM8/AL8*100 -> 61.253034 | AO8: =AO11+AO15+AO24+AO38+AO49+AO54+AO71+AO77+AO94+AO99+AO111+AO120+AO133+AO144+AO155+AO167+AO179+AO193+AO197+AO209+AO218+AO225+AO238+AO251+AO263+AO271+AO280+AO291+AO301+AO308+AO317+AO327+AO341+AO350+AO359+AO366+AO378+AO387 -> 115398.1 | AP8: =AP11+AP15+AP24+AP38+AP49+AP54+AP71+AP77+AP94+AP99+AP111+AP120+AP133+AP144+AP155+AP167+AP179+AP193+AP197+AP209+AP218+AP225+AP238+AP251+AP263+AP271+AP280+AP291+AP301+AP308+AP317+AP327+AP341+AP350+AP359+AP366+AP378+AP387 -> 14430.102 | AQ8: =AP8/AO8*100 -> 12.504627 | AR8: =AR11+AR15+AR24+AR38+AR49+AR54+AR71+AR77+AR94+AR99+AR111+AR120+AR133+AR144+AR155+AR167+AR179+AR193+AR197+AR209+AR218+AR225+AR238+AR251+AR263+AR271+AR280+AR291+AR301+AR308+AR317+AR327+AR341+AR350+AR359+AR366+AR378+AR387 -> 485652.2 | AS8: =AS11+AS15+AS24+AS38+AS49+AS54+AS71+AS77+AS94+AS99+AS111+AS120+AS133+AS144+AS155+AS167+AS179+AS193+AS197+AS209+AS218+AS225+AS238+AS251+AS263+AS271+AS280+AS291+AS301+AS308+AS317+AS327+AS341+AS350+AS359+AS366+AS378+AS387 -> 278063.88 | AT8: =AS8/AR8*100 -> 57.255764 | AU8: =AU11+AU15+AU24+AU38+AU49+AU54+AU71+AU77+AU94+AU99+AU111+AU120+AU133+AU144+AU155+AU167+AU179+AU193+AU197+AU209+AU218+AU225+AU238+AU251+AU263+AU271+AU280+AU291+AU301+AU308+AU317+AU327+AU341+AU350+AU359+AU366+AU378+AU387 -> 30468 | AV8: =AV11+AV15+AV24+AV38+AV49+AV54+AV71+AV77+AV94+AV99+AV111+AV120+AV133+AV144+AV155+AV167+AV179+AV193+AV197+AV209+AV218+AV225+AV238+AV251+AV263+AV271+AV280+AV291+AV301+AV308+AV317+AV327+AV341+AV350+AV359+AV366+AV378+AV387 -> 22793.342 | AW8: =AV8/AU8*100 -> 74.81076 | AX8: =AX11+AX15+AX24+AX38+AX49+AX54+AX71+AX77+AX94+AX99+AX111+AX120+AX133+AX144+AX155+AX167+AX179+AX193+AX197+AX209+AX218+AX225+AX238+AX251+AX263+AX271+AX280+AX291+AX301+AX308+AX317+AX327+AX341+AX350+AX359+AX366+AX378+AX387 -> 160324 | AY8: =AY11+AY15+AY24+AY38+AY49+AY54+AY71+AY77+AY94+AY99+AY111+AY120+AY133+AY144+AY155+AY167+AY179+AY193+AY197+AY209+AY218+AY225+AY238+AY251+AY263+AY271+AY280+AY291+AY301+AY308+AY317+AY327+AY341+AY350+AY359+AY366+AY378+AY387 -> 87497.853 | AZ8: =AY8/AX8*100 -> 54.575642 | BA8: =BA11+BA15+BA24+BA38+BA49+BA54+BA71+BA77+BA94+BA99+BA111+BA120+BA133+BA144+BA155+BA167+BA179+BA193+BA197+BA209+BA218+BA225+BA238+BA251+BA263+BA271+BA280+BA291+BA301+BA308+BA317+BA327+BA341+BA350+BA359+BA366+BA378+BA387 -> 3360.4 | BB8: =BB11+BB15+BB24+BB38+BB49+BB54+BB71+BB77+BB94+BB99+BB111+BB120+BB133+BB144+BB155+BB167+BB179+BB193+BB197+BB209+BB218+BB225+BB238+BB251+BB263+BB271+BB280+BB291+BB301+BB308+BB317+BB327+BB341+BB350+BB359+BB366+BB378+BB387 -> 1783.0683 | BC8: =BB8/BA8*100 -> 53.061191 | BD8: =BD11+BD15+BD24+BD38+BD49+BD54+BD71+BD77+BD94+BD99+BD111+BD120+BD133+BD144+BD155+BD167+BD179+BD193+BD197+BD209+BD218+BD225+BD238+BD251+BD263+BD271+BD280+BD291+BD301+BD308+BD317+BD327+BD341+BD350+BD359+BD366+BD378+BD387 -> 179821.2 | BE8: =BE11+BE15+BE24+BE38+BE49+BE54+BE71+BE77+BE94+BE99+BE111+BE120+BE133+BE144+BE155+BE167+BE179+BE193+BE197+BE209+BE218+BE225+BE238+BE251+BE263+BE271+BE280+BE291+BE301+BE308+BE317+BE327+BE341+BE350+BE359+BE366+BE378+BE387 -> 89683.283 | BF8: =BE8/BD8*100 -> 49.873587 | BG8: =BG11+BG15+BG24+BG38+BG49+BG54+BG71+BG77+BG94+BG99+BG111+BG120+BG133+BG144+BG155+BG167+BG179+BG193+BG197+BG209+BG218+BG225+BG238+BG251+BG263+BG271+BG280+BG291+BG301+BG308+BG317+BG327+BG341+BG350+BG359+BG366+BG378+BG387 -> 385498.59 | BH8: =BH11+BH15+BH24+BH38+BH49+BH54+BH71+BH77+BH94+BH99+BH111+BH120+BH133+BH144+BH155+BH167+BH179+BH193+BH197+BH209+BH218+BH225+BH238+BH251+BH263+BH271+BH280+BH291+BH301+BH308+BH317+BH327+BH341+BH350+BH359+BH366+BH378+BH387 -> 141013.9 | BI8: =BH8/BG8*100 -> 36.579614 | BJ8: =BJ11+BJ15+BJ24+BJ38+BJ49+BJ54+BJ71+BJ77+BJ94+BJ99+BJ111+BJ120+BJ133+BJ144+BJ155+BJ167+BJ179+BJ193+BJ197+BJ209+BJ218+BJ225+BJ238+BJ251+BJ263+BJ271+BJ280+BJ291+BJ301+BJ308+BJ317+BJ327+BJ341+BJ350+BJ359+BJ366+BJ378+BJ387 -> 34078.7 | BK8: =BK11+BK15+BK24+BK38+BK49+BK54+BK71+BK77+BK94+BK99+BK111+BK120+BK133+BK144+BK155+BK167+BK179+BK193+BK197+BK209+BK218+BK225+BK238+BK251+BK263+BK271+BK280+BK291+BK301+BK308+BK317+BK327+BK341+BK350+BK359+BK366+BK378+BK387 -> 4872.8672 | BL8: =BK8/BJ8*100 -> 14.298865 | BM8: =BM11+BM15+BM24+BM38+BM49+BM54+BM71+BM77+BM94+BM99+BM111+BM120+BM133+BM144+BM155+BM167+BM179+BM193+BM197+BM209+BM218+BM225+BM238+BM251+BM263+BM271+BM280+BM291+BM301+BM308+BM317+BM327+BM341+BM350+BM359+BM366+BM378+BM387 -> 16769.4 | BN8: =BN11+BN15+BN24+BN38+BN49+BN54+BN71+BN77+BN94+BN99+BN111+BN120+BN133+BN144+BN155+BN167+BN179+BN193+BN197+BN209+BN218+BN225+BN238+BN251+BN263+BN271+BN280+BN291+BN301+BN308+BN317+BN327+BN341+BN350+BN359+BN366+BN378+BN387 -> 16769.399 | BO8: =BN8/BM8*100 -> 99.999995 | BP8: =BP11+BP15+BP24+BP38+BP49+BP54+BP71+BP77+BP94+BP99+BP111+BP120+BP133+BP144+BP155+BP167+BP179+BP193+BP197+BP209+BP218+BP225+BP238+BP251+BP263+BP271+BP280+BP291+BP301+BP308+BP317+BP327+BP341+BP350+BP359+BP366+BP378+BP387 -> 0 | BQ8: =BQ11+BQ15+BQ24+BQ38+BQ49+BQ54+BQ71+BQ77+BQ94+BQ99+BQ111+BQ120+BQ133+BQ144+BQ155+BQ167+BQ179+BQ193+BQ197+BQ209+BQ218+BQ225+BQ238+BQ251+BQ263+BQ271+BQ280+BQ291+BQ301+BQ308+BQ317+BQ327+BQ341+BQ350+BQ359+BQ366+BQ378+BQ387 -> 0 | BR8: =BR11+BR15+BR24+BR38+BR49+BR54+BR71+BR77+BR94+BR99+BR111+BR120+BR133+BR144+BR155+BR167+BR179+BR193+BR197+BR209+BR218+BR225+BR238+BR251+BR263+BR271+BR280+BR291+BR301+BR308+BR317+BR327+BR341+BR350+BR359+BR366+BR378+BR387 -> 0 | BS8: =BS11+BS15+BS24+BS38+BS49+BS54+BS71+BS77+BS94+BS99+BS111+BS120+BS133+BS144+BS155+BS167+BS179+BS193+BS197+BS209+BS218+BS225+BS238+BS251+BS263+BS271+BS280+BS291+BS301+BS308+BS317+BS327+BS341+BS350+BS359+BS366+BS378+BS387 -> 74577.7 | BT8: =BT11+BT15+BT24+BT38+BT49+BT54+BT71+BT77+BT94+BT99+BT111+BT120+BT133+BT144+BT155+BT167+BT179+BT193+BT197+BT209+BT218+BT225+BT238+BT251+BT263+BT271+BT280+BT291+BT301+BT308+BT317+BT327+BT341+BT350+BT359+BT366+BT378+BT387 -> 57264.217 | BU8: =BT8/BS8*100 -> 76.784638 | BV8: =BV11+BV15+BV24+BV38+BV49+BV54+BV71+BV77+BV94+BV99+BV111+BV120+BV133+BV144+BV155+BV167+BV179+BV193+BV197+BV209+BV218+BV225+BV238+BV251+BV263+BV271+BV280+BV291+BV301+BV308+BV317+BV327+BV341+BV350+BV359+BV366+BV378+BV387 -> 65541.5 | BW8: =BW11+BW15+BW24+BW38+BW49+BW54+BW71+BW77+BW94+BW99+BW111+BW120+BW133+BW144+BW155+BW167+BW179+BW193+BW197+BW209+BW218+BW225+BW238+BW251+BW263+BW271+BW280+BW291+BW301+BW308+BW317+BW327+BW341+BW350+BW359+BW366+BW378+BW387 -> 21586.495 | BX8: =BW8/BV8*100 -> 32.935613 | BY8: =BY11+BY15+BY24+BY38+BY49+BY54+BY71+BY77+BY94+BY99+BY111+BY120+BY133+BY144+BY155+BY167+BY179+BY193+BY197+BY209+BY218+BY225+BY238+BY251+BY263+BY271+BY280+BY291+BY301+BY308+BY317+BY327+BY341+BY350+BY359+BY366+BY378+BY387 -> 24694.1 | BZ8: =BZ11+BZ15+BZ24+BZ38+BZ49+BZ54+BZ71+BZ77+BZ94+BZ99+BZ111+BZ120+BZ133+BZ144+BZ155+BZ167+BZ179+BZ193+BZ197+BZ209+BZ218+BZ225+BZ238+BZ251+BZ263+BZ271+BZ280+BZ291+BZ301+BZ308+BZ317+BZ327+BZ341+BZ350+BZ359+BZ366+BZ378+BZ387 -> 21024.681 | CA8: =BZ8/BY8*100 -> 85.140504 | CB8: =CB11+CB15+CB24+CB38+CB49+CB54+CB71+CB77+CB94+CB99+CB111+CB120+CB133+CB144+CB155+CB167+CB179+CB193+CB197+CB209+CB218+CB225+CB238+CB251+CB263+CB271+CB280+CB291+CB301+CB308+CB317+CB327+CB341+CB350+CB359+CB366+CB378+CB387 -> 85511.9 | CC8: =CC11+CC15+CC24+CC38+CC49+CC54+CC71+CC77+CC94+CC99+CC111+CC120+CC133+CC144+CC155+CC167+CC179+CC193+CC197+CC209+CC218+CC225+CC238+CC251+CC263+CC271+CC280+CC291+CC301+CC308+CC317+CC327+CC341+CC350+CC359+CC366+CC378+CC387 -> 43257.987 | CD8: =CC8/CB8*100 -> 50.587096 | CE8: =CE11+CE15+CE24+CE38+CE49+CE54+CE71+CE77+CE94+CE99+CE111+CE120+CE133+CE144+CE155+CE167+CE179+CE193+CE197+CE209+CE218+CE225+CE238+CE251+CE263+CE271+CE280+CE291+CE301+CE308+CE317+CE327+CE341+CE350+CE359+CE366+CE378+CE387 -> 8369.3 | CF8: =CF11+CF15+CF24+CF38+CF49+CF54+CF71+CF77+CF94+CF99+CF111+CF120+CF133+CF144+CF155+CF167+CF179+CF193+CF197+CF209+CF218+CF225+CF238+CF251+CF263+CF271+CF280+CF291+CF301+CF308+CF317+CF327+CF341+CF350+CF359+CF366+CF378+CF387 -> 0 | CG8: =CG11+CG15+CG24+CG38+CG49+CG54+CG71+CG77+CG94+CG99+CG111+CG120+CG133+CG144+CG155+CG167+CG179+CG193+CG197+CG209+CG218+CG225+CG238+CG251+CG263+CG271+CG280+CG291+CG301+CG308+CG317+CG327+CG341+CG350+CG359+CG366+CG378+CG387 -> 0 | CH8: =CH11+CH15+CH24+CH38+CH49+CH54+CH71+CH77+CH94+CH99+CH111+CH120+CH133+CH144+CH155+CH167+CH179+CH193+CH197+CH209+CH218+CH225+CH238+CH251+CH263+CH271+CH280+CH291+CH301+CH308+CH317+CH327+CH341+CH350+CH359+CH366+CH378+CH387 -> 204901.1 | CI8: =CI11+CI15+CI24+CI38+CI49+CI54+CI71+CI77+CI94+CI99+CI111+CI120+CI133+CI144+CI155+CI167+CI179+CI193+CI197+CI209+CI218+CI225+CI238+CI251+CI263+CI271+CI280+CI291+CI301+CI308+CI317+CI327+CI341+CI350+CI359+CI366+CI378+CI387 -> 121916.16 | CJ8: =CI8/CH8*100 -> 59.500004 | CK8: =CK11+CK15+CK24+CK38+CK49+CK54+CK71+CK77+CK94+CK99+CK111+CK120+CK133+CK144+CK155+CK167+CK179+CK193+CK197+CK209+CK218+CK225+CK238+CK251+CK263+CK271+CK280+CK291+CK301+CK308+CK317+CK327+CK341+CK350+CK359+CK366+CK378+CK387 -> 6197.6 | CL8: =CL11+CL15+CL24+CL38+CL49+CL54+CL71+CL77+CL94+CL99+CL111+CL120+CL133+CL144+CL155+CL167+CL179+CL193+CL197+CL209+CL218+CL225+CL238+CL251+CL263+CL271+CL280+CL291+CL301+CL308+CL317+CL327+CL341+CL350+CL359+CL366+CL378+CL387 -> 6197.6 | CM8: =CL8/CK8*100 -> 100 | CN8: =CN11+CN15+CN24+CN38+CN49+CN54+CN71+CN77+CN94+CN99+CN111+CN120+CN133+CN144+CN155+CN167+CN179+CN193+CN197+CN209+CN218+CN225+CN238+CN251+CN263+CN271+CN280+CN291+CN301+CN308+CN317+CN327+CN341+CN350+CN359+CN366+CN378+CN387 -> 16618.3 | CO8: =CO11+CO15+CO24+CO38+CO49+CO54+CO71+CO77+CO94+CO99+CO111+CO120+CO133+CO144+CO155+CO167+CO179+CO193+CO197+CO209+CO218+CO225+CO238+CO251+CO263+CO271+CO280+CO291+CO301+CO308+CO317+CO327+CO341+CO350+CO359+CO366+CO378+CO387 -> 6794.6203 | CP8: =CO8/CN8*100 -> 40.886374 | CQ8: =CQ11+CQ15+CQ24+CQ38+CQ49+CQ54+CQ71+CQ77+CQ94+CQ99+CQ111+CQ120+CQ133+CQ144+CQ155+CQ167+CQ179+CQ193+CQ197+CQ209+CQ218+CQ225+CQ238+CQ251+CQ263+CQ271+CQ280+CQ291+CQ301+CQ308+CQ317+CQ327+CQ341+CQ350+CQ359+CQ366+CQ378+CQ387 -> 583310.1 | CR8: =CR11+CR15+CR24+CR38+CR49+CR54+CR71+CR77+CR94+CR99+CR111+CR120+CR133+CR144+CR155+CR167+CR179+CR193+CR197+CR209+CR218+CR225+CR238+CR251+CR263+CR271+CR280+CR291+CR301+CR308+CR317+CR327+CR341+CR350+CR359+CR366+CR378+CR387 -> 297656.47 | CS8: =CR8/CQ8*100 -> 51.028857 | CT8: =CT11+CT15+CT24+CT38+CT49+CT54+CT71+CT77+CT94+CT99+CT111+CT120+CT133+CT144+CT155+CT167+CT179+CT193+CT197+CT209+CT218+CT225+CT238+CT251+CT263+CT271+CT280+CT291+CT301+CT308+CT317+CT327+CT341+CT350+CT359+CT366+CT378+CT387 -> 200000 | CU8: =CU11+CU15+CU24+CU38+CU49+CU54+CU71+CU77+CU94+CU99+CU111+CU120+CU133+CU144+CU155+CU167+CU179+CU193+CU197+CU209+CU218+CU225+CU238+CU251+CU263+CU271+CU280+CU291+CU301+CU308+CU317+CU327+CU341+CU350+CU359+CU366+CU378+CU387 -> 144564.13 | CV8: =CU8/CT8*100 -> 72.282063 | CW8: =CW11+CW15+CW24+CW38+CW49+CW54+CW71+CW77+CW94+CW99+CW111+CW120+CW133+CW144+CW155+CW167+CW179+CW193+CW197+CW209+CW218+CW225+CW238+CW251+CW263+CW271+CW280+CW291+CW301+CW308+CW317+CW327+CW341+CW350+CW359+CW366+CW378+CW387 -> 0 | CX8: =CX11+CX15+CX24+CX38+CX49+CX54+CX71+CX77+CX94+CX99+CX111+CX120+CX133+CX144+CX155+CX167+CX179+CX193+CX197+CX209+CX218+CX225+CX238+CX251+CX263+CX271+CX280+CX291+CX301+CX308+CX317+CX327+CX341+CX350+CX359+CX366+CX378+CX387 -> 0 | CY8: =CY11+CY15+CY24+CY38+CY49+CY54+CY71+CY77+CY94+CY99+CY111+CY120+CY133+CY144+CY155+CY167+CY179+CY193+CY197+CY209+CY218+CY225+CY238+CY251+CY263+CY271+CY280+CY291+CY301+CY308+CY317+CY327+CY341+CY350+CY359+CY366+CY378+CY387 -> 0 | CZ8: =CZ11+CZ15+CZ24+CZ38+CZ49+CZ54+CZ71+CZ77+CZ94+CZ99+CZ111+CZ120+CZ133+CZ144+CZ155+CZ167+CZ179+CZ193+CZ197+CZ209+CZ218+CZ225+CZ238+CZ251+CZ263+CZ271+CZ280+CZ291+CZ301+CZ308+CZ317+CZ327+CZ341+CZ350+CZ359+CZ366+CZ378+CZ387 -> 36685.4 | DA8: =DA11+DA15+DA24+DA38+DA49+DA54+DA71+DA77+DA94+DA99+DA111+DA120+DA133+DA144+DA155+DA167+DA179+DA193+DA197+DA209+DA218+DA225+DA238+DA251+DA263+DA271+DA280+DA291+DA301+DA308+DA317+DA327+DA341+DA350+DA359+DA366+DA378+DA387 -> 7386.7299 | DB8: =DA8/CZ8*100 -> 20.13534 | DC8: =DC11+DC15+DC24+DC38+DC49+DC54+DC71+DC77+DC94+DC99+DC111+DC120+DC133+DC144+DC155+DC167+DC179+DC193+DC197+DC209+DC218+DC225+DC238+DC251+DC263+DC271+DC280+DC291+DC301+DC308+DC317+DC327+DC341+DC350+DC359+DC366+DC378+DC387 -> 48007.1 | DD8: =DD11+DD15+DD24+DD38+DD49+DD54+DD71+DD77+DD94+DD99+DD111+DD120+DD133+DD144+DD155+DD167+DD179+DD193+DD197+DD209+DD218+DD225+DD238+DD251+DD263+DD271+DD280+DD291+DD301+DD308+DD317+DD327+DD341+DD350+DD359+DD366+DD378+DD387 -> 19142.954 | DE8: =DD8/DC8*100 -> 39.875256 | DF8: =DF11+DF15+DF24+DF38+DF49+DF54+DF71+DF77+DF94+DF99+DF111+DF120+DF133+DF144+DF155+DF167+DF179+DF193+DF197+DF209+DF218+DF225+DF238+DF251+DF263+DF271+DF280+DF291+DF301+DF308+DF317+DF327+DF341+DF350+DF359+DF366+DF378+DF387 -> 42920.1 | DG8: =DG11+DG15+DG24+DG38+DG49+DG54+DG71+DG77+DG94+DG99+DG111+DG120+DG133+DG144+DG155+DG167+DG179+DG193+DG197+DG209+DG218+DG225+DG238+DG251+DG263+DG271+DG280+DG291+DG301+DG308+DG317+DG327+DG341+DG350+DG359+DG366+DG378+DG387 -> 1650.1421 | DH8: =DG8/DF8*100 -> 3.8446838 | DI8: =DI11+DI15+DI24+DI38+DI49+DI54+DI71+DI77+DI94+DI99+DI111+DI120+DI133+DI144+DI155+DI167+DI179+DI193+DI197+DI209+DI218+DI225+DI238+DI251+DI263+DI271+DI280+DI291+DI301+DI308+DI317+DI327+DI341+DI350+DI359+DI366+DI378+DI387 -> 106674 | DJ8: =DJ11+DJ15+DJ24+DJ38+DJ49+DJ54+DJ71+DJ77+DJ94+DJ99+DJ111+DJ120+DJ133+DJ144+DJ155+DJ167+DJ179+DJ193+DJ197+DJ209+DJ218+DJ225+DJ238+DJ251+DJ263+DJ271+DJ280+DJ291+DJ301+DJ308+DJ317+DJ327+DJ341+DJ350+DJ359+DJ366+DJ378+DJ387 -> 69872.712 | DK8: =DJ8/DI8*100 -> 65.501164 | DL8: =DL11+DL15+DL24+DL38+DL49+DL54+DL71+DL77+DL94+DL99+DL111+DL120+DL133+DL144+DL155+DL167+DL179+DL193+DL197+DL209+DL218+DL225+DL238+DL251+DL263+DL271+DL280+DL291+DL301+DL308+DL317+DL327+DL341+DL350+DL359+DL366+DL378+DL387 -> 381434.7 | DM8: =DM11+DM15+DM24+DM38+DM49+DM54+DM71+DM77+DM94+DM99+DM111+DM120+DM133+DM144+DM155+DM167+DM179+DM193+DM197+DM209+DM218+DM225+DM238+DM251+DM263+DM271+DM280+DM291+DM301+DM308+DM317+DM327+DM341+DM350+DM359+DM366+DM378+DM387 -> 0 | DN8: =DM8/DL8*100 -> 0 | DO8: =DO11+DO15+DO24+DO38+DO49+DO54+DO71+DO77+DO94+DO99+DO111+DO120+DO133+DO144+DO155+DO167+DO179+DO193+DO197+DO209+DO218+DO225+DO238+DO251+DO263+DO271+DO280+DO291+DO301+DO308+DO317+DO327+DO341+DO350+DO359+DO366+DO378+DO387 -> 108988.2 | DP8: =DP11+DP15+DP24+DP38+DP49+DP54+DP71+DP77+DP94+DP99+DP111+DP120+DP133+DP144+DP155+DP167+DP179+DP193+DP197+DP209+DP218+DP225+DP238+DP251+DP263+DP271+DP280+DP291+DP301+DP308+DP317+DP327+DP341+DP350+DP359+DP366+DP378+DP387 -> 0 | DQ8: =DP8/DO8*100 -> 0 | DR8: =DR11+DR15+DR24+DR38+DR49+DR54+DR71+DR77+DR94+DR99+DR111+DR120+DR133+DR144+DR155+DR167+DR179+DR193+DR197+DR209+DR218+DR225+DR238+DR251+DR263+DR271+DR280+DR291+DR301+DR308+DR317+DR327+DR341+DR350+DR359+DR366+DR378+DR387 -> 0 | DS8: =DS11+DS15+DS24+DS38+DS49+DS54+DS71+DS77+DS94+DS99+DS111+DS120+DS133+DS144+DS155+DS167+DS179+DS193+DS197+DS209+DS218+DS225+DS238+DS251+DS263+DS271+DS280+DS291+DS301+DS308+DS317+DS327+DS341+DS350+DS359+DS366+DS378+DS387 -> 0 | DU8: =DU11+DU15+DU24+DU38+DU49+DU54+DU71+DU77+DU94+DU99+DU111+DU120+DU133+DU144+DU155+DU167+DU179+DU193+DU197+DU209+DU218+DU225+DU238+DU251+DU263+DU271+DU280+DU291+DU301+DU308+DU317+DU327+DU341+DU350+DU359+DU366+DU378+DU387 -> 21096.4 | DV8: =DV11+DV15+DV24+DV38+DV49+DV54+DV71+DV77+DV94+DV99+DV111+DV120+DV133+DV144+DV155+DV167+DV179+DV193+DV197+DV209+DV218+DV225+DV238+DV251+DV263+DV271+DV280+DV291+DV301+DV308+DV317+DV327+DV341+DV350+DV359+DV366+DV378+DV387 -> 0 | DW8: =DV8/DU8*100 -> 0 | DX8: =DX11+DX15+DX24+DX38+DX49+DX54+DX71+DX77+DX94+DX99+DX111+DX120+DX133+DX144+DX155+DX167+DX179+DX193+DX197+DX209+DX218+DX225+DX238+DX251+DX263+DX271+DX280+DX291+DX301+DX308+DX317+DX327+DX341+DX350+DX359+DX366+DX378+DX387 -> 108765.92 | DY8: =DY11+DY15+DY24+DY38+DY49+DY54+DY71+DY77+DY94+DY99+DY111+DY120+DY133+DY144+DY155+DY167+DY179+DY193+DY197+DY209+DY218+DY225+DY238+DY251+DY263+DY271+DY280+DY291+DY301+DY308+DY317+DY327+DY341+DY350+DY359+DY366+DY378+DY387 -> 0 | DZ8: =DY8/DX8*100 -> 0
A9: Муниципальные районы области (собственный): | B9: =E9+H9+K9+N9+Q9+T9+W9+Z9+AC9+AF9+AI9+AL9+AO9+AR9+AU9+AX9+BA9+BD9+BG9+BJ9+BM9+BP9+BS9+BV9+BY9+CB9+CE9+CH9+CK9+CN9+CQ9+CT9+CW9+CZ9+DC9+DF9+DI9+DL9+DO9+DR9+DU9+DX9 -> 3657702.6 | C9: =F9+I9+L9+O9+R9+U9+X9+AA9+AD9+AG9+AJ9+AM9+AP9+AS9+AV9+AY9+BB9+BE9+BH9+BK9+BN9+BQ9+BT9+BW9+BZ9+CC9+CF9+CI9+CL9+CO9+CR9+CU9+CX9+DA9+DD9+DG9+DJ9+DM9+DP9+DS9+DV9+DY9 -> 1657068.7 | D9: =C9/B9*100 -> 45.30354 | E9: =E12+E16+E25+E39+E50+E55+E72+E78+E95+E100+E112+E121+E134+E145+E156+E168+E180+E194+E198+E210+E219+E226+E239+E252+E264+E272+E281+E292+E302+E309+E318+E328+E342+E351+E360+E367+E379+E388 -> 16624.9 | F9: =F12+F16+F25+F39+F50+F55+F72+F78+F95+F100+F112+F121+F134+F145+F156+F168+F180+F194+F198+F210+F219+F226+F239+F252+F264+F272+F281+F292+F302+F309+F318+F328+F342+F351+F360+F367+F379+F388 -> 15217.769 | G9: =F9/E9*100 -> 91.536003 | H9: =H12+H16+H25+H39+H50+H55+H72+H78+H95+H100+H112+H121+H134+H145+H156+H168+H180+H194+H198+H210+H219+H226+H239+H252+H264+H272+H281+H292+H302+H309+H318+H328+H342+H351+H360+H367+H379+H388 -> 99643 | I9: =I12+I16+I25+I39+I50+I55+I72+I78+I95+I100+I112+I121+I134+I145+I156+I168+I180+I194+I198+I210+I219+I226+I239+I252+I264+I272+I281+I292+I302+I309+I318+I328+I342+I351+I360+I367+I379+I388 -> 40783.598 | J9: =I9/H9*100 -> 40.929717 | K9: =K12+K16+K25+K39+K50+K55+K72+K78+K95+K100+K112+K121+K134+K145+K156+K168+K180+K194+K198+K210+K219+K226+K239+K252+K264+K272+K281+K292+K302+K309+K318+K328+K342+K351+K360+K367+K379+K388 -> 54023.1 | L9: =L12+L16+L25+L39+L50+L55+L72+L78+L95+L100+L112+L121+L134+L145+L156+L168+L180+L194+L198+L210+L219+L226+L239+L252+L264+L272+L281+L292+L302+L309+L318+L328+L342+L351+L360+L367+L379+L388 -> 53046.401 | M9: =L9/K9*100 -> 98.192071 | N9: =N12+N16+N25+N39+N50+N55+N72+N78+N95+N100+N112+N121+N134+N145+N156+N168+N180+N194+N198+N210+N219+N226+N239+N252+N264+N272+N281+N292+N302+N309+N318+N328+N342+N351+N360+N367+N379+N388 -> 0 | O9: =O12+O16+O25+O39+O50+O55+O72+O78+O95+O100+O112+O121+O134+O145+O156+O168+O180+O194+O198+O210+O219+O226+O239+O252+O264+O272+O281+O292+O302+O309+O318+O328+O342+O351+O360+O367+O379+O388 -> 0 | Q9: =Q12+Q16+Q25+Q39+Q50+Q55+Q72+Q78+Q95+Q100+Q112+Q121+Q134+Q145+Q156+Q168+Q180+Q194+Q198+Q210+Q219+Q226+Q239+Q252+Q264+Q272+Q281+Q292+Q302+Q309+Q318+Q328+Q342+Q351+Q360+Q367+Q379+Q388 -> 5029.2 | R9: =R12+R16+R25+R39+R50+R55+R72+R78+R95+R100+R112+R121+R134+R145+R156+R168+R180+R194+R198+R210+R219+R226+R239+R252+R264+R272+R281+R292+R302+R309+R318+R328+R342+R351+R360+R367+R379+R388 -> 5029.2 | S9: =R9/Q9*100 -> 100 | T9: =T12+T16+T25+T39+T50+T55+T72+T78+T95+T100+T112+T121+T134+T145+T156+T168+T180+T194+T198+T210+T219+T226+T239+T252+T264+T272+T281+T292+T302+T309+T318+T328+T342+T351+T360+T367+T379+T388 -> 37892 | U9: =U12+U16+U25+U39+U50+U55+U72+U78+U95+U100+U112+U121+U134+U145+U156+U168+U180+U194+U198+U210+U219+U226+U239+U252+U264+U272+U281+U292+U302+U309+U318+U328+U342+U351+U360+U367+U379+U388 -> 34114.022 | V9: =U9/T9*100 -> 90.029617 | W9: =W12+W16+W25+W39+W50+W55+W72+W78+W95+W100+W112+W121+W134+W145+W156+W168+W180+W194+W198+W210+W219+W226+W239+W252+W264+W272+W281+W292+W302+W309+W318+W328+W342+W351+W360+W367+W379+W388 -> 2346.9389 | X9: =X12+X16+X25+X39+X50+X55+X72+X78+X95+X100+X112+X121+X134+X145+X156+X168+X180+X194+X198+X210+X219+X226+X239+X252+X264+X272+X281+X292+X302+X309+X318+X328+X342+X351+X360+X367+X379+X388 -> 2346.939 | Y9: =X9/W9*100 -> 100.00001 | Z9: =Z12+Z16+Z25+Z39+Z50+Z55+Z72+Z78+Z95+Z100+Z112+Z121+Z134+Z145+Z156+Z168+Z180+Z194+Z198+Z210+Z219+Z226+Z239+Z252+Z264+Z272+Z281+Z292+Z302+Z309+Z318+Z328+Z342+Z351+Z360+Z367+Z379+Z388 -> 816.32658 | AA9: =AA12+AA16+AA25+AA39+AA50+AA55+AA72+AA78+AA95+AA100+AA112+AA121+AA134+AA145+AA156+AA168+AA180+AA194+AA198+AA210+AA219+AA226+AA239+AA252+AA264+AA272+AA281+AA292+AA302+AA309+AA318+AA328+AA342+AA351+AA360+AA367+AA379+AA388 -> 816.32658 | AB9: =AA9/Z9*100 -> 100 | AC9: =AC12+AC16+AC25+AC39+AC50+AC55+AC72+AC78+AC95+AC100+AC112+AC121+AC134+AC145+AC156+AC168+AC180+AC194+AC198+AC210+AC219+AC226+AC239+AC252+AC264+AC272+AC281+AC292+AC302+AC309+AC318+AC328+AC342+AC351+AC360+AC367+AC379+AC388 -> 5300 | AD9: =AD12+AD16+AD25+AD39+AD50+AD55+AD72+AD78+AD95+AD100+AD112+AD121+AD134+AD145+AD156+AD168+AD180+AD194+AD198+AD210+AD219+AD226+AD239+AD252+AD264+AD272+AD281+AD292+AD302+AD309+AD318+AD328+AD342+AD351+AD360+AD367+AD379+AD388 -> 3975 | AE9: =AD9/AC9*100 -> 75 | AF9: =AF12+AF16+AF25+AF39+AF50+AF55+AF72+AF78+AF95+AF100+AF112+AF121+AF134+AF145+AF156+AF168+AF180+AF194+AF198+AF210+AF219+AF226+AF239+AF252+AF264+AF272+AF281+AF292+AF302+AF309+AF318+AF328+AF342+AF351+AF360+AF367+AF379+AF388 -> 0 | AG9: =AG12+AG16+AG25+AG39+AG50+AG55+AG72+AG78+AG95+AG100+AG112+AG121+AG134+AG145+AG156+AG168+AG180+AG194+AG198+AG210+AG219+AG226+AG239+AG252+AG264+AG272+AG281+AG292+AG302+AG309+AG318+AG328+AG342+AG351+AG360+AG367+AG379+AG388 -> 0 | AI9: =AI12+AI16+AI25+AI39+AI50+AI55+AI72+AI78+AI95+AI100+AI112+AI121+AI134+AI145+AI156+AI168+AI180+AI194+AI198+AI210+AI219+AI226+AI239+AI252+AI264+AI272+AI281+AI292+AI302+AI309+AI318+AI328+AI342+AI351+AI360+AI367+AI379+AI388 -> 0 | AJ9: =AJ12+AJ16+AJ25+AJ39+AJ50+AJ55+AJ72+AJ78+AJ95+AJ100+AJ112+AJ121+AJ134+AJ145+AJ156+AJ168+AJ180+AJ194+AJ198+AJ210+AJ219+AJ226+AJ239+AJ252+AJ264+AJ272+AJ281+AJ292+AJ302+AJ309+AJ318+AJ328+AJ342+AJ351+AJ360+AJ367+AJ379+AJ388 -> 0 | AL9: =AL12+AL16+AL25+AL39+AL50+AL55+AL72+AL78+AL95+AL100+AL112+AL121+AL134+AL145+AL156+AL168+AL180+AL194+AL198+AL210+AL219+AL226+AL239+AL252+AL264+AL272+AL281+AL292+AL302+AL309+AL318+AL328+AL342+AL351+AL360+AL367+AL379+AL388 -> 818539.7 | AM9: =AM12+AM16+AM25+AM39+AM50+AM55+AM72+AM78+AM95+AM100+AM112+AM121+AM134+AM145+AM156+AM168+AM180+AM194+AM198+AM210+AM219+AM226+AM239+AM252+AM264+AM272+AM281+AM292+AM302+AM309+AM318+AM328+AM342+AM351+AM360+AM367+AM379+AM388 -> 501380.4 | AN9: =AM9/AL9*100 -> 61.253034 | AO9: =AO12+AO16+AO25+AO39+AO50+AO55+AO72+AO78+AO95+AO100+AO112+AO121+AO134+AO145+AO156+AO168+AO180+AO194+AO198+AO210+AO219+AO226+AO239+AO252+AO264+AO272+AO281+AO292+AO302+AO309+AO318+AO328+AO342+AO351+AO360+AO367+AO379+AO388 -> 115398.1 | AP9: =AP12+AP16+AP25+AP39+AP50+AP55+AP72+AP78+AP95+AP100+AP112+AP121+AP134+AP145+AP156+AP168+AP180+AP194+AP198+AP210+AP219+AP226+AP239+AP252+AP264+AP272+AP281+AP292+AP302+AP309+AP318+AP328+AP342+AP351+AP360+AP367+AP379+AP388 -> 14430.102 | AQ9: =AP9/AO9*100 -> 12.504627 | AR9: =AR12+AR16+AR25+AR39+AR50+AR55+AR72+AR78+AR95+AR100+AR112+AR121+AR134+AR145+AR156+AR168+AR180+AR194+AR198+AR210+AR219+AR226+AR239+AR252+AR264+AR272+AR281+AR292+AR302+AR309+AR318+AR328+AR342+AR351+AR360+AR367+AR379+AR388 -> 485652.2 | AS9: =AS12+AS16+AS25+AS39+AS50+AS55+AS72+AS78+AS95+AS100+AS112+AS121+AS134+AS145+AS156+AS168+AS180+AS194+AS198+AS210+AS219+AS226+AS239+AS252+AS264+AS272+AS281+AS292+AS302+AS309+AS318+AS328+AS342+AS351+AS360+AS367+AS379+AS388 -> 278063.88 | AT9: =AS9/AR9*100 -> 57.255764 | AU9: =AU12+AU16+AU25+AU39+AU50+AU55+AU72+AU78+AU95+AU100+AU112+AU121+AU134+AU145+AU156+AU168+AU180+AU194+AU198+AU210+AU219+AU226+AU239+AU252+AU264+AU272+AU281+AU292+AU302+AU309+AU318+AU328+AU342+AU351+AU360+AU367+AU379+AU388 -> 30468 | AV9: =AV12+AV16+AV25+AV39+AV50+AV55+AV72+AV78+AV95+AV100+AV112+AV121+AV134+AV145+AV156+AV168+AV180+AV194+AV198+AV210+AV219+AV226+AV239+AV252+AV264+AV272+AV281+AV292+AV302+AV309+AV318+AV328+AV342+AV351+AV360+AV367+AV379+AV388 -> 22793.342 | AW9: =AV9/AU9*100 -> 74.81076 | AX9: =AX12+AX16+AX25+AX39+AX50+AX55+AX72+AX78+AX95+AX100+AX112+AX121+AX134+AX145+AX156+AX168+AX180+AX194+AX198+AX210+AX219+AX226+AX239+AX252+AX264+AX272+AX281+AX292+AX302+AX309+AX318+AX328+AX342+AX351+AX360+AX367+AX379+AX388 -> 79733.4 | AY9: =AY12+AY16+AY25+AY39+AY50+AY55+AY72+AY78+AY95+AY100+AY112+AY121+AY134+AY145+AY156+AY168+AY180+AY194+AY198+AY210+AY219+AY226+AY239+AY252+AY264+AY272+AY281+AY292+AY302+AY309+AY318+AY328+AY342+AY351+AY360+AY367+AY379+AY388 -> 16567.58 | AZ9: =AY9/AX9*100 -> 20.77872 | BA9: =BA12+BA16+BA25+BA39+BA50+BA55+BA72+BA78+BA95+BA100+BA112+BA121+BA134+BA145+BA156+BA168+BA180+BA194+BA198+BA210+BA219+BA226+BA239+BA252+BA264+BA272+BA281+BA292+BA302+BA309+BA318+BA328+BA342+BA351+BA360+BA367+BA379+BA388 -> 1715.7 | BB9: =BB12+BB16+BB25+BB39+BB50+BB55+BB72+BB78+BB95+BB100+BB112+BB121+BB134+BB145+BB156+BB168+BB180+BB194+BB198+BB210+BB219+BB226+BB239+BB252+BB264+BB272+BB281+BB292+BB302+BB309+BB318+BB328+BB342+BB351+BB360+BB367+BB379+BB388 -> 335.55 | BC9: =BB9/BA9*100 -> 19.557615 | BD9: =BD12+BD16+BD25+BD39+BD50+BD55+BD72+BD78+BD95+BD100+BD112+BD121+BD134+BD145+BD156+BD168+BD180+BD194+BD198+BD210+BD219+BD226+BD239+BD252+BD264+BD272+BD281+BD292+BD302+BD309+BD318+BD328+BD342+BD351+BD360+BD367+BD379+BD388 -> 179821.2 | BE9: =BE12+BE16+BE25+BE39+BE50+BE55+BE72+BE78+BE95+BE100+BE112+BE121+BE134+BE145+BE156+BE168+BE180+BE194+BE198+BE210+BE219+BE226+BE239+BE252+BE264+BE272+BE281+BE292+BE302+BE309+BE318+BE328+BE342+BE351+BE360+BE367+BE379+BE388 -> 89683.283 | BF9: =BE9/BD9*100 -> 49.873587 | BG9: =BG12+BG16+BG25+BG39+BG50+BG55+BG72+BG78+BG95+BG100+BG112+BG121+BG134+BG145+BG156+BG168+BG180+BG194+BG198+BG210+BG219+BG226+BG239+BG252+BG264+BG272+BG281+BG292+BG302+BG309+BG318+BG328+BG342+BG351+BG360+BG367+BG379+BG388 -> 0 | BH9: =BH12+BH16+BH25+BH39+BH50+BH55+BH72+BH78+BH95+BH100+BH112+BH121+BH134+BH145+BH156+BH168+BH180+BH194+BH198+BH210+BH219+BH226+BH239+BH252+BH264+BH272+BH281+BH292+BH302+BH309+BH318+BH328+BH342+BH351+BH360+BH367+BH379+BH388 -> 0 | BJ9: =BJ12+BJ16+BJ25+BJ39+BJ50+BJ55+BJ72+BJ78+BJ95+BJ100+BJ112+BJ121+BJ134+BJ145+BJ156+BJ168+BJ180+BJ194+BJ198+BJ210+BJ219+BJ226+BJ239+BJ252+BJ264+BJ272+BJ281+BJ292+BJ302+BJ309+BJ318+BJ328+BJ342+BJ351+BJ360+BJ367+BJ379+BJ388 -> 0 | BK9: =BK12+BK16+BK25+BK39+BK50+BK55+BK72+BK78+BK95+BK100+BK112+BK121+BK134+BK145+BK156+BK168+BK180+BK194+BK198+BK210+BK219+BK226+BK239+BK252+BK264+BK272+BK281+BK292+BK302+BK309+BK318+BK328+BK342+BK351+BK360+BK367+BK379+BK388 -> 0 | BM9: =BM12+BM16+BM25+BM39+BM50+BM55+BM72+BM78+BM95+BM100+BM112+BM121+BM134+BM145+BM156+BM168+BM180+BM194+BM198+BM210+BM219+BM226+BM239+BM252+BM264+BM272+BM281+BM292+BM302+BM309+BM318+BM328+BM342+BM351+BM360+BM367+BM379+BM388 -> 0 | BN9: =BN12+BN16+BN25+BN39+BN50+BN55+BN72+BN78+BN95+BN100+BN112+BN121+BN134+BN145+BN156+BN168+BN180+BN194+BN198+BN210+BN219+BN226+BN239+BN252+BN264+BN272+BN281+BN292+BN302+BN309+BN318+BN328+BN342+BN351+BN360+BN367+BN379+BN388 -> 0 | BP9: =BP12+BP16+BP25+BP39+BP50+BP55+BP72+BP78+BP95+BP100+BP112+BP121+BP134+BP145+BP156+BP168+BP180+BP194+BP198+BP210+BP219+BP226+BP239+BP252+BP264+BP272+BP281+BP292+BP302+BP309+BP318+BP328+BP342+BP351+BP360+BP367+BP379+BP388 -> 0 | BQ9: =BQ12+BQ16+BQ25+BQ39+BQ50+BQ55+BQ72+BQ78+BQ95+BQ100+BQ112+BQ121+BQ134+BQ145+BQ156+BQ168+BQ180+BQ194+BQ198+BQ210+BQ219+BQ226+BQ239+BQ252+BQ264+BQ272+BQ281+BQ292+BQ302+BQ309+BQ318+BQ328+BQ342+BQ351+BQ360+BQ367+BQ379+BQ388 -> 0 | BR9: =BR12+BR16+BR25+BR39+BR50+BR55+BR72+BR78+BR95+BR100+BR112+BR121+BR134+BR145+BR156+BR168+BR180+BR194+BR198+BR210+BR219+BR226+BR239+BR252+BR264+BR272+BR281+BR292+BR302+BR309+BR318+BR328+BR342+BR351+BR360+BR367+BR379+BR388 -> 0 | BS9: =BS12+BS16+BS25+BS39+BS50+BS55+BS72+BS78+BS95+BS100+BS112+BS121+BS134+BS145+BS156+BS168+BS180+BS194+BS198+BS210+BS219+BS226+BS239+BS252+BS264+BS272+BS281+BS292+BS302+BS309+BS318+BS328+BS342+BS351+BS360+BS367+BS379+BS388 -> 34322.2 | BT9: =BT12+BT16+BT25+BT39+BT50+BT55+BT72+BT78+BT95+BT100+BT112+BT121+BT134+BT145+BT156+BT168+BT180+BT194+BT198+BT210+BT219+BT226+BT239+BT252+BT264+BT272+BT281+BT292+BT302+BT309+BT318+BT328+BT342+BT351+BT360+BT367+BT379+BT388 -> 23752.921 | BU9: =BT9/BS9*100 -> 69.205706 | BV9: =BV12+BV16+BV25+BV39+BV50+BV55+BV72+BV78+BV95+BV100+BV112+BV121+BV134+BV145+BV156+BV168+BV180+BV194+BV198+BV210+BV219+BV226+BV239+BV252+BV264+BV272+BV281+BV292+BV302+BV309+BV318+BV328+BV342+BV351+BV360+BV367+BV379+BV388 -> 0 | BW9: =BW12+BW16+BW25+BW39+BW50+BW55+BW72+BW78+BW95+BW100+BW112+BW121+BW134+BW145+BW156+BW168+BW180+BW194+BW198+BW210+BW219+BW226+BW239+BW252+BW264+BW272+BW281+BW292+BW302+BW309+BW318+BW328+BW342+BW351+BW360+BW367+BW379+BW388 -> 0 | BY9: =BY12+BY16+BY25+BY39+BY50+BY55+BY72+BY78+BY95+BY100+BY112+BY121+BY134+BY145+BY156+BY168+BY180+BY194+BY198+BY210+BY219+BY226+BY239+BY252+BY264+BY272+BY281+BY292+BY302+BY309+BY318+BY328+BY342+BY351+BY360+BY367+BY379+BY388 -> 0 | BZ9: =BZ12+BZ16+BZ25+BZ39+BZ50+BZ55+BZ72+BZ78+BZ95+BZ100+BZ112+BZ121+BZ134+BZ145+BZ156+BZ168+BZ180+BZ194+BZ198+BZ210+BZ219+BZ226+BZ239+BZ252+BZ264+BZ272+BZ281+BZ292+BZ302+BZ309+BZ318+BZ328+BZ342+BZ351+BZ360+BZ367+BZ379+BZ388 -> 0 | CB9: =CB12+CB16+CB25+CB39+CB50+CB55+CB72+CB78+CB95+CB100+CB112+CB121+CB134+CB145+CB156+CB168+CB180+CB194+CB198+CB210+CB219+CB226+CB239+CB252+CB264+CB272+CB281+CB292+CB302+CB309+CB318+CB328+CB342+CB351+CB360+CB367+CB379+CB388 -> 85511.9 | CC9: =CC12+CC16+CC25+CC39+CC50+CC55+CC72+CC78+CC95+CC100+CC112+CC121+CC134+CC145+CC156+CC168+CC180+CC194+CC198+CC210+CC219+CC226+CC239+CC252+CC264+CC272+CC281+CC292+CC302+CC309+CC318+CC328+CC342+CC351+CC360+CC367+CC379+CC388 -> 43257.987 | CD9: =CC9/CB9*100 -> 50.587096 | CE9: =CE12+CE16+CE25+CE39+CE50+CE55+CE72+CE78+CE95+CE100+CE112+CE121+CE134+CE145+CE156+CE168+CE180+CE194+CE198+CE210+CE219+CE226+CE239+CE252+CE264+CE272+CE281+CE292+CE302+CE309+CE318+CE328+CE342+CE351+CE360+CE367+CE379+CE388 -> 8369.3 | CF9: =CF12+CF16+CF25+CF39+CF50+CF55+CF72+CF78+CF95+CF100+CF112+CF121+CF134+CF145+CF156+CF168+CF180+CF194+CF198+CF210+CF219+CF226+CF239+CF252+CF264+CF272+CF281+CF292+CF302+CF309+CF318+CF328+CF342+CF351+CF360+CF367+CF379+CF388 -> 0 | CG9: =CG12+CG16+CG25+CG39+CG50+CG55+CG72+CG78+CG95+CG100+CG112+CG121+CG134+CG145+CG156+CG168+CG180+CG194+CG198+CG210+CG219+CG226+CG239+CG252+CG264+CG272+CG281+CG292+CG302+CG309+CG318+CG328+CG342+CG351+CG360+CG367+CG379+CG388 -> 0 | CH9: =CH12+CH16+CH25+CH39+CH50+CH55+CH72+CH78+CH95+CH100+CH112+CH121+CH134+CH145+CH156+CH168+CH180+CH194+CH198+CH210+CH219+CH226+CH239+CH252+CH264+CH272+CH281+CH292+CH302+CH309+CH318+CH328+CH342+CH351+CH360+CH367+CH379+CH388 -> 204901.1 | CI9: =CI12+CI16+CI25+CI39+CI50+CI55+CI72+CI78+CI95+CI100+CI112+CI121+CI134+CI145+CI156+CI168+CI180+CI194+CI198+CI210+CI219+CI226+CI239+CI252+CI264+CI272+CI281+CI292+CI302+CI309+CI318+CI328+CI342+CI351+CI360+CI367+CI379+CI388 -> 121916.16 | CJ9: =CI9/CH9*100 -> 59.500004 | CK9: =CK12+CK16+CK25+CK39+CK50+CK55+CK72+CK78+CK95+CK100+CK112+CK121+CK134+CK145+CK156+CK168+CK180+CK194+CK198+CK210+CK219+CK226+CK239+CK252+CK264+CK272+CK281+CK292+CK302+CK309+CK318+CK328+CK342+CK351+CK360+CK367+CK379+CK388 -> 6197.6 | CL9: =CL12+CL16+CL25+CL39+CL50+CL55+CL72+CL78+CL95+CL100+CL112+CL121+CL134+CL145+CL156+CL168+CL180+CL194+CL198+CL210+CL219+CL226+CL239+CL252+CL264+CL272+CL281+CL292+CL302+CL309+CL318+CL328+CL342+CL351+CL360+CL367+CL379+CL388 -> 6197.6 | CM9: =CL9/CK9*100 -> 100 | CN9: =CN12+CN16+CN25+CN39+CN50+CN55+CN72+CN78+CN95+CN100+CN112+CN121+CN134+CN145+CN156+CN168+CN180+CN194+CN198+CN210+CN219+CN226+CN239+CN252+CN264+CN272+CN281+CN292+CN302+CN309+CN318+CN328+CN342+CN351+CN360+CN367+CN379+CN388 -> 16618.3 | CO9: =CO12+CO16+CO25+CO39+CO50+CO55+CO72+CO78+CO95+CO100+CO112+CO121+CO134+CO145+CO156+CO168+CO180+CO194+CO198+CO210+CO219+CO226+CO239+CO252+CO264+CO272+CO281+CO292+CO302+CO309+CO318+CO328+CO342+CO351+CO360+CO367+CO379+CO388 -> 6794.6203 | CP9: =CO9/CN9*100 -> 40.886374 | CQ9: =CQ12+CQ16+CQ25+CQ39+CQ50+CQ55+CQ72+CQ78+CQ95+CQ100+CQ112+CQ121+CQ134+CQ145+CQ156+CQ168+CQ180+CQ194+CQ198+CQ210+CQ219+CQ226+CQ239+CQ252+CQ264+CQ272+CQ281+CQ292+CQ302+CQ309+CQ318+CQ328+CQ342+CQ351+CQ360+CQ367+CQ379+CQ388 -> 583310.1 | CR9: =CR12+CR16+CR25+CR39+CR50+CR55+CR72+CR78+CR95+CR100+CR112+CR121+CR134+CR145+CR156+CR168+CR180+CR194+CR198+CR210+CR219+CR226+CR239+CR252+CR264+CR272+CR281+CR292+CR302+CR309+CR318+CR328+CR342+CR351+CR360+CR367+CR379+CR388 -> 297656.47 | CS9: =CR9/CQ9*100 -> 51.028857 | CT9: =CT12+CT16+CT25+CT39+CT50+CT55+CT72+CT78+CT95+CT100+CT112+CT121+CT134+CT145+CT156+CT168+CT180+CT194+CT198+CT210+CT219+CT226+CT239+CT252+CT264+CT272+CT281+CT292+CT302+CT309+CT318+CT328+CT342+CT351+CT360+CT367+CT379+CT388 -> 0 | CU9: =CU12+CU16+CU25+CU39+CU50+CU55+CU72+CU78+CU95+CU100+CU112+CU121+CU134+CU145+CU156+CU168+CU180+CU194+CU198+CU210+CU219+CU226+CU239+CU252+CU264+CU272+CU281+CU292+CU302+CU309+CU318+CU328+CU342+CU351+CU360+CU367+CU379+CU388 -> 0 | CW9: =CW12+CW16+CW25+CW39+CW50+CW55+CW72+CW78+CW95+CW100+CW112+CW121+CW134+CW145+CW156+CW168+CW180+CW194+CW198+CW210+CW219+CW226+CW239+CW252+CW264+CW272+CW281+CW292+CW302+CW309+CW318+CW328+CW342+CW351+CW360+CW367+CW379+CW388 -> 0 | CX9: =CX12+CX16+CX25+CX39+CX50+CX55+CX72+CX78+CX95+CX100+CX112+CX121+CX134+CX145+CX156+CX168+CX180+CX194+CX198+CX210+CX219+CX226+CX239+CX252+CX264+CX272+CX281+CX292+CX302+CX309+CX318+CX328+CX342+CX351+CX360+CX367+CX379+CX388 -> 0 | CY9: =CY12+CY16+CY25+CY39+CY50+CY55+CY72+CY78+CY95+CY100+CY112+CY121+CY134+CY145+CY156+CY168+CY180+CY194+CY198+CY210+CY219+CY226+CY239+CY252+CY264+CY272+CY281+CY292+CY302+CY309+CY318+CY328+CY342+CY351+CY360+CY367+CY379+CY388 -> 0 | CZ9: =CZ12+CZ16+CZ25+CZ39+CZ50+CZ55+CZ72+CZ78+CZ95+CZ100+CZ112+CZ121+CZ134+CZ145+CZ156+CZ168+CZ180+CZ194+CZ198+CZ210+CZ219+CZ226+CZ239+CZ252+CZ264+CZ272+CZ281+CZ292+CZ302+CZ309+CZ318+CZ328+CZ342+CZ351+CZ360+CZ367+CZ379+CZ388 -> 36685.4 | DA9: =DA12+DA16+DA25+DA39+DA50+DA55+DA72+DA78+DA95+DA100+DA112+DA121+DA134+DA145+DA156+DA168+DA180+DA194+DA198+DA210+DA219+DA226+DA239+DA252+DA264+DA272+DA281+DA292+DA302+DA309+DA318+DA328+DA342+DA351+DA360+DA367+DA379+DA388 -> 7386.7299 | DB9: =DA9/CZ9*100 -> 20.13534 | DC9: =DC12+DC16+DC25+DC39+DC50+DC55+DC72+DC78+DC95+DC100+DC112+DC121+DC134+DC145+DC156+DC168+DC180+DC194+DC198+DC210+DC219+DC226+DC239+DC252+DC264+DC272+DC281+DC292+DC302+DC309+DC318+DC328+DC342+DC351+DC360+DC367+DC379+DC388 -> 0 | DD9: =DD12+DD16+DD25+DD39+DD50+DD55+DD72+DD78+DD95+DD100+DD112+DD121+DD134+DD145+DD156+DD168+DD180+DD194+DD198+DD210+DD219+DD226+DD239+DD252+DD264+DD272+DD281+DD292+DD302+DD309+DD318+DD328+DD342+DD351+DD360+DD367+DD379+DD388 -> 0 | DF9: =DF12+DF16+DF25+DF39+DF50+DF55+DF72+DF78+DF95+DF100+DF112+DF121+DF134+DF145+DF156+DF168+DF180+DF194+DF198+DF210+DF219+DF226+DF239+DF252+DF264+DF272+DF281+DF292+DF302+DF309+DF318+DF328+DF342+DF351+DF360+DF367+DF379+DF388 -> 42920.1 | DG9: =DG12+DG16+DG25+DG39+DG50+DG55+DG72+DG78+DG95+DG100+DG112+DG121+DG134+DG145+DG156+DG168+DG180+DG194+DG198+DG210+DG219+DG226+DG239+DG252+DG264+DG272+DG281+DG292+DG302+DG309+DG318+DG328+DG342+DG351+DG360+DG367+DG379+DG388 -> 1650.1421 | DH9: =DG9/DF9*100 -> 3.8446838 | DI9: =DI12+DI16+DI25+DI39+DI50+DI55+DI72+DI78+DI95+DI100+DI112+DI121+DI134+DI145+DI156+DI168+DI180+DI194+DI198+DI210+DI219+DI226+DI239+DI252+DI264+DI272+DI281+DI292+DI302+DI309+DI318+DI328+DI342+DI351+DI360+DI367+DI379+DI388 -> 106674 | DJ9: =DJ12+DJ16+DJ25+DJ39+DJ50+DJ55+DJ72+DJ78+DJ95+DJ100+DJ112+DJ121+DJ134+DJ145+DJ156+DJ168+DJ180+DJ194+DJ198+DJ210+DJ219+DJ226+DJ239+DJ252+DJ264+DJ272+DJ281+DJ292+DJ302+DJ309+DJ318+DJ328+DJ342+DJ351+DJ360+DJ367+DJ379+DJ388 -> 69872.712 | DK9: =DJ9/DI9*100 -> 65.501164 | DL9: =DL12+DL16+DL25+DL39+DL50+DL55+DL72+DL78+DL95+DL100+DL112+DL121+DL134+DL145+DL156+DL168+DL180+DL194+DL198+DL210+DL219+DL226+DL239+DL252+DL264+DL272+DL281+DL292+DL302+DL309+DL318+DL328+DL342+DL351+DL360+DL367+DL379+DL388 -> 381434.7 | DM9: =DM12+DM16+DM25+DM39+DM50+DM55+DM72+DM78+DM95+DM100+DM112+DM121+DM134+DM145+DM156+DM168+DM180+DM194+DM198+DM210+DM219+DM226+DM239+DM252+DM264+DM272+DM281+DM292+DM302+DM309+DM318+DM328+DM342+DM351+DM360+DM367+DM379+DM388 -> 0 | DN9: =DM9/DL9*100 -> 0 | DO9: =DO12+DO16+DO25+DO39+DO50+DO55+DO72+DO78+DO95+DO100+DO112+DO121+DO134+DO145+DO156+DO168+DO180+DO194+DO198+DO210+DO219+DO226+DO239+DO252+DO264+DO272+DO281+DO292+DO302+DO309+DO318+DO328+DO342+DO351+DO360+DO367+DO379+DO388 -> 108988.2 | DP9: =DP12+DP16+DP25+DP39+DP50+DP55+DP72+DP78+DP95+DP100+DP112+DP121+DP134+DP145+DP156+DP168+DP180+DP194+DP198+DP210+DP219+DP226+DP239+DP252+DP264+DP272+DP281+DP292+DP302+DP309+DP318+DP328+DP342+DP351+DP360+DP367+DP379+DP388 -> 0 | DQ9: =DP9/DO9*100 -> 0 | DR9: =DR12+DR16+DR25+DR39+DR50+DR55+DR72+DR78+DR95+DR100+DR112+DR121+DR134+DR145+DR156+DR168+DR180+DR194+DR198+DR210+DR219+DR226+DR239+DR252+DR264+DR272+DR281+DR292+DR302+DR309+DR318+DR328+DR342+DR351+DR360+DR367+DR379+DR388 -> 0 | DS9: =DS12+DS16+DS25+DS39+DS50+DS55+DS72+DS78+DS95+DS100+DS112+DS121+DS134+DS145+DS156+DS168+DS180+DS194+DS198+DS210+DS219+DS226+DS239+DS252+DS264+DS272+DS281+DS292+DS302+DS309+DS318+DS328+DS342+DS351+DS360+DS367+DS379+DS388 -> 0 | DU9: =DU12+DU16+DU25+DU39+DU50+DU55+DU72+DU78+DU95+DU100+DU112+DU121+DU134+DU145+DU156+DU168+DU180+DU194+DU198+DU210+DU219+DU226+DU239+DU252+DU264+DU272+DU281+DU292+DU302+DU309+DU318+DU328+DU342+DU351+DU360+DU367+DU379+DU388 -> 0 | DV9: =DV12+DV16+DV25+DV39+DV50+DV55+DV72+DV78+DV95+DV100+DV112+DV121+DV134+DV145+DV156+DV168+DV180+DV194+DV198+DV210+DV219+DV226+DV239+DV252+DV264+DV272+DV281+DV292+DV302+DV309+DV318+DV328+DV342+DV351+DV360+DV367+DV379+DV388 -> 0 | DX9: =DX12+DX16+DX25+DX39+DX50+DX55+DX72+DX78+DX95+DX100+DX112+DX121+DX134+DX145+DX156+DX168+DX180+DX194+DX198+DX210+DX219+DX226+DX239+DX252+DX264+DX272+DX281+DX292+DX302+DX309+DX318+DX328+DX342+DX351+DX360+DX367+DX379+DX388 -> 108765.92 | DY9: =DY12+DY16+DY25+DY39+DY50+DY55+DY72+DY78+DY95+DY100+DY112+DY121+DY134+DY145+DY156+DY168+DY180+DY194+DY198+DY210+DY219+DY226+DY239+DY252+DY264+DY272+DY281+DY292+DY302+DY309+DY318+DY328+DY342+DY351+DY360+DY367+DY379+DY388 -> 0
